Workbook
Name BaseTablesList: AnnGenHiddenLists!$A$4:$A$160
Name DATE_MODIFIED: 'Version Control'!$C$17
Name FACTOR_LIST_AGE_DEF: 'Factor List'!$G$7
Name FACTOR_LIST_CLIENT: 'Factor List'!$B$7
Name FACTOR_LIST_DATE_IMPLEMENTED: '[1]Factor List'!#REF!
Name FACTOR_LIST_DATE_IMPLEMENTED: '[1]Factor List'!#REF!
Name FACTOR_LIST_DATE_IMPLEMENTED: '[1]Factor List'!#REF!
Name FACTOR_LIST_DATE_IMPLEMENTED: '[1]Factor List'!#REF!
Name FACTOR_LIST_DATE_IMPLEMENTED: '[1]Factor List'!#REF!
Name FACTOR_LIST_DATE_IMPLEMENTED: '[1]Factor List'!#REF!
Name FACTOR_LIST_DATE_IMPLEMENTED: '[1]Factor List'!#REF!
Name FACTOR_LIST_DATE_IMPLEMENTED: '[1]Factor List'!#REF!
Name FACTOR_LIST_DATE_IMPLEMENTED: '[1]Factor List'!#REF!
Name FACTOR_LIST_DATE_IMPLEMENTED: '[1]Factor List'!#REF!
Name FACTOR_LIST_DATE_IMPLEMENTED: '[1]Factor List'!#REF!
Name FACTOR_LIST_DATE_IMPLEMENTED: '[1]Factor List'!#REF!
Name FACTOR_LIST_DATE_IMPLEMENTED: '[1]Factor List'!#REF!
Name FACTOR_LIST_DATE_IMPLEMENTED: '[1]Factor List'!#REF!
Name FACTOR_LIST_DATE_IMPLEMENTED: '[1]Factor List'!#REF!
Name FACTOR_LIST_DATE_IMPLEMENTED: '[1]Factor List'!#REF!
Name FACTOR_LIST_DATE_IMPLEMENTED: '[1]Factor List'!#REF!
Name FACTOR_LIST_DATE_IMPLEMENTED: '[1]Factor List'!#REF!
Name FACTOR_LIST_DATE_IMPLEMENTED: '[1]Factor List'!#REF!
Name FACTOR_LIST_DATE_IMPLEMENTED: '[1]Factor List'!#REF!
Name FACTOR_LIST_DATE_IMPLEMENTED: '[1]Factor List'!#REF!
Name FACTOR_LIST_DATE_IMPLEMENTED: '[1]Factor List'!#REF!
Name FACTOR_LIST_DATE_IMPLEMENTED: '[1]Factor List'!#REF!
Name FACTOR_LIST_DATE_IMPLEMENTED: '[1]Factor List'!#REF!
Name FACTOR_LIST_DATE_IMPLEMENTED: '[1]Factor List'!#REF!
Name FACTOR_LIST_DATE_IMPLEMENTED: '[1]Factor List'!#REF!
Name FACTOR_LIST_DATE_IMPLEMENTED: '[1]Factor List'!#REF!
Name FACTOR_LIST_DATE_IMPLEMENTED: '[1]Factor List'!#REF!
Name FACTOR_LIST_DATE_IMPLEMENTED: '[1]Factor List'!#REF!
Name FACTOR_LIST_DATE_IMPLEMENTED: '[1]Factor List'!#REF!
Name FACTOR_LIST_DATE_IMPLEMENTED: '[1]Factor List'!#REF!
Name FACTOR_LIST_DATE_IMPLEMENTED: '[1]Factor List'!#REF!
Name FACTOR_LIST_DATE_IMPLEMENTED: '[1]Factor List'!#REF!
Name FACTOR_LIST_DATE_IMPLEMENTED: '[1]Factor List'!#REF!
Name FACTOR_LIST_DATE_IMPLEMENTED: '[1]Factor List'!#REF!
Name FACTOR_LIST_DATE_IMPLEMENTED: '[1]Factor List'!#REF!
Name FACTOR_LIST_DATE_IMPLEMENTED: '[1]Factor List'!#REF!
Name FACTOR_LIST_DATE_IMPLEMENTED: '[1]Factor List'!#REF!
Name FACTOR_LIST_DATE_IMPLEMENTED: '[1]Factor List'!#REF!
Name FACTOR_LIST_DATE_IMPLEMENTED: '[1]Factor List'!#REF!
Name FACTOR_LIST_DATE_IMPLEMENTED: '[1]Factor List'!#REF!
Name FACTOR_LIST_DATE_IMPLEMENTED: '[1]Factor List'!#REF!
Name FACTOR_LIST_DATE_IMPLEMENTED: '[1]Factor List'!#REF!
Name FACTOR_LIST_DATE_IMPLEMENTED: 'Factor List'!$N$7
Name FACTOR_LIST_DATE_ISSUED: 'Factor List'!$M$7
Name FACTOR_LIST_DESCRIPTION: 'Factor List'!$E$7
Name FACTOR_LIST_FACTOR_STATUS: '[1]Factor List'!#REF!
Name FACTOR_LIST_FACTOR_STATUS: '[1]Factor List'!#REF!
Name FACTOR_LIST_FACTOR_STATUS: '[1]Factor List'!#REF!
Name FACTOR_LIST_FACTOR_STATUS: '[1]Factor List'!#REF!
Name FACTOR_LIST_FACTOR_STATUS: '[1]Factor List'!#REF!
Name FACTOR_LIST_FACTOR_STATUS: '[1]Factor List'!#REF!
Name FACTOR_LIST_FACTOR_STATUS: '[1]Factor List'!#REF!
Name FACTOR_LIST_FACTOR_STATUS: '[1]Factor List'!#REF!
Name FACTOR_LIST_FACTOR_STATUS: '[1]Factor List'!#REF!
Name FACTOR_LIST_FACTOR_STATUS: '[1]Factor List'!#REF!

Sheet Cover
A1: Government Actuary's Department
A2: Police_EW - Consolidated Factor Spreadsheet
A3: Cover
A4: =CELL("filename",A1) -> P:\AST development\Hosted\Factors Modernisation\Data import\Consolidated Factor Workbooks\[Police EW Consolidated Factors 2023-04.xlsm]Cover
A7: Specification | B7: This spreadsheet contains the full suite of factors that are in force for the Police_EW.
A11: Sheet | B11: Description
A12: Purpose of spreadsheet | B12: This sheet sets out the purpose of the spreadsheet and includes caveats on the use of the spreadsheet.
A13: Version Control | B13: This sheet is used to show which factor tables have been updated since the last issued version of the consolidated factor spreadsheet.
A14: Factor List | B14: This sheet lists the full suite of factors that are in force together with the following information:
A15: x-201 and onwards | B15: The 200 series factors contain the club and non club transfer factors. Each different type of club and non club transfer factor is set out on a separate sheet starting with sheet x-201, where x relates to the scheme section (if applicable).
A16: x-301 and onwards | B16: The 300 series factors contain the pension sharing on divorce factors. Each different type of pension sharing on divorce factor is set out on a separate sheet starting with sheet x-301, where x relates to the scheme section (if applicable).
A17: x-401 and onwards | B17: The 400 series factors contain the early of late retirement factors. Each different type of early or late retirement factor is set out on a separate sheet starting with sheet x-401, where x relates to the scheme section (if applicable).
A18: x-501 and onwards | B18: The 500 series factors contain the commutation factors. Each different type of commutation factor is set out on a separate sheet starting with sheet x-501, where x relates to the scheme section (if applicable).
A19: x-601 and onwards | B19: The 600 series factors contain the scheme pays factors. Each different type of scheme pays factor is set out on a separate sheet starting with sheet x-601, where x relates to the scheme section (if applicable).
A20: x-701 and onwards | B20: The 700 series factors contain the additional benefit or additional contribution factors. Each different type of additional benefit or additional contribution factor is set out on a separate sheet starting with sheet x-701, where x relates to the scheme section (if applicable).
A21: x-801 and onwards | B21: The 800 series factors contain the other scheme specific factors. Each different type of other scheme specific factor is set out on a separate sheet starting with sheet x-801, where x relates to the scheme section (if applicable).

Sheet Purpose of spreadsheet
A1: Government Actuary's Department
A2: =IF(title="> Enter workbook title here","Enter workbook title in Cover sheet",title) -> Police_EW - Consolidated Factor Spreadsheet
A3: Purpose of Spreadsheet
A4: =CELL("filename",A1) -> P:\AST development\Hosted\Factors Modernisation\Data import\Consolidated Factor Workbooks\[Police EW Consolidated Factors 2023-04.xlsm]Purpose of spreadsheet
A7: Purpose of the Home Office ("HO") Consolidated Factor Spreadsheet
A9: This spreadsheet is provided by GAD at the request of HO. Its purpose is to set out in one place for convenience the actuarial factors provided by GAD to HO from time to time in respect of Police Pension Scheme (England & Wales) and related schemes, and the dates on which these factors have been sent to the client and implemented by the client. It should not be used or relied on for any other purpose and GAD has no liability for any act or omission taken on the basis of this spreadsheet. In particular, it does not constitute an instruction or manual for plan administration purposes, and it does not cover the implementation or backdating of factors other than to specify the factor implementation date (if provided by Home Office ("HO"))]. GAD has no liability for any changes made to this spreadsheet whilst being used by Home Office ("HO") or any other third party. This spreadsheet should not be made available online without the express permission of GAD. This spreadsheet is password protected.

Sheet Version Control
A1: Government Actuary's Department
A2: =IF(title="> Enter workbook title here","Enter workbook title in Cover sheet",title) -> Police_EW - Consolidated Factor Spreadsheet
A3: Version Control
A6: Version control
A8: This sheet is intended to assist Home Office (HO) in understanding which factors have changed and when.
A9: Version control on this sheet commences with the 2017/18 factor review (version 2018-1)
A11: Version [Year]- [version number starting at 1] ([Month & Year]) | C11: Example
A12: Provides the following new factor tables: | C12: 401, 501,
A13: Provides the following revised factors: | C13: 101, 106, 107
A14: Confirms that the following factor table is no longer required by [Client]: | C14: 201
A15: Factors still to follow: | C15: 104-108, 205-210
A16: Methodology changes: | C16: None except GMP percentages changed in tables 101-106, 201-206, 301-302, 304
A17: Date modified: | C17: 43410.707
A19: Version 2023-01
A20: Provides the following new factor tables:
A21: Provides the following updated factor tables: | C21: x-201 to x-221 (excluding 201C, 202C, 205C and 206C), x-229, x-301 to x-336, x-505 to x-507
A22: Withdrawn factors | C22: x230 and x-231 removed (GMP factors)
A23: Methodology changes:
A24: Date Modified: | C24: 45070
A26: Version 2023-02
A27: Provides the following new factor tables:
A28: Provides the following updated factor tables: | C28: x-226 to x-228 x-401 to x-407
A29: Withdrawn factor tables | C29: x-222 to x-225 removed (TV-ins (final salary sections only))
A30: Methodology changes:
A31: Date Modified: | C31: 45106
A34: Version 2023-03
A35: Provides the following new factor tables:
A36: Provides the following updated factor tables: | C36: x-501 to x-504 x-601 to x-626 x-801 to x-802
A37: Withdrawn factor tables
A38: Methodology changes:
A39: Date Modified: | C39: 45135
A42: Version 2023-04
A43: Provides the following new factor tables:
A44: Provides the following updated factor tables: | C44: x-701 to x-702 x-703 201C, 202C (Updated copy of 2023 Club factor tables) 205C, 206C (Club factors for active members entitled to immediate benefits)
A45: Withdrawn factor tables
A46: Methodology changes:
A47: Date Modified: | C47: 45196

Sheet Summary - Police_EW
A1: Government Actuary's Department
A2: =IF(title="> Enter workbook title here","Enter workbook title in Cover sheet",title) -> Police_EW - Consolidated Factor Spreadsheet
A3: Summary of Factors
A4: =CELL("filename",A1) -> P:\AST development\Hosted\Factors Modernisation\Data import\Consolidated Factor Workbooks\[Police EW Consolidated Factors 2023-04.xlsm]Summary - Police_EW
E7: x=0 | F7: x=1 | G7: x=2
B8: Police_EW | E8: 2015 | F8: 2006 | G8: 1987
B10: 100 Series - Club Transfer
B11: x- | C11: 101
B12: x- | C12: 102
B13: x- | C13: 103
B14: x- | C14: 104
B15: x- | C15: 105
B16: x- | C16: 106
B17: x- | C17: 107
B18: x- | C18: 108
B19: x- | C19: 109
B20: x- | C20: 110
B21: x- | C21: 111
B22: x- | C22: 112
... B35: x- | C35: 125
B37: 200 Series - Non Club Transfers
B38: x- | C38: 201
B39: x- | C39: 202
B40: x- | C40: 203
B41: x- | C41: 204
B42: x- | C42: 205
B43: x- | C43: 206
B44: x- | C44: 207
B45: x- | C45: 208
B46: x- | C46: 209
B47: x- | C47: 210
B48: x- | C48: 211
B49: x- | C49: 212
... B62: x- | C62: 225
B64: 300 Series - Pension Sharing on divorce
B65: x- | C65: 301
B66: x- | C66: 302
B67: x- | C67: 303
B68: x- | C68: 304
B69: x- | C69: 305
B70: x- | C70: 306
B71: x- | C71: 307
B72: x- | C72: 308
B73: x- | C73: 309
B74: x- | C74: 310
B75: x- | C75: 311
B76: x- | C76: 312
... B89: x- | C89: 325
B91: 400 Series - Early or Late Retirement
B92: x- | C92: 401
B93: x- | C93: 402
B94: x- | C94: 403
B95: x- | C95: 404
B96: x- | C96: 405
B97: x- | C97: 406
B98: x- | C98: 407
B99: x- | C99: 408
B100: x- | C100: 409
B101: x- | C101: 410
B102: x- | C102: 411
B103: x- | C103: 412
... B116: x- | C116: 425
B118: 500 Series - Commutation
B119: x- | C119: 501
B120: x- | C120: 502
B121: x- | C121: 503
B122: x- | C122: 504
B123: x- | C123: 505
B124: x- | C124: 506
B125: x- | C125: 507
B126: x- | C126: 508
B127: x- | C127: 509
B128: x- | C128: 510
B129: x- | C129: 511
B130: x- | C130: 512
... B143: x- | C143: 525
B145: 600 Series - Scheme Pays
B146: x- | C146: 601
B147: x- | C147: 602
B148: x- | C148: 603
B149: x- | C149: 604
B150: x- | C150: 605
B151: x- | C151: 606
B152: x- | C152: 607
B153: x- | C153: 608
B154: x- | C154: 609
B155: x- | C155: 610
B156: x- | C156: 611
B157: x- | C157: 612
... B170: x- | C170: 625
B172: 700 Series - Additional Benefits or Additional Contributions
B173: x- | C173: 701
B174: x- | C174: 702
B175: x- | C175: 703
B176: x- | C176: 704
B177: x- | C177: 705
B178: x- | C178: 706
B179: x- | C179: 707
B180: x- | C180: 708
B181: x- | C181: 709
...

Sheet AnnGenHiddenLists
A1: DO NOT REMOVE WORKSHEET
A3: BaseTablesList | C3: ImprovementsList
A4: PCFA00 | C4: CMI2016F-07-1pt5
A5: PCMA00 | C5: CMI2016M-07-1pt5
A6: PFA80 | C6: Long Cohort
A7: PFA92 | C7: Medium Cohort
A8: PFA92 - 08 | C8: PFA80imp
A9: PFA92-10 | C9: PFA92
A10: PMA80 | C10: PMA80imp
A11: PMA92 | C11: PMA92
A12: PMA92 - 08 | C12: Short Cohort
A13: PMA92-10 | C13: SMPI-2018imp
A14: PNFA00 | C14: UKF2004imp
... A36: S1IFA-08 | C36: None
A37: S1IFA-10
A38: S1IFA-12
A39: S1IFA-14
A40: S1IFA-16
A41: S1IFA-STSS-16
A42: S1IFA-TPS-16
A43: S1IMA
A44: S1IMA-06
A45: S1IMA-08
A46: S1IMA-10
A47: S1IMA-12
A48: S1IMA-14
... A160: UKM2012

Sheet Factor List
A1: Government Actuary's Department
A2: =IF(title="> Enter workbook title here","Enter workbook title in Cover sheet",title) -> Police_EW - Consolidated Factor Spreadsheet
A3: Factor List
A7: Link to Tables | B7: Scheme | C7: Section | D7: Factor Type | E7: Description | F7: Gender | G7: Factor Age/Period Definition | H7: Section Number (x) | I7: Series Number | J7: Table Reference (Section-Series Number) | K7: Table Reference in Guidance | L7: Associated Guidance Note | M7: Date Factors Issued to Client | N7: Date Factors Implemented (if known) | O7: Factor Status | P7: Table ID | Q7: Source | R7: UserID | S7: Time Stamp
A8: Click to go to the relevant factors | D8: Filter by factor type
A9: =HYPERLINK("#'"&I9 & "'!A1",I9) -> NA1 (201) | B9: Police_EW | C9: 1987 | D9: CETV | E9: Non club transfer value factors for deferred benefits payable from 60 | F9: Male | G9: Age last birthday at relevant date | H9: 2 | I9: NA1 (201) | J9: 2-201 | K9: Table NA1 | L9: Police pension schemes (England & Wales): 1987 Scheme; Transfer values and pension sharing on divorce; Factors and guidance, dated 10 December 2020 | M9: 45070 | O9: Issued | P9: POLICE_EW_2-201 | Q9: \\GAD-AST\AST\Factors\2022\2022 Factor Review\Pol EW\Step 4 Mortality Change\POL EW CETV bespoke outputs - A + B - C v0.02 v5 SCAPE 1.7% v0.02_GMP2.3 NI_Mods S3_Tables.xlsm | R9: Scott.WaygoodMA | S9: 44977.468
A10: =HYPERLINK("#'"&I10 & "'!A1",I10) -> A1 (201C) | C10: 1987 | D10: CETV | E10: Club transfer value factors for deferred benefits payable from 60 | F10: Male | G10: Age last birthday at relevant date | H10: 2 | I10: A1 (201C) | J10: 201C | K10: Table A1 | L10: Police pension schemes (England & Wales): 1987 Scheme; Transfer values and pension sharing on divorce; Factors and guidance, dated 10 December 2020 | M10: 45169 | N10: 45200 | O10: Issued
A11: =HYPERLINK("#'"&I11 & "'!A1",I11) -> NA2 (202) | B11: Police_EW | C11: 1987 | D11: CETV | E11: Non club transfer value factors for deferred benefits payable from 60 | F11: Female | G11: Age last birthday at relevant date | H11: 2 | I11: NA2 (202) | J11: 2-202 | K11: Table NA2 | L11: Police pension schemes (England & Wales): 1987 Scheme; Transfer values and pension sharing on divorce; Factors and guidance, dated 10 December 2020 | M11: 45070 | O11: Issued | P11: POLICE_EW_2-202 | Q11: \\GAD-AST\AST\Factors\2022\2022 Factor Review\Pol EW\Step 4 Mortality Change\POL EW CETV bespoke outputs - A + B - C v0.02 v5 SCAPE 1.7% v0.02_GMP2.3 NI_Mods S3_Tables.xlsm | R11: Scott.WaygoodMA | S11: 44977.468
A12: =HYPERLINK("#'"&I12 & "'!A1",I12) -> A2 (202C) | C12: 1987 | D12: CETV | E12: Club transfer value factors for deferred benefits payable from 60 | F12: Female | G12: Age last birthday at relevant date | H12: 2 | I12: A2 (202C) | J12: 202C | K12: Table A2 | L12: Police pension schemes (England & Wales): 1987 Scheme; Transfer values and pension sharing on divorce; Factors and guidance, dated 10 December 2020 | M12: 45169 | N12: 45200 | O12: Issued
A13: =HYPERLINK("#'"&I13 & "'!A1",I13) -> D1 (203) | B13: Police_EW | C13: 1987 | D13: CETV | E13: CETV factors for deferred benefits payable from 50 | F13: Male | G13: Age last birthday at relevant date | H13: 2 | I13: D1 (203) | J13: 2-203 | K13: Table D1 | L13: Police pension schemes (England & Wales): 1987 Scheme; Transfer values and pension sharing on divorce; Factors and guidance, dated 10 December 2020 | M13: 45070 | O13: Issued | P13: POLICE_EW_2-203 | Q13: \\GAD-AST\AST\Factors\2022\2022 Factor Review\Pol EW\Step 4 Mortality Change\POL EW CETV bespoke outputs - A + B - C v0.02 v5 SCAPE 1.7% v0.02_GMP2.3 NI_Mods S3_Tables.xlsm | R13: Scott.WaygoodMA | S13: 44977.468
A14: =HYPERLINK("#'"&I14 & "'!A1",I14) -> D2 (204) | B14: Police_EW | C14: 1987 | D14: CETV | E14: CETV factors for deferred benefits payable from 50 | F14: Female | G14: Age last birthday at relevant date | H14: 2 | I14: D2 (204) | J14: 2-204 | K14: Table D2 | L14: Police pension schemes (England & Wales): 1987 Scheme; Transfer values and pension sharing on divorce; Factors and guidance, dated 10 December 2020 | M14: 45070 | O14: Issued | P14: POLICE_EW_2-204 | Q14: \\GAD-AST\AST\Factors\2022\2022 Factor Review\Pol EW\Step 4 Mortality Change\POL EW CETV bespoke outputs - A + B - C v0.02 v5 SCAPE 1.7% v0.02_GMP2.3 NI_Mods S3_Tables.xlsm | R14: Scott.WaygoodMA | S14: 44977.468
A15: =HYPERLINK("#'"&I15 & "'!A1",I15) -> NF1 (205) | B15: Police_EW | C15: 1987 | D15: CETV | E15: Non club transfer value factors for active members entitled to immediate benefits | F15: Male | G15: Age last birthday at relevant date | H15: 2 | I15: NF1 (205) | J15: 2-205 | K15: Table NF1 | L15: Police pension schemes (England & Wales): 1987 Scheme; Transfer values and pension sharing on divorce; Factors and guidance, dated 10 December 2020 | M15: 45070 | O15: Issued | P15: POLICE_EW_2-205 | Q15: \\GAD-AST\AST\Factors\2022\2022 Factor Review\Pol EW\Step 4 Mortality Change\POL EW CETV bespoke outputs - A + B - C v0.02 v5 SCAPE 1.7% v0.02_GMP2.3 NI_Mods S3_Tables.xlsm | R15: Scott.WaygoodMA | S15: 44977.468
A16: =HYPERLINK("#'"&I16 & "'!A1",I16) -> F1 (205C) | C16: 1987 | D16: CETV | E16: Club transfer value factors for active members entitled to immediate benefits | F16: Male | G16: Age last birthday at relevant date | H16: 2 | I16: F1 (205C) | J16: 205C | K16: Table F1 | L16: Police pension schemes (England & Wales): 1987 Scheme; Transfer values and pension sharing on divorce; Factors and guidance, dated 10 December 2020 | M16: 45196 | N16: 45200 | O16: Issued
A17: =HYPERLINK("#'"&I17 & "'!A1",I17) -> NF2 (206) | B17: Police_EW | C17: 1987 | D17: CETV | E17: Non club transfer value factors for active members entitled to immediate benefits | F17: Female | G17: Age last birthday at relevant date | H17: 2 | I17: NF2 (206) | J17: 2-206 | K17: Table NF2 | L17: Police pension schemes (England & Wales): 1987 Scheme; Transfer values and pension sharing on divorce; Factors and guidance, dated 10 December 2020 | M17: 45070 | O17: Issued | P17: POLICE_EW_2-206 | Q17: \\GAD-AST\AST\Factors\2022\2022 Factor Review\Pol EW\Step 4 Mortality Change\POL EW CETV bespoke outputs - A + B - C v0.02 v5 SCAPE 1.7% v0.02_GMP2.3 NI_Mods S3_Tables.xlsm | R17: Scott.WaygoodMA | S17: 44977.468
A18: =HYPERLINK("#'"&I18 & "'!A1",I18) -> F2 (206C) | C18: 1987 | D18: CETV | E18: Club transfer value factors for active members entitled to immediate benefits | F18: Female | G18: Age last birthday at relevant date | H18: 2 | I18: F2 (206C) | J18: 206C | K18: Table F2 | L18: Police pension schemes (England & Wales): 1987 Scheme; Transfer values and pension sharing on divorce; Factors and guidance, dated 10 December 2020 | M18: 45196 | N18: 45200 | O18: Issued
A19: =HYPERLINK("#'"&I19 & "'!A1",I19) -> NA1_06 (207) | B19: Police_EW | C19: 2006 | D19: CETV | E19: Non club transfer value factors for deferred benefits payable from 65 | F19: Male | G19: Age last birthday at relevant date | H19: 1 | I19: NA1_06 (207) | J19: 1-207 | K19: Table NA1_06 | L19: Police pension schemes (England & Wales): 2006 Scheme; Transfer values and pension sharing on divorce; Factors and guidance, dated 10 December 2020 | M19: 45070 | O19: Issued | P19: POLICE_EW_1-207 | Q19: \\GAD-AST\AST\Factors\2022\2022 Factor Review\Pol EW\Step 4 Mortality Change\POL EW CETV bespoke outputs - A + B - C v0.02 v5 SCAPE 1.7% v0.02_GMP2.3 NI_Mods S3_Tables.xlsm | R19: Scott.WaygoodMA | S19: 44977.468
A20: =HYPERLINK("#'"&I20 & "'!A1",I20) -> NA2_06 (208) | B20: Police_EW | C20: 2006 | D20: CETV | E20: Non club transfer value factors for deferred benefits payable from 65 - Females aged below 60 | F20: Female | G20: Age last birthday at relevant date | H20: 1 | I20: NA2_06 (208) | J20: 1-208 | K20: Table NA2_06 | L20: Police pension schemes (England & Wales): 2006 Scheme; Transfer values and pension sharing on divorce; Factors and guidance, dated 10 December 2020 | M20: 45070 | O20: Issued | P20: POLICE_EW_1-208 | Q20: \\GAD-AST\AST\Factors\2022\2022 Factor Review\Pol EW\Step 4 Mortality Change\POL EW CETV bespoke outputs - A + B - C v0.02 v5 SCAPE 1.7% v0.02_GMP2.3 NI_Mods S3_Tables.xlsm | R20: Scott.WaygoodMA | S20: 44977.468
A21: =HYPERLINK("#'"&I21 & "'!A1",I21) -> NA3_06 (209) | B21: Police_EW | C21: 2006 | D21: CETV | E21: Non club transfer value factors for deferred benefits payable from 65 - Females aged 60 and over | F21: Female | G21: Age last birthday at relevant date | H21: 1 | I21: NA3_06 (209) | J21: 1-209 | K21: Table NA3_06 | L21: Police pension schemes (England & Wales): 2006 Scheme; Transfer values and pension sharing on divorce; Factors and guidance, dated 10 December 2020 | M21: 45070 | O21: Issued | Q21: \\GAD-AST\AST\Factors\2022\2022 Factor Review\Pol EW\Step 4 Mortality Change\POL EW CETV bespoke outputs - A + B - C v0.02 v5 SCAPE 1.7% v0.02_GMP2.3 NI_Mods S3_Tables.xlsm | R21: Scott.WaygoodMA | S21: 44977.468
A22: =HYPERLINK("#'"&I22 & "'!A1",I22) -> NF1_06 (210) | B22: Police_EW | C22: 2006 | D22: CETV | E22: Non club transfer value factors for active members entitled to immediate benefits | F22: Male | G22: Age last birthday at relevant date | H22: 1 | I22: NF1_06 (210) | J22: 1-210 | K22: Table NF1_06 | L22: Police pension schemes (England & Wales): 2006 Scheme; Transfer values and pension sharing on divorce; Factors and guidance, dated 10 December 2020 | M22: 45070 | O22: Issued | P22: POLICE_EW_1-210 | Q22: \\GAD-AST\AST\Factors\2022\2022 Factor Review\Pol EW\Step 4 Mortality Change\POL EW CETV bespoke outputs - A + B - C v0.02 v5 SCAPE 1.7% v0.02_GMP2.3 NI_Mods S3_Tables.xlsm | R22: Scott.WaygoodMA | S22: 44977.468
A23: =HYPERLINK("#'"&I23 & "'!A1",I23) -> NF2_06 (211) | B23: Police_EW | C23: 2006 | D23: CETV | E23: Non club transfer value factors for active members entitled to immediate benefits | F23: Female | G23: Age last birthday at relevant date | H23: 1 | I23: NF2_06 (211) | J23: 1-211 | K23: Table NF2_06 | L23: Police pension schemes (England & Wales): 2006 Scheme; Transfer values and pension sharing on divorce; Factors and guidance, dated 10 December 2020 | M23: 45070 | O23: Issued | P23: POLICE_EW_1-211 | Q23: \\GAD-AST\AST\Factors\2022\2022 Factor Review\Pol EW\Step 4 Mortality Change\POL EW CETV bespoke outputs - A + B - C v0.02 v5 SCAPE 1.7% v0.02_GMP2.3 NI_Mods S3_Tables.xlsm | R23: Scott.WaygoodMA | S23: 44977.468
A24: =HYPERLINK("#'"&I24 & "'!A1",I24) -> NA1_15_65 (212) | B24: Police_EW | C24: 2015 | D24: CETV | E24: Non club transfer value factors for deferred benefits payable from NPA 65 | F24: Male | G24: Age last birthday at relevant date | H24: 0 | I24: NA1_15_65 (212) | J24: 0-212 | K24: Table NA1_15_65 | L24: Police pension schemes (England & Wales): 2015 Scheme; Transfer values and pension sharing on divorce; Factors and guidance, dated 10 December 2020 | M24: 45070 | O24: Issued | P24: POLICE_EW_0-212 | Q24: \\GAD-AST\AST\Factors\2022\2022 Factor Review\Pol EW\Step 4 Mortality Change\POL EW CETV bespoke outputs - A + B - C v0.02 v5 SCAPE 1.7% v0.02_GMP2.3 NI_Mods S3_Tables.xlsm | R24: Scott.WaygoodMA | S24: 44977.468
A25: =HYPERLINK("#'"&I25 & "'!A1",I25) -> NA1_15_66 (213) | B25: Police_EW | C25: 2015 | D25: CETV | E25: Non club transfer value factors for deferred benefits payable from NPA 66 | F25: Male | G25: Age last birthday at relevant date | H25: 0 | I25: NA1_15_66 (213) | J25: 0-213 | K25: Table NA1_15_66 | L25: Police pension schemes (England & Wales): 2015 Scheme; Transfer values and pension sharing on divorce; Factors and guidance, dated 10 December 2020 | M25: 45070 | O25: Issued | P25: POLICE_EW_0-213 | Q25: \\GAD-AST\AST\Factors\2022\2022 Factor Review\Pol EW\Step 4 Mortality Change\POL EW CETV bespoke outputs - A + B - C v0.02 v5 SCAPE 1.7% v0.02_GMP2.3 NI_Mods S3_Tables.xlsm | R25: Scott.WaygoodMA | S25: 44977.468
A26: =HYPERLINK("#'"&I26 & "'!A1",I26) -> NA1_15_67 (214) | B26: Police_EW | C26: 2015 | D26: CETV | E26: Non club transfer value factors for deferred benefits payable from NPA 67 | F26: Male | G26: Age last birthday at relevant date | H26: 0 | I26: NA1_15_67 (214) | J26: 0-214 | K26: Table NA1_15_67 | L26: Police pension schemes (England & Wales): 2015 Scheme; Transfer values and pension sharing on divorce; Factors and guidance, dated 10 December 2020 | M26: 45070 | O26: Issued | P26: POLICE_EW_0-214 | Q26: \\GAD-AST\AST\Factors\2022\2022 Factor Review\Pol EW\Step 4 Mortality Change\POL EW CETV bespoke outputs - A + B - C v0.02 v5 SCAPE 1.7% v0.02_GMP2.3 NI_Mods S3_Tables.xlsm | R26: Scott.WaygoodMA | S26: 44977.468
A27: =HYPERLINK("#'"&I27 & "'!A1",I27) -> NA1_15_68 (215) | B27: Police_EW | C27: 2015 | D27: CETV | E27: Non club transfer value factors for deferred benefits payable from NPA 68 | F27: Male | G27: Age last birthday at relevant date | H27: 0 | I27: NA1_15_68 (215) | J27: 0-215 | K27: Table NA1_15_68 | L27: Police pension schemes (England & Wales): 2015 Scheme; Transfer values and pension sharing on divorce; Factors and guidance, dated 10 December 2020 | M27: 45070 | O27: Issued | P27: POLICE_EW_0-215 | Q27: \\GAD-AST\AST\Factors\2022\2022 Factor Review\Pol EW\Step 4 Mortality Change\POL EW CETV bespoke outputs - A + B - C v0.02 v5 SCAPE 1.7% v0.02_GMP2.3 NI_Mods S3_Tables.xlsm | R27: Scott.WaygoodMA | S27: 44977.468
A28: =HYPERLINK("#'"&I28 & "'!A1",I28) -> NA2_15_65 (216) | B28: Police_EW | C28: 2015 | D28: CETV | E28: Non club transfer value factors for deferred benefits payable from NPA 65 | F28: Female | G28: Age last birthday at relevant date | H28: 0 | I28: NA2_15_65 (216) | J28: 0-216 | K28: Table NA2_15_65 | L28: Police pension schemes (England & Wales): 2015 Scheme; Transfer values and pension sharing on divorce; Factors and guidance, dated 10 December 2020 | M28: 45070 | O28: Issued | P28: POLICE_EW_0-216 | Q28: \\GAD-AST\AST\Factors\2022\2022 Factor Review\Pol EW\Step 4 Mortality Change\POL EW CETV bespoke outputs - A + B - C v0.02 v5 SCAPE 1.7% v0.02_GMP2.3 NI_Mods S3_Tables.xlsm | R28: Scott.WaygoodMA | S28: 44977.468
A29: =HYPERLINK("#'"&I29 & "'!A1",I29) -> NA2_15_66 (217) | B29: Police_EW | C29: 2015 | D29: CETV | E29: Non club transfer value factors for deferred benefits payable from NPA 66 | F29: Female | G29: Age last birthday at relevant date | H29: 0 | I29: NA2_15_66 (217) | J29: 0-217 | K29: Table NA2_15_66 | L29: Police pension schemes (England & Wales): 2015 Scheme; Transfer values and pension sharing on divorce; Factors and guidance, dated 10 December 2020 | M29: 45070 | O29: Issued | P29: POLICE_EW_0-217 | Q29: \\GAD-AST\AST\Factors\2022\2022 Factor Review\Pol EW\Step 4 Mortality Change\POL EW CETV bespoke outputs - A + B - C v0.02 v5 SCAPE 1.7% v0.02_GMP2.3 NI_Mods S3_Tables.xlsm | R29: Scott.WaygoodMA | S29: 44977.468
A30: =HYPERLINK("#'"&I30 & "'!A1",I30) -> NA2_15_67 (218) | B30: Police_EW | C30: 2015 | D30: CETV | E30: Non club transfer value factors for deferred benefits payable from NPA 67 | F30: Female | G30: Age last birthday at relevant date | H30: 0 | I30: NA2_15_67 (218) | J30: 0-218 | K30: Table NA2_15_67 | L30: Police pension schemes (England & Wales): 2015 Scheme; Transfer values and pension sharing on divorce; Factors and guidance, dated 10 December 2020 | M30: 45070 | O30: Issued | P30: POLICE_EW_0-218 | Q30: \\GAD-AST\AST\Factors\2022\2022 Factor Review\Pol EW\Step 4 Mortality Change\POL EW CETV bespoke outputs - A + B - C v0.02 v5 SCAPE 1.7% v0.02_GMP2.3 NI_Mods S3_Tables.xlsm | R30: Scott.WaygoodMA | S30: 44977.468
A31: =HYPERLINK("#'"&I31 & "'!A1",I31) -> NA2_15_68 (219) | B31: Police_EW | C31: 2015 | D31: CETV | E31: Non club transfer value factors for deferred benefits payable from NPA 68 | F31: Female | G31: Age last birthday at relevant date | H31: 0 | I31: NA2_15_68 (219) | J31: 0-219 | K31: Table NA2_15_68 | L31: Police pension schemes (England & Wales): 2015 Scheme; Transfer values and pension sharing on divorce; Factors and guidance, dated 10 December 2020 | M31: 45070 | O31: Issued | P31: POLICE_EW_0-219 | Q31: \\GAD-AST\AST\Factors\2022\2022 Factor Review\Pol EW\Step 4 Mortality Change\POL EW CETV bespoke outputs - A + B - C v0.02 v5 SCAPE 1.7% v0.02_GMP2.3 NI_Mods S3_Tables.xlsm | R31: Scott.WaygoodMA | S31: 44977.468
A32: =HYPERLINK("#'"&I32 & "'!A1",I32) -> NF1_15 (220) | B32: Police_EW | C32: 2015 | D32: CETV | E32: Non club transfer value factors for active members entitled to immediate benefits | F32: Male | G32: Age last birthday at relevant date | H32: 0 | I32: NF1_15 (220) | J32: 0-220 | K32: Table NF1_15 | L32: Police pension schemes (England & Wales): 2015 Scheme; Transfer values and pension sharing on divorce; Factors and guidance, dated 10 December 2020 | M32: 45070 | O32: Issued | P32: POLICE_EW_0-220 | Q32: \\GAD-AST\AST\Factors\2022\2022 Factor Review\Pol EW\Step 4 Mortality Change\POL EW CETV bespoke outputs - A + B - C v0.02 v5 SCAPE 1.7% v0.02_GMP2.3 NI_Mods S3_Tables.xlsm | R32: Scott.WaygoodMA | S32: 44977.468
A33: =HYPERLINK("#'"&I33 & "'!A1",I33) -> NF2_15 (221) | B33: Police_EW | C33: 2015 | D33: CETV | E33: Non club transfer value factors for active members entitled to immediate benefits | F33: Female | G33: Age last birthday at relevant date | H33: 0 | I33: NF2_15 (221) | J33: 0-221 | K33: Table NF2_15 | L33: Police pension schemes (England & Wales): 2015 Scheme; Transfer values and pension sharing on divorce; Factors and guidance, dated 10 December 2020 | M33: 45070 | O33: Issued | P33: POLICE_EW_0-221 | Q33: \\GAD-AST\AST\Factors\2022\2022 Factor Review\Pol EW\Step 4 Mortality Change\POL EW CETV bespoke outputs - A + B - C v0.02 v5 SCAPE 1.7% v0.02_GMP2.3 NI_Mods S3_Tables.xlsm | R33: Scott.WaygoodMA | S33: 44977.468
A34: =HYPERLINK("#'"&I34 & "'!A1",I34) -> TVIN_15M (226) | B34: Police_EW | C34: 2015 | D34: TV In (non-club) | E34: Factors for non-club incoming transfers | F34: Male | G34: Age last birthday at relevant date | H34: 0 | I34: TVIN_15M (226) | J34: 0-226 | K34: Table TVIN_15M | L34: Police pension scheme (England & Wales): 2015 Scheme; Non-Club incoming transfers; Factors and guidance dated 10 December 2020 | M34: 45106 | O34: Issued
A35: =HYPERLINK("#'"&I35 & "'!A1",I35) -> TVIN_15F (227) | B35: Police_EW | C35: 2015 | D35: TV In (non-club) | E35: Factors for non-club incoming transfers | F35: Female | G35: Age last birthday at relevant date | H35: 0 | I35: TVIN_15F (227) | J35: 0-227 | K35: Table TVIN_15F | L35: Police pension scheme (England & Wales): 2015 Scheme; Non-Club incoming transfers; Factors and guidance dated 10 December 2020 | M35: 45106 | O35: Issued
A36: =HYPERLINK("#'"&I36 & "'!A1",I36) -> TVIN_15GMP (228) | B36: Police_EW | C36: 2015 | D36: TV In (non-club) | E36: GMP test factors | F36: Male & Female | G36: Age last birthday at relevant date | H36: 0 | I36: TVIN_15GMP (228) | J36: 0-228 | K36: Table TVIN_15GMP | L36: Police pension scheme (England & Wales): 2015 Scheme; Non-Club incoming transfers; Factors and guidance dated 10 December 2020 | M36: 45106 | O36: Issued
A37: =HYPERLINK("#'"&I37 & "'!A1",I37) -> M (229) | B37: Police_EW | C37: 1987 | D37: CETV | E37: CETV - Factors used in the calculation of Adjustment B (F P-A) | F37: Male and Female | G37: Age last birthday at relevant date | H37: 2 | I37: M (229) | J37: 2-229 | K37: Table M | L37: Police pension schemes (England & Wales): 1987 Scheme; Transfer values and pension sharing on divorce; Factors and guidance, dated 10 December 2020 | M37: 45070 | O37: Issued | P37: POLICE_EW_2-229 | Q37: \\GAD-AST\AST\Factors\2022\2022 Factor Review\Pol EW\Step 4 Mortality Change\POL EW CETV bespoke outputs - A + B - C v0.02 v5 SCAPE 1.7% v0.02_GMP2.3 NI_Mods S3_Tables.xlsm | R37: Scott.WaygoodMA | S37: 44977.469
A38: =HYPERLINK("#'"&I38 & "'!A1",I38) -> G1 (301) | B38: Police_EW | C38: 1987 | D38: PenCE | E38: Pensioner cash equivalent factors for divorce purposes - retirement not on grounds of ill health | F38: Male | G38: Age last birthday at relevant date | H38: 2 | I38: G1 (301) | J38: 2-301 | K38: Table G1 | L38: Police pension schemes (England & Wales): 1987 Scheme; Transfer values and pension sharing on divorce; Factors and guidance, dated 10 December 2020 | M38: 45070 | O38: Issued | P38: POLICE_EW_2-301 | Q38: \\GAD-AST\AST\Factors\2022\2022 Factor Review\Pol EW\Step 4 Mortality Change\POL EW CETV bespoke outputs - A + B - C v0.02 v5 SCAPE 1.7% v0.02_GMP2.3 NI_Mods S3_Tables.xlsm | R38: Scott.WaygoodMA | S38: 44977.468
A39: =HYPERLINK("#'"&I39 & "'!A1",I39) -> G2 (302) | B39: Police_EW | C39: 1987 | D39: PenCE | E39: Pensioner cash equivalent factors for divorce purposes - retirement not on grounds of ill health | F39: Female | G39: Age last birthday at relevant date | H39: 2 | I39: G2 (302) | J39: 2-302 | K39: Table G2 | L39: Police pension schemes (England & Wales): 1987 Scheme; Transfer values and pension sharing on divorce; Factors and guidance, dated 10 December 2020 | M39: 45070 | O39: Issued | P39: POLICE_EW_2-302 | Q39: \\GAD-AST\AST\Factors\2022\2022 Factor Review\Pol EW\Step 4 Mortality Change\POL EW CETV bespoke outputs - A + B - C v0.02 v5 SCAPE 1.7% v0.02_GMP2.3 NI_Mods S3_Tables.xlsm | R39: Scott.WaygoodMA | S39: 44977.468
A40: =HYPERLINK("#'"&I40 & "'!A1",I40) -> H1 (303) | B40: Police_EW | C40: 1987 | D40: PenCE | E40: Ill health pensioner cash equivalent factors for divorce purposes - retirement on grounds of ill health | F40: Male | G40: Age last birthday at relevant date | H40: 2 | I40: H1 (303) | J40: 2-303 | K40: Table H1 | L40: Police pension schemes (England & Wales): 1987 Scheme; Transfer values and pension sharing on divorce; Factors and guidance, dated 10 December 2020 | M40: 45070 | O40: Issued | P40: POLICE_EW_2-303 | Q40: \\GAD-AST\AST\Factors\2022\2022 Factor Review\Pol EW\Step 4 Mortality Change\POL EW CETV bespoke outputs - A + B - C v0.02 v5 SCAPE 1.7% v0.02_GMP2.3 NI_Mods S3_Tables.xlsm | R40: Scott.WaygoodMA | S40: 44977.468
A41: =HYPERLINK("#'"&I41 & "'!A1",I41) -> H2 (304) | B41: Police_EW | C41: 1987 | D41: PenCE | E41: Ill health pensioner cash equivalent factors for divorce purposes - retirement on grounds of ill health | F41: Female | G41: Age last birthday at relevant date | H41: 2 | I41: H2 (304) | J41: 2-304 | K41: Table H2 | L41: Police pension schemes (England & Wales): 1987 Scheme; Transfer values and pension sharing on divorce; Factors and guidance, dated 10 December 2020 | M41: 45070 | O41: Issued | P41: POLICE_EW_2-304 | Q41: \\GAD-AST\AST\Factors\2022\2022 Factor Review\Pol EW\Step 4 Mortality Change\POL EW CETV bespoke outputs - A + B - C v0.02 v5 SCAPE 1.7% v0.02_GMP2.3 NI_Mods S3_Tables.xlsm | R41: Scott.WaygoodMA | S41: 44977.468
A42: =HYPERLINK("#'"&I42 & "'!A1",I42) -> G1_06 (305) | B42: Police_EW | C42: 2006 | D42: PenCE | E42: Pensioner cash equivalent factors for divorce purposes - retirement not on grounds of ill health | F42: Male | G42: Age last birthday at relevant date | H42: 1 | I42: G1_06 (305) | J42: 1-305 | K42: Table G1_06 | L42: Police pension schemes (England & Wales): 2006 Scheme; Transfer values and pension sharing on divorce; Factors and guidance, dated 10 December 2020 | M42: 45070 | O42: Issued | P42: POLICE_EW_1-305 | Q42: \\GAD-AST\AST\Factors\2022\2022 Factor Review\Pol EW\Step 4 Mortality Change\POL EW CETV bespoke outputs - A + B - C v0.02 v5 SCAPE 1.7% v0.02_GMP2.3 NI_Mods S3_Tables.xlsm | R42: Scott.WaygoodMA | S42: 44977.468
A43: =HYPERLINK("#'"&I43 & "'!A1",I43) -> G2_06 (306) | B43: Police_EW | C43: 2006 | D43: PenCE | E43: Pensioner cash equivalent factors for divorce purposes - retirement not on grounds of ill health | F43: Female | G43: Age last birthday at relevant date | H43: 1 | I43: G2_06 (306) | J43: 1-306 | K43: Table G2_06 | L43: Police pension schemes (England & Wales): 2006 Scheme; Transfer values and pension sharing on divorce; Factors and guidance, dated 10 December 2020 | M43: 45070 | O43: Issued | P43: POLICE_EW_1-306 | Q43: \\GAD-AST\AST\Factors\2022\2022 Factor Review\Pol EW\Step 4 Mortality Change\POL EW CETV bespoke outputs - A + B - C v0.02 v5 SCAPE 1.7% v0.02_GMP2.3 NI_Mods S3_Tables.xlsm | R43: Scott.WaygoodMA | S43: 44977.469
A44: =HYPERLINK("#'"&I44 & "'!A1",I44) -> H1_06 (307) | B44: Police_EW | C44: 2006 | D44: PenCE | E44: Pensioner cash equivalent factors for divorce purposes - retirement on grounds of ill health | F44: Male | G44: Age last birthday at relevant date | H44: 1 | I44: H1_06 (307) | J44: 1-307 | K44: Table H1_06 | L44: Police pension schemes (England & Wales): 2006 Scheme; Transfer values and pension sharing on divorce; Factors and guidance, dated 10 December 2020 | M44: 45070 | O44: Issued | P44: POLICE_EW_1-307 | Q44: \\GAD-AST\AST\Factors\2022\2022 Factor Review\Pol EW\Step 4 Mortality Change\POL EW CETV bespoke outputs - A + B - C v0.02 v5 SCAPE 1.7% v0.02_GMP2.3 NI_Mods S3_Tables.xlsm | R44: Scott.WaygoodMA | S44: 44977.469
A45: =HYPERLINK("#'"&I45 & "'!A1",I45) -> H2_06 (308) | B45: Police_EW | C45: 2006 | D45: PenCE | E45: Pensioner cash equivalent factors for divorce purposes - retirement on grounds of ill health | F45: Female | G45: Age last birthday at relevant date | H45: 1 | I45: H2_06 (308) | J45: 1-308 | K45: Table H2_06 | L45: Police pension schemes (England & Wales): 2006 Scheme; Transfer values and pension sharing on divorce; Factors and guidance, dated 10 December 2020 | M45: 45070 | O45: Issued | P45: POLICE_EW_1-308 | Q45: \\GAD-AST\AST\Factors\2022\2022 Factor Review\Pol EW\Step 4 Mortality Change\POL EW CETV bespoke outputs - A + B - C v0.02 v5 SCAPE 1.7% v0.02_GMP2.3 NI_Mods S3_Tables.xlsm | R45: Scott.WaygoodMA | S45: 44977.469
A46: =HYPERLINK("#'"&I46 & "'!A1",I46) -> G1_15 (309) | B46: Police_EW | C46: 2015 | D46: PenCE | E46: Pensioner cash equivalent factors for divorce purposes - retirement not on grounds of ill health | F46: Male | G46: Age last birthday at relevant date | H46: 0 | I46: G1_15 (309) | J46: 0-309 | K46: Table G1_15 | L46: Police pension schemes (England & Wales): 2015 Scheme; Transfer values and pension sharing on divorce; Factors and guidance, dated 10 December 2020 | M46: 45070 | O46: Issued | P46: POLICE_EW_0-309 | Q46: \\GAD-AST\AST\Factors\2022\2022 Factor Review\Pol EW\Step 4 Mortality Change\POL EW CETV bespoke outputs - A + B - C v0.02 v5 SCAPE 1.7% v0.02_GMP2.3 NI_Mods S3_Tables.xlsm | R46: Scott.WaygoodMA | S46: 44977.469
A47: =HYPERLINK("#'"&I47 & "'!A1",I47) -> G2_15 (310) | B47: Police_EW | C47: 2015 | D47: PenCE | E47: Pensioner cash equivalent factors for divorce purposes - retirement not on grounds of ill health | F47: Female | G47: Age last birthday at relevant date | H47: 0 | I47: G2_15 (310) | J47: 0-310 | K47: Table G2_15 | L47: Police pension schemes (England & Wales): 2015 Scheme; Transfer values and pension sharing on divorce; Factors and guidance, dated 10 December 2020 | M47: 45070 | O47: Issued | P47: POLICE_EW_0-310 | Q47: \\GAD-AST\AST\Factors\2022\2022 Factor Review\Pol EW\Step 4 Mortality Change\POL EW CETV bespoke outputs - A + B - C v0.02 v5 SCAPE 1.7% v0.02_GMP2.3 NI_Mods S3_Tables.xlsm | R47: Scott.WaygoodMA | S47: 44977.469
A48: =HYPERLINK("#'"&I48 & "'!A1",I48) -> H1_15 (311) | B48: Police_EW | C48: 2015 | D48: PenCE | E48: Pensioner cash equivalent factors for divorce purposes - retirement on grounds of ill health | F48: Male | G48: Age last birthday at relevant date | H48: 0 | I48: H1_15 (311) | J48: 0-311 | K48: Table H1_15 | L48: Police pension schemes (England & Wales): 2015 Scheme; Transfer values and pension sharing on divorce; Factors and guidance, dated 10 December 2020 | M48: 45070 | O48: Issued | P48: POLICE_EW_0-311 | Q48: \\GAD-AST\AST\Factors\2022\2022 Factor Review\Pol EW\Step 4 Mortality Change\POL EW CETV bespoke outputs - A + B - C v0.02 v5 SCAPE 1.7% v0.02_GMP2.3 NI_Mods S3_Tables.xlsm | R48: Scott.WaygoodMA | S48: 44977.469
... A73: =HYPERLINK("#'"&I73 & "'!A1",I73) -> R_15 (336) | B73: Police_EW | C73: 2015 | D73: Pension Debit | E73: Reduction to pension debit on ill health retirement - Adjustment to pension | F73: Unisex | G73: Period to SPA (in years and complete months) | H73: 0 | I73: R_15 (336) | J73: 0-336 | K73: Table R_15 | L73: Police pension schemes (England & Wales): 2015 Scheme; Transfer values and pension sharing on divorce; Factors and guidance, dated 10 December 2020 | M73: 45070 | O73: Issued | P73: POLICE_EW_0-336 | Q73: \\GAD-AST\AST\Factors\2022\2022 Factor Review\Pol EW\Step 4 Mortality Change\POL EW CETV bespoke outputs - A + B - C v0.02 v5 SCAPE 1.7% v0.02_GMP2.3 NI_Mods S3_Tables.xlsm | R73: Scott.WaygoodMA | S73: 44977.469
A74: =HYPERLINK("#'"&I74 & "'!A1",I74) -> A (401) | B74: Police_EW | C74: 2015 | D74: ERF | E74: Early payment reduction factor - retirement from active service before NPA | F74: Unisex | G74: Period to NPA (in years and complete months) | H74: 0 | I74: A (401) | K74: Table A | L74: Police pension schemes (England & Wales) 2015 Scheme Early payment reduction and option to buy out early payment reduction Factors and guidance Dated: 19 August 2019 | M74: 45106 | O74: Issued
A75: =HYPERLINK("#'"&I75 & "'!A1",I75) -> B (402) | B75: Police_EW | C75: 2015 | D75: ERF | E75: Early payment reduction factor - retirement from deferred status before SPA | F75: Unisex | G75: Period to SPA (in years and complete months) | H75: 0 | I75: B (402) | K75: Table B | L75: Police pension schemes (England & Wales) 2015 Scheme Early payment reduction and option to buy out early payment reduction Factors and guidance Dated: 19 August 2019 | M75: 45106 | O75: Issued
A76: =HYPERLINK("#'"&I76 & "'!A1",I76) -> A (403) | B76: Police_EW | C76: 2015 | D76: LRF | E76: Age addition factors for pensions with a CPI + 1.25% pa revaluation rate | F76: Unisex | G76: Age last birthday | H76: 0 | I76: A (403) | K76: Table A | L76: Police pension schemes (England & Wales) 2015 Scheme Age additions and late payment supplements Factors and guidance Dated 19 August 2019 | M76: 45106 | O76: Issued
A77: =HYPERLINK("#'"&I77 & "'!A1",I77) -> B (404) | B77: Police_EW | C77: 2015 | D77: LRF | E77: Age addition factors for pensions with a CPI revaluation rate | F77: Unisex | G77: Age last birthday | H77: 0 | I77: B (404) | K77: Table B | L77: Police pension schemes (England & Wales) 2015 Scheme Age additions and late payment supplements Factors and guidance Dated 19 August 2019 | M77: 45106 | O77: Issued
A78: =HYPERLINK("#'"&I78 & "'!A1",I78) -> C (405) | B78: Police_EW | C78: 2015 | D78: LRF | E78: Late payment supplement factors | F78: Unisex | G78: Period from SPA (in years and complete months) | H78: 0 | I78: C (405) | K78: Table C | L78: Police pension schemes (England & Wales) 2015 Scheme Age additions and late payment supplements Factors and guidance Dated 19 August 2019 | M78: 45106 | O78: Issued
A79: =HYPERLINK("#'"&I79 & "'!A1",I79) -> A (406) | C79: 2006 | D79: ERF | E79: Early retirement factor for pension - retirement from deferred | F79: Unisex | G79: Age in years and completed months on day pension commences | H79: 1 | I79: A (406) | K79: Table A | L79: Police pension schemes (England & Wales) 2006 Scheme Early retirement with actuarial reduction Factors and guidance Dated 10 December 2020 | M79: 45106 | O79: Issued
A80: =HYPERLINK("#'"&I80 & "'!A1",I80) -> B (407) | C80: 2006 | D80: ERF | E80: Early retirement factor for lump sum - retirement from deferred | F80: Unisex | G80: Age in years and completed months on day pension commences | H80: 1 | I80: B (407) | K80: Table B | L80: =L79 -> Police pension schemes (England & Wales) 2006 Scheme Early retirement with actuarial reduction Factors and guidance Dated 10 December 2020 | M80: 45106 | O80: Issued
A81: =HYPERLINK("#'"&I81 & "'!A1",I81) -> 1 (501) | B81: Police_EW | C81: 1987 | D81: Triv Comm | E81: Trivial commutation factors | F81: Unisex | G81: Age in completed years | H81: 2 | I81: 1 (501) | K81: Table 1 | L81: Police pension schemes (England & Wales): 1987, 2006 and 2015 Schemes; Trivial commutation and capitalisation for death gratuities; Factors and guidance dated 31 July 2019 | M81: 45135 | N81: 45135 | O81: Issued
A82: =HYPERLINK("#'"&I82 & "'!A1",I82) -> 2 (502) | B82: Police_EW | C82: 2006 & 2015 | D82: Triv Comm | E82: Trivial commutation factors | F82: Unisex | G82: Age in completed years | H82: 1 | I82: 2 (502) | K82: Table 2 | L82: Police pension schemes (England & Wales): 1987, 2006 and 2015 Schemes; Trivial commutation and capitalisation for death gratuities; Factors and guidance dated 31 July 2019 | M82: 45135 | N82: 45135 | O82: Issued
A83: =HYPERLINK("#'"&I83 & "'!A1",I83) -> 3 (503) | B83: Police_EW | C83: 1987, 2006 & 2015 | D83: Triv Comm | E83: Factors for the trivial commutation of pension payable to surviving dependants and for capitalisation of survivor pension for determination of death gratuity from the 1987, 2006 and 2015 schemes | F83: Unisex | G83: Age in completed years | H83: 0 | I83: 3 (503) | K83: Table 3 | L83: Police pension schemes (England & Wales): 1987, 2006 and 2015 Schemes; Trivial commutation and capitalisation for death gratuities; Factors and guidance dated 31 July 2019 | M83: 45135 | N83: 45135 | O83: Issued
A84: =HYPERLINK("#'"&I84 & "'!A1",I84) -> 504 | B84: Police_EW | C84: 2006 | D84: Inverse Comm | E84: Inverse commutation factors - NPPS factors for exchange of lump sum for additional annual pension payments. Age in years and completed months on day pension commences | F84: Unisex | G84: Years/Months | H84: 1 | I84: 504 | K84: Table in Appendix A | L84: Police pension schemes (England & Wales): 2006 Scheme; Exchange of lump sum for additional annual pension payments; Factors and guidance dated 31 July 2019 | M84: 45135 | N84: 45135 | O84: Issued
A85: =HYPERLINK("#'"&I85 & "'!A1",I85) -> Table 1 (505) | B85: Police_EW | C85: 1987 | D85: Commutation | E85: Factors for commutation of pension to lump sum | F85: Unisex | G85: Age in years and completed months on day pension commences | I85: Table 1 (505) | K85: Table 1 | L85: Police pension schemes (England & Wales): 1987 Scheme; Commutation on retirement; Factors and guidance dated 3 April 2023 | M85: 45019 | N85: 45019 | O85: Issued
A86: =HYPERLINK("#'"&I86 & "'!A1",I86) -> Table 2 (506) | B86: Police_EW | C86: 1987 | D86: Commutation | E86: Additional factors in respect of accrued pension increases for use in commutation before age 55 after a break since leaving pensionable service | F86: Unisex | G86: Age in years and completed months on day pension commences | I86: Table 2 (506) | K86: Table 2 | L86: Police pension schemes (England & Wales): 1987 Scheme; Commutation on retirement; Factors and guidance dated 3 April 2023 | M86: 45019 | N86: 45019 | O86: Issued
A87: =HYPERLINK("#'"&I87 & "'!A1",I87) -> Table 3 (507) | B87: Police_EW | C87: 1987 | D87: Commutation | E87: Timing adjustment factors for use in commutation before age 55 after a break since leaving pensionable service | F87: Unisex | G87: Age in years and completed months on day pension commences | I87: Table 3 (507) | K87: Table 3 | L87: Police pension schemes (England & Wales): 1987 Scheme; Commutation on retirement; Factors and guidance dated 3 April 2023 | M87: 45019 | N87: 45019 | O87: Issued
A88: =HYPERLINK("#'"&I88 & "'!A1",I88) -> A_87 (601) | B88: Police_EW | C88: 1987 | D88: Scheme pays AA | E88: Factors for calculating annual allowance debit | F88: Unisex | G88: Age last birthday at relevant date | I88: A_87 (601) | K88: Table A_87 | L88: Police pension schemes (England & Wales): 1987 Scheme; Tax charge debits; Factors and guidance dated 22 August 2019 | M88: 45135 | N88: 45135 | O88: Issued
A89: =HYPERLINK("#'"&I89 & "'!A1",I89) -> A_06 (602) | B89: Police_EW | C89: 2006 | D89: Scheme pays AA | E89: Factors for calculating annual allowance debit | F89: Unisex | G89: Age last birthday at relevant date | I89: A_06 (602) | K89: Table A_06 | L89: Police pension schemes (England & Wales): 2006 Scheme; Tax charge debits; Factors and guidance dated 22 August 2019 | M89: 45135 | N89: 45135 | O89: Issued
A90: =HYPERLINK("#'"&I90 & "'!A1",I90) -> A_15_65 (603) | B90: Police_EW | C90: 2015 | D90: Scheme pays AA | E90: Factors for calculating annual allowance debit | F90: Unisex | G90: Age last birthday at relevant date | I90: A_15_65 (603) | K90: Table A_15_65 | L90: Police pension schemes (England & Wales): 2015 Scheme; Tax charge debits; Factors and guidance dated 22 August 2019 | M90: 45135 | N90: 45135 | O90: Issued
A91: =HYPERLINK("#'"&I91 & "'!A1",I91) -> A_15_66 (604) | B91: Police_EW | C91: 2015 | D91: Scheme pays AA | E91: Factors for calculating annual allowance debit | F91: Unisex | G91: Age last birthday at relevant date | I91: A_15_66 (604) | K91: Table A_15_66 | L91: Police pension schemes (England & Wales): 2015 Scheme; Tax charge debits; Factors and guidance dated 22 August 2019 | M91: 45135 | N91: 45135 | O91: Issued
A92: =HYPERLINK("#'"&I92 & "'!A1",I92) -> A_15_67 (605) | B92: Police_EW | C92: 2015 | D92: Scheme pays AA | E92: Factors for calculating annual allowance debit | F92: Unisex | G92: Age last birthday at relevant date | I92: A_15_67 (605) | K92: Table A_15_67 | L92: Police pension schemes (England & Wales): 2015 Scheme; Tax charge debits; Factors and guidance dated 22 August 2019 | M92: 45135 | N92: 45135 | O92: Issued
A93: =HYPERLINK("#'"&I93 & "'!A1",I93) -> A_15_68 (606) | B93: Police_EW | C93: 2015 | D93: Scheme pays AA | E93: Factors for calculating annual allowance debit | F93: Unisex | G93: Age last birthday at relevant date | I93: A_15_68 (606) | K93: Table A_15_68 | L93: Police pension schemes (England & Wales): 2015 Scheme; Tax charge debits; Factors and guidance dated 22 August 2019 | M93: 45135 | N93: 45135 | O93: Issued
A94: =HYPERLINK("#'"&I94 & "'!A1",I94) -> B_87 (607) | B94: Police_EW | C94: 1987 | D94: Scheme pays AA | E94: Retirement timing factor - AA pension debit on normal health retirement | F94: Unisex | G94: Age of the member when benefits come into payment | I94: B_87 (607) | K94: Table B_87 | L94: Police pension schemes (England & Wales): 1987 Scheme; Tax charge debits; Factors and guidance dated 22 August 2019 | M94: 45135 | N94: 45135 | O94: Issued
A95: =HYPERLINK("#'"&I95 & "'!A1",I95) -> C_87 (608) | B95: Police_EW | C95: 1987 | D95: Scheme pays AA | E95: Retirement timing factor - AA pension debit on ill health retirement before age 60 | F95: Unisex | G95: Age of the member when benefits come into payment | I95: C_87 (608) | K95: Table C_87 | L95: Police pension schemes (England & Wales): 1987 Scheme; Tax charge debits; Factors and guidance dated 22 August 2019 | M95: 45135 | N95: 45135 | O95: Issued
A96: =HYPERLINK("#'"&I96 & "'!A1",I96) -> G_87 (609) | B96: Police_EW | C96: 1987 | D96: Scheme pays LTA | E96: Factors for calculating LTA debit - retirement not on grounds of ill health | F96: Unisex | G96: Age last birthday at relevant date | I96: G_87 (609) | K96: Table G_87 | L96: Police pension schemes (England & Wales): 1987 Scheme; Tax charge debits; Factors and guidance dated 22 August 2019 | M96: 45135 | N96: 45135 | O96: Issued
... A113: =HYPERLINK("#'"&I113 & "'!A1",I113) -> C_15 (626) | B113: Police_EW | C113: 2015 | D113: Scheme Pays AA | E113: Early retirement factor - annual allowance pension debit on retirement before SPA - ill health | F113: Unisex | G113: Period to SPA (in years and complete months) | I113: C_15 (626) | K113: Table C_15 | L113: Police pension schemes (England & Wales): 2015 Scheme; Tax charge debits; Factors and guidance dated 22 August 2019 | M113: 45135 | N113: 45135 | O113: Issued
A114: =HYPERLINK("#'"&I114 & "'!A1",I114) -> S-AP (701) | B114: Police_EW | C114: 2015 | D114: Added pension | E114: Factors for Self only AP | F114: Male and Female | G114: Age last birthday at start of scheme year | I114: S-AP (701) | K114: Table S-AP | L114: Police pension schemes (England & Wales) 2015 Scheme: Purchase of added pension; Factors and guidance. Dated 16 October 2019 | M114: 45196 | O114: Issued
A115: =HYPERLINK("#'"&I115 & "'!A1",I115) -> B-AP (702) | B115: Police_EW | C115: 2015 | D115: Added pension | E115: Factors for all beneficiaries AP | F115: Unisex | G115: Age last birthday at start of scheme year | I115: B-AP (702) | K115: Table B-AP | L115: Police pension schemes (England & Wales) 2015 Scheme: Purchase of added pension; Factors and guidance. Dated 16 October 2019 | M115: 45196 | O115: Issued
A116: =HYPERLINK("#'"&I116 & "'!A1",I116) -> C (703) | B116: Police_EW | C116: 2015 | D116: Actuarial reduction buyout | E116: Early payment reduction buy out factors | F116: Unisex | G116: Age in years and complete months on day pension commences | I116: C (703) | K116: Table C | L116: Police pension schemes (England & Wales) 2015 Scheme Early payment reduction and option to buy out early payment reduction Factors and guidance Dated: 19 August 2019 | M116: 45196 | O116: Issued
A117: =HYPERLINK("#'"&I117 & "'!A1",I117) -> 1 (801) | B117: Police_EW | C117: 2015 | D117: Max commutation | E117: Provisional maximum proportion of pension for those retiring on grounds of ill-health | F117: Unisex | G117: Age last birthday | I117: 1 (801) | K117: Table 1 | L117: Police pension schemes (England & Wales): 2015 Scheme; Maximum commutation limit; Factors and guidance dated 13 September 2019 | M117: 45135 | N117: 45135 | O117: Issued
A118: =HYPERLINK("#'"&I118 & "'!A1",I118) -> 2 (802) | B118: Police_EW | C118: 2015 | D118: Max commutation | E118: Provisional maximum proportion of pension for those retiring on grounds other than ill health | F118: Unisex | G118: Age last birthday | I118: 2 (802) | K118: Table 2 | L118: Police pension schemes (England & Wales): 2015 Scheme; Maximum commutation limit; Factors and guidance dated 13 September 2019 | M118: 45135 | N118: 45135 | O118: Issued

Sheet x-Series Number
A1: Government Actuary's Department | L1: =HYPERLINK("#'Factor List'!A1","Back to Factor List") -> Back to Factor List
A2: =IF(title="> Enter workbook title here","Enter workbook title in Cover sheet",title) -> Police_EW - Consolidated Factor Spreadsheet
A3: =TABLE_FACTOR_TYPE&" - x-"&TABLE_SERIES_NUMBER -> Enter the factor type (which should be consistent with the series header types found on the summary sheet (eg early or late retirement) - x-Enter series number (this reflects the number in the relevant series eg if it’s the first ER/LR factor then it would be "401")
A4: =CELL("filename",A1) -> P:\AST development\Hosted\Factors Modernisation\Data import\Consolidated Factor Workbooks\[Police EW Consolidated Factors 2023-04.xlsm]x-Series Number
A6: Data Item | B6: Factor Table Information
A7: Client | B7: Enter the client name eg NHSPS_EW
A8: Section | B8: Enter the section name eg NHSPS 2015
A9: Factor Type | B9: Enter the factor type (which should be consistent with the series header types found on the summary sheet (eg early or late retirement)
A10: Description | B10: Enter a description of the factor (eg use description from factor table in guidance)
A11: Gender | B11: Enter either "unisex" or "m and f"
A12: Factor Age/Period Definition | B12: Enter in age definition
A13: Section Number | B13: Enter section number (this relates to the number used to identify the scheme section - see top of summary tab for section number)
A14: Series Number | B14: Enter series number (this reflects the number in the relevant series eg if it’s the first ER/LR factor then it would be "401")
A15: Table Reference | B15: Enter table number (this is the section number plus the series number so we can identify the section and factor type eg if the section number for NHSPS 2015 was 0 and the factor was the first in the ER/LR factor series then this would be "0-401" entered here.
A16: Table Reference in Guidance | B16: Enter the table reference from the guidance notes
A17: Related Factor Table Reference (where the factor uses the same table as another factor in this spreadsheet) | B17: If the factor table on this sheet is the same as another factor in the spreadsheet. Then enter that table reference here eg 0-.201. If this factor table is unique then put "n/a".
... A20: Factor Status | B20: Enter whether table is inforce, withdrawn, refer to gad etc
B22: =HYPERLINK("#'Factor List'!A1","Back to Factor List") -> Back to Factor List
A25: Copy the relevant factor table and foot notes here. Unisex or male factor table in this grey box.

Sheet NA1 (201)
A1: Government Actuary's Department
A2: =IF(title="> Enter workbook title here","Enter workbook title in Cover sheet",title) -> Police_EW - Consolidated Factor Spreadsheet
A3: =TABLE_FACTOR_TYPE&" - x-"&TABLE_SERIES_NUMBER -> CETV - x-201
A6: Data Item | B6: Factor Table Information
A7: Client | B7: Police_EW
A8: Section | B8: 1987
A9: Factor Type | B9: CETV
A10: Description | B10: Non club transfer value factors for deferred benefits payable from 60
A11: Gender | B11: Male
A12: Factor Age/Period Definition | B12: Age last birthday at relevant date
A13: Section Number | B13: 2
A14: Series Number | B14: 201
A15: Table Reference | B15: 2-201
A16: Table Reference in Guidance | B16: Table NA1
A17: Associated Guidance Note | B17: Police pension schemes (England & Wales): 1987 Scheme; Transfer values and pension sharing on divorce; Factors and guidance, dated 10 December 2020
A18: Date Factors Issued to Client | B18: ="24 May 2023" -> 24 May 2023
A19: Date Factors Implemented (if known)
A20: Factor Status | B20: =INDEX('Factor List'!$O:$O,MATCH(B$15,'Factor List'!$J:$J,0)) -> Issued
B22: =HYPERLINK("#'Factor List'!A1","Back to Factor List") -> Back to Factor List
A25: Age | B25: Pension of £1 per annum | C25: Survivor's pension of £1 per annum
A26: 18 | B26: 11.29 | C26: 2
A27: 19 | B27: 11.46 | C27: 2.09
A28: 20 | B28: 11.63 | C28: 2.12
A29: 21 | B29: 11.8 | C29: 2.16
A30: 22 | B30: 11.97 | C30: 2.19
A31: 23 | B31: 12.15 | C31: 2.22
A32: 24 | B32: 12.33 | C32: 2.26
A33: 25 | B33: 12.51 | C33: 2.29
A34: 26 | B34: 12.7 | C34: 2.33
A35: 27 | B35: 12.88 | C35: 2.36
A36: 28 | B36: 13.07 | C36: 2.4
A37: 29 | B37: 13.27 | C37: 2.43
... A67: 59 | B67: 21.23 | C67: 3.19

Sheet A1 (201C)
A1: Government Actuary's Department
A2: =IF(title="> Enter workbook title here","Enter workbook title in Cover sheet",title) -> Police_EW - Consolidated Factor Spreadsheet
A4: Data Item | B4: Factor Table Information
A5: Client | B5: Police_EW
A6: Section | B6: 1987
A7: Factor Type | B7: CETV
A8: Description | B8: Club transfer value factors for deferred benefits payable from 60
A9: Gender | B9: Male
A10: Factor Age/Period Definition | B10: Age last birthday at relevant date
A11: Table Reference | B11: 201C
A12: Table Reference in Guidance | B12: Table A1 (Table 2 in Public Sector Transfer Club Factors 2023 workbook)
A13: Associated Guidance Note | B13: ='[3]Factor List'!I8 -> Police pension schemes (England & Wales): 1987 Scheme; Transfer values and pension sharing on divorce; Factors and guidance, dated 10 December 2020
A14: Date Factors Issued to Client | B14: 45169
A15: Date Factors Implemented (if known) | B15: 45200
A16: Factor Status | B16: Issued
B18: =HYPERLINK("#'Factor List'!A1","Back to Factor List") -> Back to Factor List
A21: Age | B21: Pension of £1 per annum | C21: Survivor's pension of £1 per annum
A22: 18 | B22: 11.7 | C22: 1.37
A23: 19 | B23: 11.87 | C23: 1.39
A24: 20 | B24: 12.05 | C24: 1.41
A25: 21 | B25: 12.23 | C25: 1.44
A26: 22 | B26: 12.41 | C26: 1.46
A27: 23 | B27: 12.6 | C27: 1.48
A28: 24 | B28: 12.79 | C28: 1.5
A29: 25 | B29: 12.98 | C29: 1.52
A30: 26 | B30: 13.17 | C30: 1.55
A31: 27 | B31: 13.37 | C31: 1.57
A32: 28 | B32: 13.57 | C32: 1.59
A33: 29 | B33: 13.78 | C33: 1.62
... A63: 59 | B63: 21.99 | C63: 2.11

Sheet NA2 (202)
A1: Government Actuary's Department
A2: =IF(title="> Enter workbook title here","Enter workbook title in Cover sheet",title) -> Police_EW - Consolidated Factor Spreadsheet
A3: =TABLE_FACTOR_TYPE&" - x-"&TABLE_SERIES_NUMBER -> CETV - x-202
A6: Data Item | B6: Factor Table Information
A7: Client | B7: Police_EW
A8: Section | B8: 1987
A9: Factor Type | B9: CETV
A10: Description | B10: Non club transfer value factors for deferred benefits payable from 60
A11: Gender | B11: Female
A12: Factor Age/Period Definition | B12: Age last birthday at relevant date
A13: Section Number | B13: 2
A14: Series Number | B14: 202
A15: Table Reference | B15: 2-202
A16: Table Reference in Guidance | B16: Table NA2
A17: Associated Guidance Note | B17: =INDEX('Factor List'!$L:$L,MATCH(B$15,'Factor List'!$J:$J,0)) -> Police pension schemes (England & Wales): 1987 Scheme; Transfer values and pension sharing on divorce; Factors and guidance, dated 10 December 2020
A18: Date Factors Issued to Client | B18: ="24 May 2023" -> 24 May 2023
A19: Date Factors Implemented (if known)
A20: Factor Status | B20: =INDEX('Factor List'!$O:$O,MATCH(B$15,'Factor List'!$J:$J,0)) -> Issued
B22: =HYPERLINK("#'Factor List'!A1","Back to Factor List") -> Back to Factor List
A25: Age | B25: Pension of £1 per annum | C25: Survivor's pension of £1 per annum
A26: 18 | B26: 11.29 | C26: 2
A27: 19 | B27: 11.46 | C27: 2.09
A28: 20 | B28: 11.63 | C28: 2.12
A29: 21 | B29: 11.8 | C29: 2.16
A30: 22 | B30: 11.97 | C30: 2.19
A31: 23 | B31: 12.15 | C31: 2.22
A32: 24 | B32: 12.33 | C32: 2.26
A33: 25 | B33: 12.51 | C33: 2.29
A34: 26 | B34: 12.7 | C34: 2.33
A35: 27 | B35: 12.88 | C35: 2.36
A36: 28 | B36: 13.07 | C36: 2.4
A37: 29 | B37: 13.27 | C37: 2.43
... A67: 59 | B67: 21.23 | C67: 3.19

Sheet A2 (202C)
A1: Government Actuary's Department
A2: =IF(title="> Enter workbook title here","Enter workbook title in Cover sheet",title) -> Police_EW - Consolidated Factor Spreadsheet
A4: Data Item | B4: Factor Table Information
A5: Client | B5: Police_EW
A6: Section | B6: 1987
A7: Factor Type | B7: CETV
A8: Description | B8: Club transfer value factors for deferred benefits payable from 60
A9: Gender | B9: Female
A10: Factor Age/Period Definition | B10: Age last birthday at relevant date
A11: Table Reference | B11: 202C
A12: Table Reference in Guidance | B12: Table A2 (Table 2 in Public Sector Transfer Club Factors 2023 workbook)
A13: Associated Guidance Note | B13: ='[3]Factor List'!I8 -> Police pension schemes (England & Wales): 1987 Scheme; Transfer values and pension sharing on divorce; Factors and guidance, dated 10 December 2020
A14: Date Factors Issued to Client | B14: 45169
A15: Date Factors Implemented (if known) | B15: 45200
A16: Factor Status | B16: Issued
B18: =HYPERLINK("#'Factor List'!A1","Back to Factor List") -> Back to Factor List
A21: Age | B21: Pension of £1 per annum | C21: Survivor's pension of £1 per annum
A22: 18 | B22: 11.7 | C22: 1.37
A23: 19 | B23: 11.87 | C23: 1.39
A24: 20 | B24: 12.05 | C24: 1.41
A25: 21 | B25: 12.23 | C25: 1.44
A26: 22 | B26: 12.41 | C26: 1.46
A27: 23 | B27: 12.6 | C27: 1.48
A28: 24 | B28: 12.79 | C28: 1.5
A29: 25 | B29: 12.98 | C29: 1.52
A30: 26 | B30: 13.17 | C30: 1.55
A31: 27 | B31: 13.37 | C31: 1.57
A32: 28 | B32: 13.57 | C32: 1.59
A33: 29 | B33: 13.78 | C33: 1.62
... A63: 59 | B63: 21.99 | C63: 2.11

Sheet D1 (203)
A1: Government Actuary's Department
A2: =IF(title="> Enter workbook title here","Enter workbook title in Cover sheet",title) -> Police_EW - Consolidated Factor Spreadsheet
A3: =TABLE_FACTOR_TYPE&" - x-"&TABLE_SERIES_NUMBER -> CETV - x-203
A6: Data Item | B6: Factor Table Information
A7: Client | B7: Police_EW
A8: Section | B8: 1987
A9: Factor Type | B9: CETV
A10: Description | B10: CETV factors for deferred benefits payable from 50
A11: Gender | B11: Male
A12: Factor Age/Period Definition | B12: Age last birthday at relevant date
A13: Section Number | B13: 2
A14: Series Number | B14: 203
A15: Table Reference | B15: 2-203
A16: Table Reference in Guidance | B16: Table D1
A17: Associated Guidance Note | B17: =INDEX('Factor List'!$L:$L,MATCH(B$15,'Factor List'!$J:$J,0)) -> Police pension schemes (England & Wales): 1987 Scheme; Transfer values and pension sharing on divorce; Factors and guidance, dated 10 December 2020
A18: Date Factors Issued to Client | B18: ="24 May 2023" -> 24 May 2023
A19: Date Factors Implemented (if known)
A20: Factor Status | B20: =INDEX('Factor List'!$O:$O,MATCH(B$15,'Factor List'!$J:$J,0)) -> Issued
B22: =HYPERLINK("#'Factor List'!A1","Back to Factor List") -> Back to Factor List
A25: Age | B25: Pension of £1 per annum | C25: Survivor's pension of £1 per annum
A26: 43 | B26: 24.27 | C26: 2.8
A27: 44 | B27: 24.66 | C27: 2.83
A28: 45 | B28: 25.07 | C28: 2.85
A29: 46 | B29: 25.48 | C29: 2.88
A30: 47 | B30: 25.9 | C30: 2.9
A31: 48 | B31: 26.34 | C31: 2.93
A32: 49 | B32: 26.78 | C32: 2.95

Sheet D2 (204)
A1: Government Actuary's Department
A2: =IF(title="> Enter workbook title here","Enter workbook title in Cover sheet",title) -> Police_EW - Consolidated Factor Spreadsheet
A3: =TABLE_FACTOR_TYPE&" - x-"&TABLE_SERIES_NUMBER -> CETV - x-204
A6: Data Item | B6: Factor Table Information
A7: Client | B7: Police_EW
A8: Section | B8: 1987
A9: Factor Type | B9: CETV
A10: Description | B10: CETV factors for deferred benefits payable from 50
A11: Gender | B11: Female
A12: Factor Age/Period Definition | B12: Age last birthday at relevant date
A13: Section Number | B13: 2
A14: Series Number | B14: 204
A15: Table Reference | B15: 2-204
A16: Table Reference in Guidance | B16: Table D2
A17: Associated Guidance Note | B17: =INDEX('Factor List'!$L:$L,MATCH(B$15,'Factor List'!$J:$J,0)) -> Police pension schemes (England & Wales): 1987 Scheme; Transfer values and pension sharing on divorce; Factors and guidance, dated 10 December 2020
A18: Date Factors Issued to Client | B18: ="24 May 2023" -> 24 May 2023
A19: Date Factors Implemented (if known)
A20: Factor Status | B20: =INDEX('Factor List'!$O:$O,MATCH(B$15,'Factor List'!$J:$J,0)) -> Issued
B22: =HYPERLINK("#'Factor List'!A1","Back to Factor List") -> Back to Factor List
A25: Age | B25: Pension of £1 per annum | C25: Survivor's pension of £1 per annum
A26: 43 | B26: 24.27 | C26: 2.8
A27: 44 | B27: 24.66 | C27: 2.83
A28: 45 | B28: 25.07 | C28: 2.85
A29: 46 | B29: 25.48 | C29: 2.88
A30: 47 | B30: 25.9 | C30: 2.9
A31: 48 | B31: 26.34 | C31: 2.93
A32: 49 | B32: 26.78 | C32: 2.95

Sheet NF1 (205)
A1: Government Actuary's Department
A2: =IF(title="> Enter workbook title here","Enter workbook title in Cover sheet",title) -> Police_EW - Consolidated Factor Spreadsheet
A3: =TABLE_FACTOR_TYPE&" - x-"&TABLE_SERIES_NUMBER -> CETV - x-205
A6: Data Item | B6: Factor Table Information
A7: Client | B7: Police_EW
A8: Section | B8: 1987
A9: Factor Type | B9: CETV
A10: Description | B10: Non club transfer value factors for active members entitled to immediate benefits
A11: Gender | B11: Male
A12: Factor Age/Period Definition | B12: Age last birthday at relevant date
A13: Section Number | B13: 2
A14: Series Number | B14: 205
A15: Table Reference | B15: 2-205
A16: Table Reference in Guidance | B16: Table NF1
A17: Associated Guidance Note | B17: =INDEX('Factor List'!$L:$L,MATCH(B$15,'Factor List'!$J:$J,0)) -> Police pension schemes (England & Wales): 1987 Scheme; Transfer values and pension sharing on divorce; Factors and guidance, dated 10 December 2020
A18: Date Factors Issued to Client | B18: ="24 May 2023" -> 24 May 2023
A19: Date Factors Implemented (if known)
A20: Factor Status | B20: =INDEX('Factor List'!$O:$O,MATCH(B$15,'Factor List'!$J:$J,0)) -> Issued
B22: =HYPERLINK("#'Factor List'!A1","Back to Factor List") -> Back to Factor List
A25: Age | B25: Pension of £1 per annum | C25: Survivor's pension of £1 per annum
A26: 48 | B26: 27.66 | C26: 2.92
A27: 49 | B27: 27.23 | C27: 2.94
A28: 50 | B28: 26.77 | C28: 2.97
A29: 51 | B29: 26.29 | C29: 3
A30: 52 | B30: 25.79 | C30: 3.02
A31: 53 | B31: 25.26 | C31: 3.05
A32: 54 | B32: 24.7 | C32: 3.08
A33: 55 | B33: 24.12 | C33: 3.1
A34: 56 | B34: 23.53 | C34: 3.13
A35: 57 | B35: 22.94 | C35: 3.15
A36: 58 | B36: 22.33 | C36: 3.17
A37: 59 | B37: 21.72 | C37: 3.19

Sheet F1 (205C)
A1: Government Actuary's Department
A2: =IF(title="> Enter workbook title here","Enter workbook title in Cover sheet",title) -> Police_EW - Consolidated Factor Spreadsheet
A4: Data Item | B4: Factor Table Information
A5: Client | B5: Police_EW
A6: Section | B6: 1987
A7: Factor Type | B7: CETV
A8: Description | B8: Club Transfer value factors for active members entitled to immediate benefits
A9: Gender | B9: Unisex
A10: Factor Age/Period Definition | B10: Age last birthday at relevant date
A11: Table Reference | B11: 205C
A12: Table Reference in Guidance | B12: Table F1
A13: Associated Guidance Note | B13: ='[3]Factor List'!I14 -> Police pension schemes (England & Wales): 1987 Scheme; Transfer values and pension sharing on divorce; Factors and guidance, dated 10 December 2020
A14: Date Factors Issued to Client | B14: 45196
A15: Date Factors Implemented (if known) | B15: 45200
A16: Factor Status | B16: Issued
B18: =HYPERLINK("#'Factor List'!A1","Back to Factor List") -> Back to Factor List
A21: Age | B21: Pension of £1 per annum | C21: Survivor's pension of £1 per annum
A22: 48 | B22: 28.36 | C22: 1.92
A23: 49 | B23: 27.93 | C23: 1.94
A24: 50 | B24: 27.48 | C24: 1.96
A25: 51 | B25: 27 | C25: 1.98
A26: 52 | B26: 26.5 | C26: 2
A27: 53 | B27: 25.98 | C27: 2.01
A28: 54 | B28: 25.43 | C28: 2.03
A29: 55 | B29: 24.85 | C29: 2.05
A30: 56 | B30: 24.27 | C30: 2.06
A31: 57 | B31: 23.68 | C31: 2.08
A32: 58 | B32: 23.08 | C32: 2.09
A33: 59 | B33: 22.48 | C33: 2.11

Sheet NF2 (206)
A1: Government Actuary's Department
A2: =IF(title="> Enter workbook title here","Enter workbook title in Cover sheet",title) -> Police_EW - Consolidated Factor Spreadsheet
A3: =TABLE_FACTOR_TYPE&" - x-"&TABLE_SERIES_NUMBER -> CETV - x-206
A6: Data Item | B6: Factor Table Information
A7: Client | B7: Police_EW
A8: Section | B8: 1987
A9: Factor Type | B9: CETV
A10: Description | B10: Non club transfer value factors for active members entitled to immediate benefits
A11: Gender | B11: Female
A12: Factor Age/Period Definition | B12: Age last birthday at relevant date
A13: Section Number | B13: 2
A14: Series Number | B14: 206
A15: Table Reference | B15: 2-206
A16: Table Reference in Guidance | B16: Table NF2
A17: Associated Guidance Note | B17: =INDEX('Factor List'!$L:$L,MATCH(B$15,'Factor List'!$J:$J,0)) -> Police pension schemes (England & Wales): 1987 Scheme; Transfer values and pension sharing on divorce; Factors and guidance, dated 10 December 2020
A18: Date Factors Issued to Client | B18: ="24 May 2023" -> 24 May 2023
A19: Date Factors Implemented (if known)
A20: Factor Status | B20: =INDEX('Factor List'!$O:$O,MATCH(B$15,'Factor List'!$J:$J,0)) -> Issued
B22: =HYPERLINK("#'Factor List'!A1","Back to Factor List") -> Back to Factor List
A25: Age | B25: Pension of £1 per annum | C25: Survivor's pension of £1 per annum
A26: 48 | B26: 27.66 | C26: 2.92
A27: 49 | B27: 27.23 | C27: 2.94
A28: 50 | B28: 26.77 | C28: 2.97
A29: 51 | B29: 26.29 | C29: 3
A30: 52 | B30: 25.79 | C30: 3.02
A31: 53 | B31: 25.26 | C31: 3.05
A32: 54 | B32: 24.7 | C32: 3.08
A33: 55 | B33: 24.12 | C33: 3.1
A34: 56 | B34: 23.53 | C34: 3.13
A35: 57 | B35: 22.94 | C35: 3.15
A36: 58 | B36: 22.33 | C36: 3.17
A37: 59 | B37: 21.72 | C37: 3.19

Sheet F2 (206C)
A1: Government Actuary's Department
A2: =IF(title="> Enter workbook title here","Enter workbook title in Cover sheet",title) -> Police_EW - Consolidated Factor Spreadsheet
A4: Data Item | B4: Factor Table Information
A5: Client | B5: Police_EW
A6: Section | B6: 1987
A7: Factor Type | B7: CETV
A8: Description | B8: Club Transfer value factors for active members entitled to immediate benefits
A9: Gender | B9: Female
A10: Factor Age/Period Definition | B10: Age last birthday at relevant date
A11: Table Reference | B11: 206C
A12: Table Reference in Guidance | B12: Table F2
A13: Associated Guidance Note | B13: ='[3]Factor List'!I16 -> Police pension schemes (England & Wales): 1987 Scheme; Transfer values and pension sharing on divorce; Factors and guidance, dated 10 December 2020
A14: Date Factors Issued to Client | B14: 45196
A15: Date Factors Implemented (if known) | B15: 45200
A16: Factor Status | B16: Issued
B18: =HYPERLINK("#'Factor List'!A1","Back to Factor List") -> Back to Factor List
A21: Age | B21: Pension of £1 per annum | C21: Survivor's pension of £1 per annum
A22: 48 | B22: 28.36 | C22: 1.92
A23: 49 | B23: 27.93 | C23: 1.94
A24: 50 | B24: 27.48 | C24: 1.96
A25: 51 | B25: 27 | C25: 1.98
A26: 52 | B26: 26.5 | C26: 2
A27: 53 | B27: 25.98 | C27: 2.01
A28: 54 | B28: 25.43 | C28: 2.03
A29: 55 | B29: 24.85 | C29: 2.05
A30: 56 | B30: 24.27 | C30: 2.06
A31: 57 | B31: 23.68 | C31: 2.08
A32: 58 | B32: 23.08 | C32: 2.09
A33: 59 | B33: 22.48 | C33: 2.11

Sheet NA1_06 (207)
A1: Government Actuary's Department
A2: =IF(title="> Enter workbook title here","Enter workbook title in Cover sheet",title) -> Police_EW - Consolidated Factor Spreadsheet
A3: =TABLE_FACTOR_TYPE&" - x-"&TABLE_SERIES_NUMBER -> CETV - x-207
A6: Data Item | B6: Factor Table Information
A7: Client | B7: Police_EW
A8: Section | B8: 2006
A9: Factor Type | B9: CETV
A10: Description | B10: Non club transfer value factors for deferred benefits payable from 65
A11: Gender | B11: Male
A12: Factor Age/Period Definition | B12: Age last birthday at relevant date
A13: Section Number | B13: 1
A14: Series Number | B14: 207
A15: Table Reference | B15: 1-207
A16: Table Reference in Guidance | B16: Table NA1_06
A17: Associated Guidance Note | B17: =INDEX('Factor List'!$L:$L,MATCH(B$15,'Factor List'!$J:$J,0)) -> Police pension schemes (England & Wales): 2006 Scheme; Transfer values and pension sharing on divorce; Factors and guidance, dated 10 December 2020
A18: Date Factors Issued to Client | B18: ="24 May 2023" -> 24 May 2023
A19: Date Factors Implemented (if known)
A20: Factor Status | B20: =INDEX('Factor List'!$O:$O,MATCH(B$15,'Factor List'!$J:$J,0)) -> Issued
B22: =HYPERLINK("#'Factor List'!A1","Back to Factor List") -> Back to Factor List
A25: Age | B25: Gross pension of £1 per annum | C25: Lump sum of £1 | D25: Surviving partner's pension of £1 pa
A26: 18 | B26: 9 | C26: 0.46 | D26: 2.17
A27: 19 | B27: 9.13 | C27: 0.46 | D27: 2.26
A28: 20 | B28: 9.26 | C28: 0.47 | D28: 2.29
A29: 21 | B29: 9.4 | C29: 0.48 | D29: 2.33
A30: 22 | B30: 9.53 | C30: 0.49 | D30: 2.37
A31: 23 | B31: 9.66 | C31: 0.5 | D31: 2.41
A32: 24 | B32: 9.8 | C32: 0.51 | D32: 2.44
A33: 25 | B33: 9.94 | C33: 0.51 | D33: 2.48
A34: 26 | B34: 10.08 | C34: 0.52 | D34: 2.52
A35: 27 | B35: 10.23 | C35: 0.53 | D35: 2.56
A36: 28 | B36: 10.37 | C36: 0.54 | D36: 2.6
A37: 29 | B37: 10.52 | C37: 0.55 | D37: 2.63
... A72: 64 | B72: 18.09 | C72: 0.99 | D72: 3.49

Sheet NA2_06 (208)
A1: Government Actuary's Department
A2: =IF(title="> Enter workbook title here","Enter workbook title in Cover sheet",title) -> Police_EW - Consolidated Factor Spreadsheet
A3: =TABLE_FACTOR_TYPE&" - x-"&TABLE_SERIES_NUMBER -> CETV - x-208
A6: Data Item | B6: Factor Table Information
A7: Client | B7: Police_EW
A8: Section | B8: 2006
A9: Factor Type | B9: CETV
A10: Description | B10: Non club transfer value factors for deferred benefits payable from 65 - Females aged below 60
A11: Gender | B11: Female
A12: Factor Age/Period Definition | B12: Age last birthday at relevant date
A13: Section Number | B13: 1
A14: Series Number | B14: 208
A15: Table Reference | B15: 1-208
A16: Table Reference in Guidance | B16: Table NA2_06
A17: Associated Guidance Note | B17: =INDEX('Factor List'!$L:$L,MATCH(B$15,'Factor List'!$J:$J,0)) -> Police pension schemes (England & Wales): 2006 Scheme; Transfer values and pension sharing on divorce; Factors and guidance, dated 10 December 2020
A18: Date Factors Issued to Client | B18: ="24 May 2023" -> 24 May 2023
A19: Date Factors Implemented (if known)
A20: Factor Status | B20: =INDEX('Factor List'!$O:$O,MATCH(B$15,'Factor List'!$J:$J,0)) -> Issued
B22: =HYPERLINK("#'Factor List'!A1","Back to Factor List") -> Back to Factor List
A25: Age | B25: Gross pension of £1 per annum | C25: Lump sum of £1 | D25: Surviving partner's pension of £1 pa
A26: 18 | B26: 9 | C26: 0.46 | D26: 2.17
A27: 19 | B27: 9.13 | C27: 0.46 | D27: 2.26
A28: 20 | B28: 9.26 | C28: 0.47 | D28: 2.29
A29: 21 | B29: 9.4 | C29: 0.48 | D29: 2.33
A30: 22 | B30: 9.53 | C30: 0.49 | D30: 2.37
A31: 23 | B31: 9.66 | C31: 0.5 | D31: 2.41
A32: 24 | B32: 9.8 | C32: 0.51 | D32: 2.44
A33: 25 | B33: 9.94 | C33: 0.51 | D33: 2.48
A34: 26 | B34: 10.08 | C34: 0.52 | D34: 2.52
A35: 27 | B35: 10.23 | C35: 0.53 | D35: 2.56
A36: 28 | B36: 10.37 | C36: 0.54 | D36: 2.6
A37: 29 | B37: 10.52 | C37: 0.55 | D37: 2.63
... A67: 59 | B67: 16.53 | C67: 0.91 | D67: 3.49

Sheet NA3_06 (209)
A1: Government Actuary's Department
A2: =IF(title="> Enter workbook title here","Enter workbook title in Cover sheet",title) -> Police_EW - Consolidated Factor Spreadsheet
A3: =TABLE_FACTOR_TYPE&" - x-"&TABLE_SERIES_NUMBER -> CETV - x-209
A6: Data Item | B6: Factor Table Information
A7: Client | B7: Police_EW
A8: Section | B8: 2006
A9: Factor Type | B9: CETV
A10: Description | B10: Non club transfer value factors for deferred benefits payable from 65 - Females aged 60 and over
A11: Gender | B11: Female
A12: Factor Age/Period Definition | B12: Age last birthday at relevant date
A13: Section Number | B13: 1
A14: Series Number | B14: 209
A15: Table Reference | B15: 1-209
A16: Table Reference in Guidance | B16: Table NA3_06
A17: Associated Guidance Note | B17: =INDEX('Factor List'!$L:$L,MATCH(B$15,'Factor List'!$J:$J,0)) -> Police pension schemes (England & Wales): 2006 Scheme; Transfer values and pension sharing on divorce; Factors and guidance, dated 10 December 2020
A18: Date Factors Issued to Client | B18: ="24 May 2023" -> 24 May 2023
A19: Date Factors Implemented (if known)
A20: Factor Status | B20: =INDEX('Factor List'!$O:$O,MATCH(B$15,'Factor List'!$J:$J,0)) -> Issued
B22: =HYPERLINK("#'Factor List'!A1","Back to Factor List") -> Back to Factor List
A25: Age | B25: Gross pension of £1 per annum | C25: Lump sum of £1 | D25: Surviving partner's pension of £1 pa
A26: 60 | B26: 16.82 | C26: 0.93 | D26: 3.5
A27: 61 | B27: 17.11 | C27: 0.94 | D27: 3.5
A28: 62 | B28: 17.42 | C28: 0.96 | D28: 3.5
A29: 63 | B29: 17.75 | C29: 0.98 | D29: 3.5
A30: 64 | B30: 18.09 | C30: 0.99 | D30: 3.49

Sheet NF1_06 (210)
A1: Government Actuary's Department
A2: =IF(title="> Enter workbook title here","Enter workbook title in Cover sheet",title) -> Police_EW - Consolidated Factor Spreadsheet
A3: =TABLE_FACTOR_TYPE&" - x-"&TABLE_SERIES_NUMBER -> CETV - x-210
A6: Data Item | B6: Factor Table Information
A7: Client | B7: Police_EW
A8: Section | B8: 2006
A9: Factor Type | B9: CETV
A10: Description | B10: Non club transfer value factors for active members entitled to immediate benefits
A11: Gender | B11: Male
A12: Factor Age/Period Definition | B12: Age last birthday at relevant date
A13: Section Number | B13: 1
A14: Series Number | B14: 210
A15: Table Reference | B15: 1-210
A16: Table Reference in Guidance | B16: Table NF1_06
A17: Associated Guidance Note | B17: =INDEX('Factor List'!$L:$L,MATCH(B$15,'Factor List'!$J:$J,0)) -> Police pension schemes (England & Wales): 2006 Scheme; Transfer values and pension sharing on divorce; Factors and guidance, dated 10 December 2020
A18: Date Factors Issued to Client | B18: ="24 May 2023" -> 24 May 2023
A19: Date Factors Implemented (if known)
A20: Factor Status | B20: =INDEX('Factor List'!$O:$O,MATCH(B$15,'Factor List'!$J:$J,0)) -> Issued
B22: =HYPERLINK("#'Factor List'!A1","Back to Factor List") -> Back to Factor List
A25: Age | B25: Pension of £1 per annum | C25: Lump sum of £1 | D25: Survivor's pension of £1 per annum
A26: 55 | B26: 24.12 | C26: 1 | D26: 3.3
A27: 56 | B27: 23.53 | C27: 1 | D27: 3.32
A28: 57 | B28: 22.94 | C28: 1 | D28: 3.35
A29: 58 | B29: 22.33 | C29: 1 | D29: 3.37
A30: 59 | B30: 21.72 | C30: 1 | D30: 3.38
A31: 60 | B31: 21.11 | C31: 1 | D31: 3.39
A32: 61 | B32: 20.48 | C32: 1 | D32: 3.41
A33: 62 | B33: 19.86 | C33: 1 | D33: 3.43
A34: 63 | B34: 19.22 | C34: 1 | D34: 3.45
A35: 64 | B35: 18.59 | C35: 1 | D35: 3.33

Sheet NF2_06 (211)
A1: Government Actuary's Department
A2: =IF(title="> Enter workbook title here","Enter workbook title in Cover sheet",title) -> Police_EW - Consolidated Factor Spreadsheet
A3: =TABLE_FACTOR_TYPE&" - x-"&TABLE_SERIES_NUMBER -> CETV - x-211
A6: Data Item | B6: Factor Table Information
A7: Client | B7: Police_EW
A8: Section | B8: 2006
A9: Factor Type | B9: CETV
A10: Description | B10: Non club transfer value factors for active members entitled to immediate benefits
A11: Gender | B11: Female
A12: Factor Age/Period Definition | B12: Age last birthday at relevant date
A13: Section Number | B13: 1
A14: Series Number | B14: 211
A15: Table Reference | B15: 1-211
A16: Table Reference in Guidance | B16: Table NF2_06
A17: Associated Guidance Note | B17: =INDEX('Factor List'!$L:$L,MATCH(B$15,'Factor List'!$J:$J,0)) -> Police pension schemes (England & Wales): 2006 Scheme; Transfer values and pension sharing on divorce; Factors and guidance, dated 10 December 2020
A18: Date Factors Issued to Client | B18: ="24 May 2023" -> 24 May 2023
A19: Date Factors Implemented (if known)
A20: Factor Status | B20: =INDEX('Factor List'!$O:$O,MATCH(B$15,'Factor List'!$J:$J,0)) -> Issued
B22: =HYPERLINK("#'Factor List'!A1","Back to Factor List") -> Back to Factor List
A25: Age | B25: Pension of £1 per annum | C25: Lump sum of £1 | D25: Survivor's pension of £1 per annum
A26: 55 | B26: 24.12 | C26: 1 | D26: 3.3
A27: 56 | B27: 23.53 | C27: 1 | D27: 3.32
A28: 57 | B28: 22.94 | C28: 1 | D28: 3.35
A29: 58 | B29: 22.33 | C29: 1 | D29: 3.37
A30: 59 | B30: 21.72 | C30: 1 | D30: 3.38
A31: 60 | B31: 21.11 | C31: 1 | D31: 3.39
A32: 61 | B32: 20.48 | C32: 1 | D32: 3.41
A33: 62 | B33: 19.86 | C33: 1 | D33: 3.43
A34: 63 | B34: 19.22 | C34: 1 | D34: 3.45
A35: 64 | B35: 18.59 | C35: 1 | D35: 3.33

Sheet NA1_15_65 (212)
A1: Government Actuary's Department
A2: =IF(title="> Enter workbook title here","Enter workbook title in Cover sheet",title) -> Police_EW - Consolidated Factor Spreadsheet
A3: =TABLE_FACTOR_TYPE&" - x-"&TABLE_SERIES_NUMBER -> CETV - x-212
A6: Data Item | B6: Factor Table Information
A7: Client | B7: Police_EW
A8: Section | B8: 2015
A9: Factor Type | B9: CETV
A10: Description | B10: Non club transfer value factors for deferred benefits payable from NPA 65
A11: Gender | B11: Male
A12: Factor Age/Period Definition | B12: Age last birthday at relevant date
A13: Section Number | B13: 0
A14: Series Number | B14: 212
A15: Table Reference | B15: 0-212
A16: Table Reference in Guidance | B16: Table NA1_15_65
A17: Associated Guidance Note | B17: =INDEX('Factor List'!$L:$L,MATCH(B$15,'Factor List'!$J:$J,0)) -> Police pension schemes (England & Wales): 2015 Scheme; Transfer values and pension sharing on divorce; Factors and guidance, dated 10 December 2020
A18: Date Factors Issued to Client | B18: ="24 May 2023" -> 24 May 2023
A19: Date Factors Implemented (if known)
A20: Factor Status | B20: =INDEX('Factor List'!$O:$O,MATCH(B$15,'Factor List'!$J:$J,0)) -> Issued
B22: =HYPERLINK("#'Factor List'!A1","Back to Factor List") -> Back to Factor List
A25: Age | B25: Gross pension of £1 per annum | C25: Surviving partner's pension of £1 pa
A26: 18 | B26: 9 | C26: 2.17
A27: 19 | B27: 9.13 | C27: 2.26
A28: 20 | B28: 9.26 | C28: 2.29
A29: 21 | B29: 9.4 | C29: 2.33
A30: 22 | B30: 9.53 | C30: 2.37
A31: 23 | B31: 9.66 | C31: 2.41
A32: 24 | B32: 9.8 | C32: 2.44
A33: 25 | B33: 9.94 | C33: 2.48
A34: 26 | B34: 10.08 | C34: 2.52
A35: 27 | B35: 10.23 | C35: 2.56
A36: 28 | B36: 10.37 | C36: 2.6
A37: 29 | B37: 10.52 | C37: 2.63
... A72: 64 | B72: 18.09 | C72: 3.49

Sheet NA1_15_66 (213)
A1: Government Actuary's Department
A2: =IF(title="> Enter workbook title here","Enter workbook title in Cover sheet",title) -> Police_EW - Consolidated Factor Spreadsheet
A3: =TABLE_FACTOR_TYPE&" - x-"&TABLE_SERIES_NUMBER -> CETV - x-213
A6: Data Item | B6: Factor Table Information
A7: Client | B7: Police_EW
A8: Section | B8: 2015
A9: Factor Type | B9: CETV
A10: Description | B10: Non club transfer value factors for deferred benefits payable from NPA 66
A11: Gender | B11: Male
A12: Factor Age/Period Definition | B12: Age last birthday at relevant date
A13: Section Number | B13: 0
A14: Series Number | B14: 213
A15: Table Reference | B15: 0-213
A16: Table Reference in Guidance | B16: Table NA1_15_66
A17: Associated Guidance Note | B17: =INDEX('Factor List'!$L:$L,MATCH(B$15,'Factor List'!$J:$J,0)) -> Police pension schemes (England & Wales): 2015 Scheme; Transfer values and pension sharing on divorce; Factors and guidance, dated 10 December 2020
A18: Date Factors Issued to Client | B18: ="24 May 2023" -> 24 May 2023
A19: Date Factors Implemented (if known)
A20: Factor Status | B20: =INDEX('Factor List'!$O:$O,MATCH(B$15,'Factor List'!$J:$J,0)) -> Issued
B22: =HYPERLINK("#'Factor List'!A1","Back to Factor List") -> Back to Factor List
A25: Age | B25: Gross pension of £1 per annum | C25: Surviving partner's pension of £1 pa
A26: 18 | B26: 8.57 | C26: 2.17
A27: 19 | B27: 8.7 | C27: 2.27
A28: 20 | B28: 8.82 | C28: 2.3
A29: 21 | B29: 8.94 | C29: 2.34
A30: 22 | B30: 9.07 | C30: 2.38
A31: 23 | B31: 9.2 | C31: 2.42
A32: 24 | B32: 9.33 | C32: 2.45
A33: 25 | B33: 9.46 | C33: 2.49
A34: 26 | B34: 9.59 | C34: 2.53
A35: 27 | B35: 9.73 | C35: 2.57
A36: 28 | B36: 9.87 | C36: 2.61
A37: 29 | B37: 10.01 | C37: 2.65
... A73: 65 | B73: 17.45 | C73: 3.5

Sheet NA1_15_67 (214)
A1: Government Actuary's Department
A2: =IF(title="> Enter workbook title here","Enter workbook title in Cover sheet",title) -> Police_EW - Consolidated Factor Spreadsheet
A3: =TABLE_FACTOR_TYPE&" - x-"&TABLE_SERIES_NUMBER -> CETV - x-214
A6: Data Item | B6: Factor Table Information
A7: Client | B7: Police_EW
A8: Section | B8: 2015
A9: Factor Type | B9: CETV
A10: Description | B10: Non club transfer value factors for deferred benefits payable from NPA 67
A11: Gender | B11: Male
A12: Factor Age/Period Definition | B12: Age last birthday at relevant date
A13: Section Number | B13: 0
A14: Series Number | B14: 214
A15: Table Reference | B15: 0-214
A16: Table Reference in Guidance | B16: Table NA1_15_67
A17: Associated Guidance Note | B17: =INDEX('Factor List'!$L:$L,MATCH(B$15,'Factor List'!$J:$J,0)) -> Police pension schemes (England & Wales): 2015 Scheme; Transfer values and pension sharing on divorce; Factors and guidance, dated 10 December 2020
A18: Date Factors Issued to Client | B18: ="24 May 2023" -> 24 May 2023
A19: Date Factors Implemented (if known)
A20: Factor Status | B20: =INDEX('Factor List'!$O:$O,MATCH(B$15,'Factor List'!$J:$J,0)) -> Issued
B22: =HYPERLINK("#'Factor List'!A1","Back to Factor List") -> Back to Factor List
A25: Age | B25: Gross pension of £1 per annum | C25: Surviving partner's pension of £1 pa
A26: 18 | B26: 8.15 | C26: 2.18
A27: 19 | B27: 8.27 | C27: 2.28
A28: 20 | B28: 8.38 | C28: 2.31
A29: 21 | B29: 8.5 | C29: 2.35
A30: 22 | B30: 8.62 | C30: 2.39
A31: 23 | B31: 8.74 | C31: 2.43
A32: 24 | B32: 8.86 | C32: 2.46
A33: 25 | B33: 8.99 | C33: 2.5
A34: 26 | B34: 9.11 | C34: 2.54
A35: 27 | B35: 9.24 | C35: 2.58
A36: 28 | B36: 9.37 | C36: 2.62
A37: 29 | B37: 9.5 | C37: 2.66
... A74: 66 | B74: 16.81 | C74: 3.5

Sheet NA1_15_68 (215)
A1: Government Actuary's Department
A2: =IF(title="> Enter workbook title here","Enter workbook title in Cover sheet",title) -> Police_EW - Consolidated Factor Spreadsheet
A3: =TABLE_FACTOR_TYPE&" - x-"&TABLE_SERIES_NUMBER -> CETV - x-215
A6: Data Item | B6: Factor Table Information
A7: Client | B7: Police_EW
A8: Section | B8: 2015
A9: Factor Type | B9: CETV
A10: Description | B10: Non club transfer value factors for deferred benefits payable from NPA 68
A11: Gender | B11: Male
A12: Factor Age/Period Definition | B12: Age last birthday at relevant date
A13: Section Number | B13: 0
A14: Series Number | B14: 215
A15: Table Reference | B15: 0-215
A16: Table Reference in Guidance | B16: Table NA1_15_68
A17: Associated Guidance Note | B17: =INDEX('Factor List'!$L:$L,MATCH(B$15,'Factor List'!$J:$J,0)) -> Police pension schemes (England & Wales): 2015 Scheme; Transfer values and pension sharing on divorce; Factors and guidance, dated 10 December 2020
A18: Date Factors Issued to Client | B18: ="24 May 2023" -> 24 May 2023
A19: Date Factors Implemented (if known)
A20: Factor Status | B20: =INDEX('Factor List'!$O:$O,MATCH(B$15,'Factor List'!$J:$J,0)) -> Issued
B22: =HYPERLINK("#'Factor List'!A1","Back to Factor List") -> Back to Factor List
A25: Age | B25: Gross pension of £1 per annum | C25: Surviving partner's pension of £1 pa
A26: 18 | B26: 7.74 | C26: 2.19
A27: 19 | B27: 7.85 | C27: 2.29
A28: 20 | B28: 7.96 | C28: 2.32
A29: 21 | B29: 8.07 | C29: 2.36
A30: 22 | B30: 8.18 | C30: 2.4
A31: 23 | B31: 8.29 | C31: 2.44
A32: 24 | B32: 8.41 | C32: 2.48
A33: 25 | B33: 8.52 | C33: 2.52
A34: 26 | B34: 8.64 | C34: 2.56
A35: 27 | B35: 8.76 | C35: 2.59
A36: 28 | B36: 8.88 | C36: 2.63
A37: 29 | B37: 9 | C37: 2.67
... A75: 67 | B75: 16.16 | C75: 3.51

Sheet NA2_15_65 (216)
A1: Government Actuary's Department
A2: =IF(title="> Enter workbook title here","Enter workbook title in Cover sheet",title) -> Police_EW - Consolidated Factor Spreadsheet
A3: =TABLE_FACTOR_TYPE&" - x-"&TABLE_SERIES_NUMBER -> CETV - x-216
A6: Data Item | B6: Factor Table Information
A7: Client | B7: Police_EW
A8: Section | B8: 2015
A9: Factor Type | B9: CETV
A10: Description | B10: Non club transfer value factors for deferred benefits payable from NPA 65
A11: Gender | B11: Female
A12: Factor Age/Period Definition | B12: Age last birthday at relevant date
A13: Section Number | B13: 0
A14: Series Number | B14: 216
A15: Table Reference | B15: 0-216
A16: Table Reference in Guidance | B16: Table NA2_15_65
A17: Associated Guidance Note | B17: =INDEX('Factor List'!$L:$L,MATCH(B$15,'Factor List'!$J:$J,0)) -> Police pension schemes (England & Wales): 2015 Scheme; Transfer values and pension sharing on divorce; Factors and guidance, dated 10 December 2020
A18: Date Factors Issued to Client | B18: ="24 May 2023" -> 24 May 2023
A19: Date Factors Implemented (if known)
A20: Factor Status | B20: =INDEX('Factor List'!$O:$O,MATCH(B$15,'Factor List'!$J:$J,0)) -> Issued
B22: =HYPERLINK("#'Factor List'!A1","Back to Factor List") -> Back to Factor List
A25: Age | B25: Gross pension of £1 per annum | C25: Surviving partner's pension of £1 pa
A26: 18 | B26: 9 | C26: 2.17
A27: 19 | B27: 9.13 | C27: 2.26
A28: 20 | B28: 9.26 | C28: 2.29
A29: 21 | B29: 9.4 | C29: 2.33
A30: 22 | B30: 9.53 | C30: 2.37
A31: 23 | B31: 9.66 | C31: 2.41
A32: 24 | B32: 9.8 | C32: 2.44
A33: 25 | B33: 9.94 | C33: 2.48
A34: 26 | B34: 10.08 | C34: 2.52
A35: 27 | B35: 10.23 | C35: 2.56
A36: 28 | B36: 10.37 | C36: 2.6
A37: 29 | B37: 10.52 | C37: 2.63
... A72: 64 | B72: 18.09 | C72: 3.49

Sheet NA2_15_66 (217)
A1: Government Actuary's Department
A2: =IF(title="> Enter workbook title here","Enter workbook title in Cover sheet",title) -> Police_EW - Consolidated Factor Spreadsheet
A3: =TABLE_FACTOR_TYPE&" - x-"&TABLE_SERIES_NUMBER -> CETV - x-217
A6: Data Item | B6: Factor Table Information
A7: Client | B7: Police_EW
A8: Section | B8: 2015
A9: Factor Type | B9: CETV
A10: Description | B10: Non club transfer value factors for deferred benefits payable from NPA 66
A11: Gender | B11: Female
A12: Factor Age/Period Definition | B12: Age last birthday at relevant date
A13: Section Number | B13: 0
A14: Series Number | B14: 217
A15: Table Reference | B15: 0-217
A16: Table Reference in Guidance | B16: Table NA2_15_66
A17: Associated Guidance Note | B17: =INDEX('Factor List'!$L:$L,MATCH(B$15,'Factor List'!$J:$J,0)) -> Police pension schemes (England & Wales): 2015 Scheme; Transfer values and pension sharing on divorce; Factors and guidance, dated 10 December 2020
A18: Date Factors Issued to Client | B18: ="24 May 2023" -> 24 May 2023
A19: Date Factors Implemented (if known)
A20: Factor Status | B20: =INDEX('Factor List'!$O:$O,MATCH(B$15,'Factor List'!$J:$J,0)) -> Issued
B22: =HYPERLINK("#'Factor List'!A1","Back to Factor List") -> Back to Factor List
A25: Age | B25: Gross pension of £1 per annum | C25: Surviving partner's pension of £1 pa
A26: 18 | B26: 8.57 | C26: 2.17
A27: 19 | B27: 8.7 | C27: 2.27
A28: 20 | B28: 8.82 | C28: 2.3
A29: 21 | B29: 8.94 | C29: 2.34
A30: 22 | B30: 9.07 | C30: 2.38
A31: 23 | B31: 9.2 | C31: 2.42
A32: 24 | B32: 9.33 | C32: 2.45
A33: 25 | B33: 9.46 | C33: 2.49
A34: 26 | B34: 9.59 | C34: 2.53
A35: 27 | B35: 9.73 | C35: 2.57
A36: 28 | B36: 9.87 | C36: 2.61
A37: 29 | B37: 10.01 | C37: 2.65
... A73: 65 | B73: 17.45 | C73: 3.5

Sheet NA2_15_67 (218)
A1: Government Actuary's Department
A2: =IF(title="> Enter workbook title here","Enter workbook title in Cover sheet",title) -> Police_EW - Consolidated Factor Spreadsheet
A3: =TABLE_FACTOR_TYPE&" - x-"&TABLE_SERIES_NUMBER -> CETV - x-218
A6: Data Item | B6: Factor Table Information
A7: Client | B7: Police_EW
A8: Section | B8: 2015
A9: Factor Type | B9: CETV
A10: Description | B10: Non club transfer value factors for deferred benefits payable from NPA 67
A11: Gender | B11: Female
A12: Factor Age/Period Definition | B12: Age last birthday at relevant date
A13: Section Number | B13: 0
A14: Series Number | B14: 218
A15: Table Reference | B15: 0-218
A16: Table Reference in Guidance | B16: Table NA2_15_67
A17: Associated Guidance Note | B17: =INDEX('Factor List'!$L:$L,MATCH(B$15,'Factor List'!$J:$J,0)) -> Police pension schemes (England & Wales): 2015 Scheme; Transfer values and pension sharing on divorce; Factors and guidance, dated 10 December 2020
A18: Date Factors Issued to Client | B18: ="24 May 2023" -> 24 May 2023
A19: Date Factors Implemented (if known)
A20: Factor Status | B20: =INDEX('Factor List'!$O:$O,MATCH(B$15,'Factor List'!$J:$J,0)) -> Issued
B22: =HYPERLINK("#'Factor List'!A1","Back to Factor List") -> Back to Factor List
A25: Age | B25: Gross pension of £1 per annum | C25: Surviving partner's pension of £1 pa
A26: 18 | B26: 8.15 | C26: 2.18
A27: 19 | B27: 8.27 | C27: 2.28
A28: 20 | B28: 8.38 | C28: 2.31
A29: 21 | B29: 8.5 | C29: 2.35
A30: 22 | B30: 8.62 | C30: 2.39
A31: 23 | B31: 8.74 | C31: 2.43
A32: 24 | B32: 8.86 | C32: 2.46
A33: 25 | B33: 8.99 | C33: 2.5
A34: 26 | B34: 9.11 | C34: 2.54
A35: 27 | B35: 9.24 | C35: 2.58
A36: 28 | B36: 9.37 | C36: 2.62
A37: 29 | B37: 9.5 | C37: 2.66
... A74: 66 | B74: 16.81 | C74: 3.5

Sheet NA2_15_68 (219)
A1: Government Actuary's Department
A2: =IF(title="> Enter workbook title here","Enter workbook title in Cover sheet",title) -> Police_EW - Consolidated Factor Spreadsheet
A3: =TABLE_FACTOR_TYPE&" - x-"&TABLE_SERIES_NUMBER -> CETV - x-219
A6: Data Item | B6: Factor Table Information
A7: Client | B7: Police_EW
A8: Section | B8: 2015
A9: Factor Type | B9: CETV
A10: Description | B10: Non club transfer value factors for deferred benefits payable from NPA 68
A11: Gender | B11: Female
A12: Factor Age/Period Definition | B12: Age last birthday at relevant date
A13: Section Number | B13: 0
A14: Series Number | B14: 219
A15: Table Reference | B15: 0-219
A16: Table Reference in Guidance | B16: Table NA2_15_68
A17: Associated Guidance Note | B17: =INDEX('Factor List'!$L:$L,MATCH(B$15,'Factor List'!$J:$J,0)) -> Police pension schemes (England & Wales): 2015 Scheme; Transfer values and pension sharing on divorce; Factors and guidance, dated 10 December 2020
A18: Date Factors Issued to Client | B18: ="24 May 2023" -> 24 May 2023
A19: Date Factors Implemented (if known)
A20: Factor Status | B20: =INDEX('Factor List'!$O:$O,MATCH(B$15,'Factor List'!$J:$J,0)) -> Issued
B22: =HYPERLINK("#'Factor List'!A1","Back to Factor List") -> Back to Factor List
A25: Age | B25: Gross pension of £1 per annum | C25: Surviving partner's pension of £1 pa
A26: 18 | B26: 7.74 | C26: 2.19
A27: 19 | B27: 7.85 | C27: 2.29
A28: 20 | B28: 7.96 | C28: 2.32
A29: 21 | B29: 8.07 | C29: 2.36
A30: 22 | B30: 8.18 | C30: 2.4
A31: 23 | B31: 8.29 | C31: 2.44
A32: 24 | B32: 8.41 | C32: 2.48
A33: 25 | B33: 8.52 | C33: 2.52
A34: 26 | B34: 8.64 | C34: 2.56
A35: 27 | B35: 8.76 | C35: 2.59
A36: 28 | B36: 8.88 | C36: 2.63
A37: 29 | B37: 9 | C37: 2.67
... A75: 67 | B75: 16.16 | C75: 3.51

Sheet NF1_15 (220)
A1: Government Actuary's Department
A2: =IF(title="> Enter workbook title here","Enter workbook title in Cover sheet",title) -> Police_EW - Consolidated Factor Spreadsheet
A3: =TABLE_FACTOR_TYPE&" - x-"&TABLE_SERIES_NUMBER -> CETV - x-220
A6: Data Item | B6: Factor Table Information
A7: Client | B7: Police_EW
A8: Section | B8: 2015
A9: Factor Type | B9: CETV
A10: Description | B10: Non club transfer value factors for active members entitled to immediate benefits
A11: Gender | B11: Male
A12: Factor Age/Period Definition | B12: Age last birthday at relevant date
A13: Section Number | B13: 0
A14: Series Number | B14: 220
A15: Table Reference | B15: 0-220
A16: Table Reference in Guidance | B16: Table NF1_15
A17: Associated Guidance Note | B17: =INDEX('Factor List'!$L:$L,MATCH(B$15,'Factor List'!$J:$J,0)) -> Police pension schemes (England & Wales): 2015 Scheme; Transfer values and pension sharing on divorce; Factors and guidance, dated 10 December 2020
A18: Date Factors Issued to Client | B18: ="24 May 2023" -> 24 May 2023
A19: Date Factors Implemented (if known)
A20: Factor Status | B20: =INDEX('Factor List'!$O:$O,MATCH(B$15,'Factor List'!$J:$J,0)) -> Issued
B22: =HYPERLINK("#'Factor List'!A1","Back to Factor List") -> Back to Factor List
A25: Age | B25: Pension of £1 per annum | C25: Survivor's pension of £1 per annum
A26: 60 | B26: 21.11 | C26: 3.39
A27: 61 | B27: 20.48 | C27: 3.41
A28: 62 | B28: 19.86 | C28: 3.43
A29: 63 | B29: 19.22 | C29: 3.45
A30: 64 | B30: 18.59 | C30: 3.33

Sheet NF2_15 (221)
A1: Government Actuary's Department
A2: =IF(title="> Enter workbook title here","Enter workbook title in Cover sheet",title) -> Police_EW - Consolidated Factor Spreadsheet
A3: =TABLE_FACTOR_TYPE&" - x-"&TABLE_SERIES_NUMBER -> CETV - x-221
A6: Data Item | B6: Factor Table Information
A7: Client | B7: Police_EW
A8: Section | B8: 2015
A9: Factor Type | B9: CETV
A10: Description | B10: Non club transfer value factors for active members entitled to immediate benefits
A11: Gender | B11: Female
A12: Factor Age/Period Definition | B12: Age last birthday at relevant date
A13: Section Number | B13: 0
A14: Series Number | B14: 221
A15: Table Reference | B15: 0-221
A16: Table Reference in Guidance | B16: Table NF2_15
A17: Associated Guidance Note | B17: =INDEX('Factor List'!$L:$L,MATCH(B$15,'Factor List'!$J:$J,0)) -> Police pension schemes (England & Wales): 2015 Scheme; Transfer values and pension sharing on divorce; Factors and guidance, dated 10 December 2020
A18: Date Factors Issued to Client | B18: ="24 May 2023" -> 24 May 2023
A19: Date Factors Implemented (if known)
A20: Factor Status | B20: =INDEX('Factor List'!$O:$O,MATCH(B$15,'Factor List'!$J:$J,0)) -> Issued
B22: =HYPERLINK("#'Factor List'!A1","Back to Factor List") -> Back to Factor List
A25: Age | B25: Pension of £1 per annum | C25: Survivor's pension of £1 per annum
A26: 60 | B26: 21.11 | C26: 3.39
A27: 61 | B27: 20.48 | C27: 3.41
A28: 62 | B28: 19.86 | C28: 3.43
A29: 63 | B29: 19.22 | C29: 3.45
A30: 64 | B30: 18.59 | C30: 3.33

Sheet TVIN_15M (226)
A1: Government Actuary's Department
A2: ='[4]Purpose of spreadsheet'!A2 -> Police_EW - TV in factors
A5: Data Item | B5: Factor Table Information
A6: Client | B6: Police_EW
A7: Section | B7: 2015
A8: Factor Type | B8: TV In (non-club)
A9: Description | B9: Factors for non-club incoming transfers
A10: Gender | B10: Male
A11: Factor Age/Period Definition | B11: Age last birthday at relevant date
A12: Table Reference | B12: 226
A13: Table Reference in Guidance | B13: Table TVIN_15M
A14: Associated Guidance Note | B14: ='[3]Factor List'!I36 -> Police pension scheme (England & Wales): 2015 Scheme; Non-Club incoming transfers; Factors and guidance dated 10 December 2020
A15: Date Factors Issued to Client | B15: ="29 June 2023" -> 29 June 2023
A16: Date Factors Implemented (if known)
A17: Factor Status | B17: Issued
B19: =HYPERLINK("#'Factor List'!A1","Back to Factor List") -> Back to Factor List
A22: Age | B22: Gross pension of £1 pa | C22: Survivor's pension of £1 pa
A23: 18 | B23: 19.62 | C23: 2.84
A24: 19 | B24: 19.67 | C24: 2.97
A25: 20 | B25: 19.73 | C25: 3.18
A26: 21 | B26: 19.78 | C26: 3.33
A27: 22 | B27: 19.84 | C27: 3.34
A28: 23 | B28: 19.89 | C28: 3.36
A29: 24 | B29: 19.94 | C29: 3.37
A30: 25 | B30: 20 | C30: 3.39
A31: 26 | B31: 20.05 | C31: 3.4
A32: 27 | B32: 20.1 | C32: 3.42
A33: 28 | B33: 20.15 | C33: 3.43
A34: 29 | B34: 20.2 | C34: 3.44
... A72: 67 | B72: 16.66 | C72: 3.49

Sheet TVIN_15F (227)
A1: Government Actuary's Department
A2: ='[4]Purpose of spreadsheet'!A2 -> Police_EW - TV in factors
A5: Data Item | B5: Factor Table Information
A6: Client | B6: Police_EW
A7: Section | B7: 2015
A8: Factor Type | B8: TV In (non-club)
A9: Description | B9: Factors for non-club incoming transfers
A10: Gender | B10: Female
A11: Factor Age/Period Definition | B11: Age last birthday at relevant date
A12: Table Reference | B12: 227
A13: Table Reference in Guidance | B13: Table TVIN_15F
A14: Associated Guidance Note | B14: ='[3]Factor List'!I36 -> Police pension scheme (England & Wales): 2015 Scheme; Non-Club incoming transfers; Factors and guidance dated 10 December 2020
A15: Date Factors Issued to Client | B15: ="29 June 2023" -> 29 June 2023
A16: Date Factors Implemented (if known)
A17: Factor Status | B17: Issued
B19: =HYPERLINK("#'Factor List'!A1","Back to Factor List") -> Back to Factor List
A22: Age | B22: Gross pension of £1 pa | C22: Survivor's pension of £1 pa
A23: 18 | B23: 19.62 | C23: 2.84
A24: 19 | B24: 19.67 | C24: 2.97
A25: 20 | B25: 19.73 | C25: 3.18
A26: 21 | B26: 19.78 | C26: 3.33
A27: 22 | B27: 19.84 | C27: 3.34
A28: 23 | B28: 19.89 | C28: 3.36
A29: 24 | B29: 19.94 | C29: 3.37
A30: 25 | B30: 20 | C30: 3.39
A31: 26 | B31: 20.05 | C31: 3.4
A32: 27 | B32: 20.1 | C32: 3.42
A33: 28 | B33: 20.15 | C33: 3.43
A34: 29 | B34: 20.2 | C34: 3.44
... A72: 67 | B72: 16.66 | C72: 3.49

Sheet TVIN_15GMP (228)
A1: Government Actuary's Department
A2: ='[4]Purpose of spreadsheet'!A2 -> Police_EW - TV in factors
A5: Data Item | B5: Factor Table Information
A6: Client | B6: Police_EW
A7: Section | B7: 2015
A8: Factor Type | B8: TV In (non-club)
A9: Description | B9: GMP test factors
A10: Gender | B10: Male & Female
A11: Factor Age/Period Definition | B11: Age last birthday at relevant date
A12: Table Reference | B12: 228
A13: Table Reference in Guidance | B13: Table TVIN_15GMP
A14: Associated Guidance Note | B14: ='[3]Factor List'!I37 -> Police pension scheme (England & Wales): 2015 Scheme; Non-Club incoming transfers; Factors and guidance dated 10 December 2020
A15: Date Factors Issued to Client | B15: ="29 June 2023" -> 29 June 2023
A16: Date Factors Implemented (if known)
A17: Factor Status | B17: Issued
B19: =HYPERLINK("#'Factor List'!A1","Back to Factor List") -> Back to Factor List
A22: Age | B22: Males | C22: Females
A23: 29 and under | B23: 12.8 | C23: 13.4
A24: 30 to 39 | B24: 12.9 | C24: 13.6
A25: 40 to 49 | B25: 13.1 | C25: 13.8
A26: 50 to 59 | B26: 13.3 | C26: 14.3
A27: 60 and over | B27: 13.8 | C27: 14.2

Sheet M (229)
A1: Government Actuary's Department
A2: =IF(title="> Enter workbook title here","Enter workbook title in Cover sheet",title) -> Police_EW - Consolidated Factor Spreadsheet
A3: =TABLE_FACTOR_TYPE&" - x-"&TABLE_SERIES_NUMBER -> CETV - x-229
A6: Data Item | B6: Factor Table Information
A7: Client | B7: Police_EW
A8: Section | B8: 1987
A9: Factor Type | B9: CETV
A10: Description | B10: CETV - Factors used in the calculation of Adjustment B (F P-A)
A11: Gender | B11: Male and Female
A12: Factor Age/Period Definition | B12: Age last birthday at relevant date
A13: Section Number | B13: 2
A14: Series Number | B14: 229
A15: Table Reference | B15: 2-229
A16: Table Reference in Guidance | B16: Table M
A17: Associated Guidance Note | B17: =INDEX('Factor List'!$L:$L,MATCH(B$15,'Factor List'!$J:$J,0)) -> Police pension schemes (England & Wales): 1987 Scheme; Transfer values and pension sharing on divorce; Factors and guidance, dated 10 December 2020
A18: Date Factors Issued to Client | B18: ="24 May 2023" -> 24 May 2023
A19: Date Factors Implemented (if known)
A20: Factor Status | B20: =INDEX('Factor List'!$O:$O,MATCH(B$15,'Factor List'!$J:$J,0)) -> Issued
B22: =HYPERLINK("#'Factor List'!A1","Back to Factor List") -> Back to Factor List
A25: Age | B25: (F P-A) Males | C25: (F P-A) Females
A26: 43 | B26: 20.22 | C26: 20.22
A27: 44 | B27: 20.55 | C27: 20.55
A28: 45 | B28: 20.88 | C28: 20.88
A29: 46 | B29: 21.22 | C29: 21.22
A30: 47 | B30: 21.56 | C30: 21.56
A31: 48 | B31: 21.91 | C31: 21.91
A32: 49 | B32: 22.27 | C32: 22.27
A33: 50 | B33: 22.64 | C33: 22.64
A34: 51 | B34: 23.02 | C34: 23.02
A35: 52 | B35: 23.41 | C35: 23.41
A36: 53 | B36: 23.8 | C36: 23.8
A37: 54 | B37: 24.21 | C37: 24.21

Sheet G1 (301)
A1: Government Actuary's Department
A2: =IF(title="> Enter workbook title here","Enter workbook title in Cover sheet",title) -> Police_EW - Consolidated Factor Spreadsheet
A3: =TABLE_FACTOR_TYPE&" - x-"&TABLE_SERIES_NUMBER -> PenCE - x-301
A6: Data Item | B6: Factor Table Information
A7: Client | B7: Police_EW
A8: Section | B8: 1987
A9: Factor Type | B9: PenCE
A10: Description | B10: Pensioner cash equivalent factors for divorce purposes - retirement not on grounds of ill health
A11: Gender | B11: Male
A12: Factor Age/Period Definition | B12: Age last birthday at relevant date
A13: Section Number | B13: 2
A14: Series Number | B14: 301
A15: Table Reference | B15: 2-301
A16: Table Reference in Guidance | B16: Table G1
A17: Associated Guidance Note | B17: =INDEX('Factor List'!$L:$L,MATCH(B$15,'Factor List'!$J:$J,0)) -> Police pension schemes (England & Wales): 1987 Scheme; Transfer values and pension sharing on divorce; Factors and guidance, dated 10 December 2020
A18: Date Factors Issued to Client | B18: ="24 May 2023" -> 24 May 2023
A19: Date Factors Implemented (if known)
A20: Factor Status | B20: =INDEX('Factor List'!$O:$O,MATCH(B$15,'Factor List'!$J:$J,0)) -> Issued
B22: =HYPERLINK("#'Factor List'!A1","Back to Factor List") -> Back to Factor List
A25: Age | B25: Pension of £1 per annum | C25: Survivor's pension of £1 per annum | D25: Deduction for GMP of £1 per annum
A26: 48 | B26: 27.66 | C26: 2.92
A27: 49 | B27: 27.23 | C27: 2.94
A28: 50 | B28: 26.77 | C28: 2.97
A29: 51 | B29: 26.29 | C29: 3
A30: 52 | B30: 25.79 | C30: 3.02
A31: 53 | B31: 25.26 | C31: 3.05
A32: 54 | B32: 24.7 | C32: 3.08
A33: 55 | B33: 24.12 | C33: 3.1
A34: 56 | B34: 23.53 | C34: 3.13
A35: 57 | B35: 22.94 | C35: 3.15
A36: 58 | B36: 22.33 | C36: 3.17
A37: 59 | B37: 21.72 | C37: 3.19
... A46: 68 | B46: 16.01 | C46: 3.1
A47: 69 | B47: 15.36 | C47: 3.05 | D47: 3.12
A48: 70 | B48: 14.71 | C48: 2.99 | D48: 2.9
A49: 71 | B49: 14.06 | C49: 2.98 | D49: 2.7
A50: 72 | B50: 13.41 | C50: 2.97 | D50: 2.5
A51: 73 | B51: 12.77 | C51: 2.95 | D51: 2.31
A52: 74 | B52: 12.13 | C52: 2.81 | D52: 2.11
A53: 75 | B53: 11.49 | C53: 2.67 | D53: 1.92
A54: 76 | B54: 10.87 | C54: 2.63 | D54: 1.75
A55: 77 | B55: 10.25 | C55: 2.6 | D55: 1.6
A56: 78 | B56: 9.64 | C56: 2.55 | D56: 1.45
A57: 79 | B57: 9.05 | C57: 2.33 | D57: 1.29
A58: 80 | B58: 8.47 | C58: 2.1 | D58: 1.14
... A73: 95 | B73: 2.59 | C73: 0.55 | D73: 0.14

Sheet G2 (302)
A1: Government Actuary's Department
A2: =IF(title="> Enter workbook title here","Enter workbook title in Cover sheet",title) -> Police_EW - Consolidated Factor Spreadsheet
A3: =TABLE_FACTOR_TYPE&" - x-"&TABLE_SERIES_NUMBER -> PenCE - x-302
A6: Data Item | B6: Factor Table Information
A7: Client | B7: Police_EW
A8: Section | B8: 1987
A9: Factor Type | B9: PenCE
A10: Description | B10: Pensioner cash equivalent factors for divorce purposes - retirement not on grounds of ill health
A11: Gender | B11: Female
A12: Factor Age/Period Definition | B12: Age last birthday at relevant date
A13: Section Number | B13: 2
A14: Series Number | B14: 302
A15: Table Reference | B15: 2-302
A16: Table Reference in Guidance | B16: Table G2
A17: Associated Guidance Note | B17: =INDEX('Factor List'!$L:$L,MATCH(B$15,'Factor List'!$J:$J,0)) -> Police pension schemes (England & Wales): 1987 Scheme; Transfer values and pension sharing on divorce; Factors and guidance, dated 10 December 2020
A18: Date Factors Issued to Client | B18: ="24 May 2023" -> 24 May 2023
A19: Date Factors Implemented (if known)
A20: Factor Status | B20: =INDEX('Factor List'!$O:$O,MATCH(B$15,'Factor List'!$J:$J,0)) -> Issued
B22: =HYPERLINK("#'Factor List'!A1","Back to Factor List") -> Back to Factor List
A25: Age | B25: Pension of £1 per annum | C25: Survivor's pension of £1 per annum | D25: Deduction for GMP of £1 per annum
A26: 48 | B26: 27.66 | C26: 2.92
A27: 49 | B27: 27.23 | C27: 2.94
A28: 50 | B28: 26.77 | C28: 2.97
A29: 51 | B29: 26.29 | C29: 3
A30: 52 | B30: 25.79 | C30: 3.02
A31: 53 | B31: 25.26 | C31: 3.05
A32: 54 | B32: 24.7 | C32: 3.08
A33: 55 | B33: 24.12 | C33: 3.1
A34: 56 | B34: 23.53 | C34: 3.13
A35: 57 | B35: 22.94 | C35: 3.15
A36: 58 | B36: 22.33 | C36: 3.17
A37: 59 | B37: 21.72 | C37: 3.19
... A46: 68 | B46: 16.01 | C46: 3.1
A47: 69 | B47: 15.36 | C47: 3.05 | D47: 2.82
A48: 70 | B48: 14.71 | C48: 2.99 | D48: 2.61
A49: 71 | B49: 14.06 | C49: 2.98 | D49: 2.41
A50: 72 | B50: 13.41 | C50: 2.97 | D50: 2.22
A51: 73 | B51: 12.77 | C51: 2.95 | D51: 2.03
A52: 74 | B52: 12.13 | C52: 2.81 | D52: 1.86
A53: 75 | B53: 11.49 | C53: 2.67 | D53: 1.69
A54: 76 | B54: 10.87 | C54: 2.63 | D54: 1.53
A55: 77 | B55: 10.25 | C55: 2.6 | D55: 1.38
A56: 78 | B56: 9.64 | C56: 2.55 | D56: 1.24
A57: 79 | B57: 9.05 | C57: 2.33 | D57: 1.1
A58: 80 | B58: 8.47 | C58: 2.1 | D58: 0.98
... A73: 95 | B73: 2.59 | C73: 0.55 | D73: 0.11

Sheet H1 (303)
A1: Government Actuary's Department
A2: =IF(title="> Enter workbook title here","Enter workbook title in Cover sheet",title) -> Police_EW - Consolidated Factor Spreadsheet
A3: =TABLE_FACTOR_TYPE&" - x-"&TABLE_SERIES_NUMBER -> PenCE - x-303
A6: Data Item | B6: Factor Table Information
A7: Client | B7: Police_EW
A8: Section | B8: 1987
A9: Factor Type | B9: PenCE
A10: Description | B10: Ill health pensioner cash equivalent factors for divorce purposes - retirement on grounds of ill health
A11: Gender | B11: Male
A12: Factor Age/Period Definition | B12: Age last birthday at relevant date
A13: Section Number | B13: 2
A14: Series Number | B14: 303
A15: Table Reference | B15: 2-303
A16: Table Reference in Guidance | B16: Table H1
A17: Associated Guidance Note | B17: =INDEX('Factor List'!$L:$L,MATCH(B$15,'Factor List'!$J:$J,0)) -> Police pension schemes (England & Wales): 1987 Scheme; Transfer values and pension sharing on divorce; Factors and guidance, dated 10 December 2020
A18: Date Factors Issued to Client | B18: ="24 May 2023" -> 24 May 2023
A19: Date Factors Implemented (if known)
A20: Factor Status | B20: =INDEX('Factor List'!$O:$O,MATCH(B$15,'Factor List'!$J:$J,0)) -> Issued
B22: =HYPERLINK("#'Factor List'!A1","Back to Factor List") -> Back to Factor List
A25: Age | B25: Pension of £1 per annum | C25: Survivor's pension of £1 per annum | D25: Deduction for GMP of £1 per annum
A26: 20 | B26: 39.31 | C26: 2.55
A27: 21 | B27: 38.94 | C27: 2.59
A28: 22 | B28: 38.57 | C28: 2.63
A29: 23 | B29: 38.19 | C29: 2.68
A30: 24 | B30: 37.81 | C30: 2.72
A31: 25 | B31: 37.41 | C31: 2.77
A32: 26 | B32: 37.02 | C32: 2.81
A33: 27 | B33: 36.61 | C33: 2.86
A34: 28 | B34: 36.2 | C34: 2.9
A35: 29 | B35: 35.78 | C35: 2.95
A36: 30 | B36: 35.36 | C36: 2.99
A37: 31 | B37: 34.93 | C37: 3.04
... A74: 68 | B74: 14.6 | C74: 3.79
A75: 69 | B75: 13.98 | C75: 3.7 | D75: 2.87
A76: 70 | B76: 13.37 | C76: 3.61 | D76: 2.66
A77: 71 | B77: 12.76 | C77: 3.57 | D77: 2.47
A78: 72 | B78: 12.16 | C78: 3.53 | D78: 2.29
A79: 73 | B79: 11.57 | C79: 3.48 | D79: 2.12
A80: 74 | B80: 10.98 | C80: 3.29 | D80: 1.93
A81: 75 | B81: 10.41 | C81: 3.1 | D81: 1.76
A82: 76 | B82: 9.84 | C82: 3.04 | D82: 1.61
A83: 77 | B83: 9.29 | C83: 2.97 | D83: 1.47
A84: 78 | B84: 8.75 | C84: 2.9 | D84: 1.33
A85: 79 | B85: 8.22 | C85: 2.62 | D85: 1.19
A86: 80 | B86: 7.72 | C86: 2.34 | D86: 1.05
... A101: 95 | B101: 2.51 | C101: 0.55 | D101: 0.13

Sheet H2 (304)
A1: Government Actuary's Department
A2: =IF(title="> Enter workbook title here","Enter workbook title in Cover sheet",title) -> Police_EW - Consolidated Factor Spreadsheet
A3: =TABLE_FACTOR_TYPE&" - x-"&TABLE_SERIES_NUMBER -> PenCE - x-304
A6: Data Item | B6: Factor Table Information
A7: Client | B7: Police_EW
A8: Section | B8: 1987
A9: Factor Type | B9: PenCE
A10: Description | B10: Ill health pensioner cash equivalent factors for divorce purposes - retirement on grounds of ill health
A11: Gender | B11: Female
A12: Factor Age/Period Definition | B12: Age last birthday at relevant date
A13: Section Number | B13: 2
A14: Series Number | B14: 304
A15: Table Reference | B15: 2-304
A16: Table Reference in Guidance | B16: Table H2
A17: Associated Guidance Note | B17: Police pension schemes (England & Wales): 1987 Scheme; Transfer values and pension sharing on divorce; Factors and guidance, dated 10 December 2020
A18: Date Factors Issued to Client | B18: ="24 May 2023" -> 24 May 2023
A19: Date Factors Implemented (if known)
A20: Factor Status | B20: Issued
B22: =HYPERLINK("#'Factor List'!A1","Back to Factor List") -> Back to Factor List
A25: Age | B25: Pension of £1 per annum | C25: Survivor's pension of £1 per annum | D25: Deduction for GMP of £1 per annum
A26: 20 | B26: 39.31 | C26: 2.55
A27: 21 | B27: 38.94 | C27: 2.59
A28: 22 | B28: 38.57 | C28: 2.63
A29: 23 | B29: 38.19 | C29: 2.68
A30: 24 | B30: 37.81 | C30: 2.72
A31: 25 | B31: 37.41 | C31: 2.77
A32: 26 | B32: 37.02 | C32: 2.81
A33: 27 | B33: 36.61 | C33: 2.86
A34: 28 | B34: 36.2 | C34: 2.9
A35: 29 | B35: 35.78 | C35: 2.95
A36: 30 | B36: 35.36 | C36: 2.99
A37: 31 | B37: 34.93 | C37: 3.04
... A74: 68 | B74: 14.6 | C74: 3.79
A75: 69 | B75: 13.98 | C75: 3.7 | D75: 2.43
A76: 70 | B76: 13.37 | C76: 3.61 | D76: 2.25
A77: 71 | B77: 12.76 | C77: 3.57 | D77: 2.07
A78: 72 | B78: 12.16 | C78: 3.53 | D78: 1.89
A79: 73 | B79: 11.57 | C79: 3.48 | D79: 1.73
A80: 74 | B80: 10.98 | C80: 3.29 | D80: 1.58
A81: 75 | B81: 10.41 | C81: 3.1 | D81: 1.43
A82: 76 | B82: 9.84 | C82: 3.04 | D82: 1.29
A83: 77 | B83: 9.29 | C83: 2.97 | D83: 1.17
A84: 78 | B84: 8.75 | C84: 2.9 | D84: 1.05
A85: 79 | B85: 8.22 | C85: 2.62 | D85: 0.93
A86: 80 | B86: 7.72 | C86: 2.34 | D86: 0.83
... A101: 95 | B101: 2.51 | C101: 0.55 | D101: 0.1

Sheet G1_06 (305)
A1: Government Actuary's Department
A2: =IF(title="> Enter workbook title here","Enter workbook title in Cover sheet",title) -> Police_EW - Consolidated Factor Spreadsheet
A3: =TABLE_FACTOR_TYPE&" - x-"&TABLE_SERIES_NUMBER -> PenCE - x-305
A6: Data Item | B6: Factor Table Information
A7: Client | B7: Police_EW
A8: Section | B8: 2006
A9: Factor Type | B9: PenCE
A10: Description | B10: Pensioner cash equivalent factors for divorce purposes - retirement not on grounds of ill health
A11: Gender | B11: Male
A12: Factor Age/Period Definition | B12: Age last birthday at relevant date
A13: Section Number | B13: 1
A14: Series Number | B14: 305
A15: Table Reference | B15: 1-305
A16: Table Reference in Guidance | B16: Table G1_06
A17: Associated Guidance Note | B17: =INDEX('Factor List'!$L:$L,MATCH(B$15,'Factor List'!$J:$J,0)) -> Police pension schemes (England & Wales): 2006 Scheme; Transfer values and pension sharing on divorce; Factors and guidance, dated 10 December 2020
A18: Date Factors Issued to Client | B18: ="24 May 2023" -> 24 May 2023
A19: Date Factors Implemented (if known)
A20: Factor Status | B20: =INDEX('Factor List'!$O:$O,MATCH(B$15,'Factor List'!$J:$J,0)) -> Issued
B22: =HYPERLINK("#'Factor List'!A1","Back to Factor List") -> Back to Factor List
A25: Age | B25: Pension of £1 per annum | C25: Survivor's pension of £1 per annum | D25: Deduction for GMP of £1 per annum
A26: 55 | B26: 24.12 | C26: 3.3
A27: 56 | B27: 23.53 | C27: 3.32
A28: 57 | B28: 22.94 | C28: 3.35
A29: 58 | B29: 22.33 | C29: 3.37
A30: 59 | B30: 21.72 | C30: 3.38
A31: 60 | B31: 21.11 | C31: 3.39
A32: 61 | B32: 20.48 | C32: 3.41
A33: 62 | B33: 19.86 | C33: 3.43
A34: 63 | B34: 19.22 | C34: 3.45
A35: 64 | B35: 18.59 | C35: 3.33
A36: 65 | B36: 17.95 | C36: 3.21
A37: 66 | B37: 17.3 | C37: 3.22
... A39: 68 | B39: 16.01 | C39: 3.22
A40: 69 | B40: 15.36 | C40: 3.15 | D40: 3.12
A41: 70 | B41: 14.71 | C41: 3.09 | D41: 2.9
A42: 71 | B42: 14.06 | C42: 3.07 | D42: 2.7
A43: 72 | B43: 13.41 | C43: 3.06 | D43: 2.5
A44: 73 | B44: 12.77 | C44: 3.04 | D44: 2.31
A45: 74 | B45: 12.13 | C45: 2.88 | D45: 2.11
A46: 75 | B46: 11.49 | C46: 2.72 | D46: 1.92
A47: 76 | B47: 10.87 | C47: 2.69 | D47: 1.75
A48: 77 | B48: 10.25 | C48: 2.65 | D48: 1.6
A49: 78 | B49: 9.64 | C49: 2.6 | D49: 1.45
A50: 79 | B50: 9.05 | C50: 2.37 | D50: 1.29
A51: 80 | B51: 8.47 | C51: 2.14 | D51: 1.14
... A66: 95 | B66: 2.59 | C66: 0.55 | D66: 0.14

Sheet G2_06 (306)
A1: Government Actuary's Department
A2: =IF(title="> Enter workbook title here","Enter workbook title in Cover sheet",title) -> Police_EW - Consolidated Factor Spreadsheet
A3: =TABLE_FACTOR_TYPE&" - x-"&TABLE_SERIES_NUMBER -> PenCE - x-306
A6: Data Item | B6: Factor Table Information
A7: Client | B7: Police_EW
A8: Section | B8: 2006
A9: Factor Type | B9: PenCE
A10: Description | B10: Pensioner cash equivalent factors for divorce purposes - retirement not on grounds of ill health
A11: Gender | B11: Female
A12: Factor Age/Period Definition | B12: Age last birthday at relevant date
A13: Section Number | B13: 1
A14: Series Number | B14: 306
A15: Table Reference | B15: 1-306
A16: Table Reference in Guidance | B16: Table G2_06
A17: Associated Guidance Note | B17: =INDEX('Factor List'!$L:$L,MATCH(B$15,'Factor List'!$J:$J,0)) -> Police pension schemes (England & Wales): 2006 Scheme; Transfer values and pension sharing on divorce; Factors and guidance, dated 10 December 2020
A18: Date Factors Issued to Client | B18: ="24 May 2023" -> 24 May 2023
A19: Date Factors Implemented (if known)
A20: Factor Status | B20: =INDEX('Factor List'!$O:$O,MATCH(B$15,'Factor List'!$J:$J,0)) -> Issued
B22: =HYPERLINK("#'Factor List'!A1","Back to Factor List") -> Back to Factor List
A25: Age | B25: Pension of £1 per annum | C25: Survivor's pension of £1 per annum | D25: Deduction for GMP of £1 per annum
A26: 55 | B26: 24.12 | C26: 3.3
A27: 56 | B27: 23.53 | C27: 3.32
A28: 57 | B28: 22.94 | C28: 3.35
A29: 58 | B29: 22.33 | C29: 3.37
A30: 59 | B30: 21.72 | C30: 3.38
A31: 60 | B31: 21.11 | C31: 3.39
A32: 61 | B32: 20.48 | C32: 3.41
A33: 62 | B33: 19.86 | C33: 3.43
A34: 63 | B34: 19.22 | C34: 3.45
A35: 64 | B35: 18.59 | C35: 3.33
A36: 65 | B36: 17.95 | C36: 3.21
A37: 66 | B37: 17.3 | C37: 3.22
... A39: 68 | B39: 16.01 | C39: 3.22
A40: 69 | B40: 15.36 | C40: 3.15 | D40: 2.82
A41: 70 | B41: 14.71 | C41: 3.09 | D41: 2.61
A42: 71 | B42: 14.06 | C42: 3.07 | D42: 2.41
A43: 72 | B43: 13.41 | C43: 3.06 | D43: 2.22
A44: 73 | B44: 12.77 | C44: 3.04 | D44: 2.03
A45: 74 | B45: 12.13 | C45: 2.88 | D45: 1.86
A46: 75 | B46: 11.49 | C46: 2.72 | D46: 1.69
A47: 76 | B47: 10.87 | C47: 2.69 | D47: 1.53
A48: 77 | B48: 10.25 | C48: 2.65 | D48: 1.38
A49: 78 | B49: 9.64 | C49: 2.6 | D49: 1.24
A50: 79 | B50: 9.05 | C50: 2.37 | D50: 1.1
A51: 80 | B51: 8.47 | C51: 2.14 | D51: 0.98
... A66: 95 | B66: 2.59 | C66: 0.55 | D66: 0.11

Sheet H1_06 (307)
A1: Government Actuary's Department
A2: =IF(title="> Enter workbook title here","Enter workbook title in Cover sheet",title) -> Police_EW - Consolidated Factor Spreadsheet
A3: =TABLE_FACTOR_TYPE&" - x-"&TABLE_SERIES_NUMBER -> PenCE - x-307
A6: Data Item | B6: Factor Table Information
A7: Client | B7: Police_EW
A8: Section | B8: 2006
A9: Factor Type | B9: PenCE
A10: Description | B10: Pensioner cash equivalent factors for divorce purposes - retirement on grounds of ill health
A11: Gender | B11: Male
A12: Factor Age/Period Definition | B12: Age last birthday at relevant date
A13: Section Number | B13: 1
A14: Series Number | B14: 307
A15: Table Reference | B15: 1-307
A16: Table Reference in Guidance | B16: Table H1_06
A17: Associated Guidance Note | B17: =INDEX('Factor List'!$L:$L,MATCH(B$15,'Factor List'!$J:$J,0)) -> Police pension schemes (England & Wales): 2006 Scheme; Transfer values and pension sharing on divorce; Factors and guidance, dated 10 December 2020
A18: Date Factors Issued to Client | B18: ="24 May 2023" -> 24 May 2023
A19: Date Factors Implemented (if known)
A20: Factor Status | B20: =INDEX('Factor List'!$O:$O,MATCH(B$15,'Factor List'!$J:$J,0)) -> Issued
B22: =HYPERLINK("#'Factor List'!A1","Back to Factor List") -> Back to Factor List
A25: Age | B25: Pension of £1 per annum | C25: Survivor's pension of £1 per annum | D25: Deduction for GMP of £1 per annum
A26: 20 | B26: 39.31 | C26: 2.71
A27: 21 | B27: 38.94 | C27: 2.75
A28: 22 | B28: 38.57 | C28: 2.8
A29: 23 | B29: 38.19 | C29: 2.85
A30: 24 | B30: 37.81 | C30: 2.89
A31: 25 | B31: 37.41 | C31: 2.94
A32: 26 | B32: 37.02 | C32: 2.99
A33: 27 | B33: 36.61 | C33: 3.04
A34: 28 | B34: 36.2 | C34: 3.09
A35: 29 | B35: 35.78 | C35: 3.13
A36: 30 | B36: 35.36 | C36: 3.18
A37: 31 | B37: 34.93 | C37: 3.23
... A74: 68 | B74: 14.6 | C74: 3.93
A75: 69 | B75: 13.98 | C75: 3.83 | D75: 2.87
A76: 70 | B76: 13.37 | C76: 3.72 | D76: 2.66
A77: 71 | B77: 12.76 | C77: 3.68 | D77: 2.47
A78: 72 | B78: 12.16 | C78: 3.64 | D78: 2.29
A79: 73 | B79: 11.57 | C79: 3.59 | D79: 2.12
A80: 74 | B80: 10.98 | C80: 3.38 | D80: 1.93
A81: 75 | B81: 10.41 | C81: 3.16 | D81: 1.76
A82: 76 | B82: 9.84 | C82: 3.1 | D82: 1.61
A83: 77 | B83: 9.29 | C83: 3.03 | D83: 1.47
A84: 78 | B84: 8.75 | C84: 2.96 | D84: 1.33
A85: 79 | B85: 8.22 | C85: 2.67 | D85: 1.19
A86: 80 | B86: 7.72 | C86: 2.38 | D86: 1.05
... A101: 95 | B101: 2.51 | C101: 0.56 | D101: 0.13

Sheet H2_06 (308)
A1: Government Actuary's Department
A2: =IF(title="> Enter workbook title here","Enter workbook title in Cover sheet",title) -> Police_EW - Consolidated Factor Spreadsheet
A3: =TABLE_FACTOR_TYPE&" - x-"&TABLE_SERIES_NUMBER -> PenCE - x-308
A6: Data Item | B6: Factor Table Information
A7: Client | B7: Police_EW
A8: Section | B8: 2006
A9: Factor Type | B9: PenCE
A10: Description | B10: Pensioner cash equivalent factors for divorce purposes - retirement on grounds of ill health
A11: Gender | B11: Female
A12: Factor Age/Period Definition | B12: Age last birthday at relevant date
A13: Section Number | B13: 1
A14: Series Number | B14: 308
A15: Table Reference | B15: 1-308
A16: Table Reference in Guidance | B16: Table H2_06
A17: Associated Guidance Note | B17: =INDEX('Factor List'!$L:$L,MATCH(B$15,'Factor List'!$J:$J,0)) -> Police pension schemes (England & Wales): 2006 Scheme; Transfer values and pension sharing on divorce; Factors and guidance, dated 10 December 2020
A18: Date Factors Issued to Client | B18: ="24 May 2023" -> 24 May 2023
A19: Date Factors Implemented (if known)
A20: Factor Status | B20: =INDEX('Factor List'!$O:$O,MATCH(B$15,'Factor List'!$J:$J,0)) -> Issued
B22: =HYPERLINK("#'Factor List'!A1","Back to Factor List") -> Back to Factor List
A25: Age | B25: Pension of £1 per annum | C25: Survivor's pension of £1 per annum | D25: Deduction for GMP of £1 per annum
A26: 20 | B26: 39.31 | C26: 2.71
A27: 21 | B27: 38.94 | C27: 2.75
A28: 22 | B28: 38.57 | C28: 2.8
A29: 23 | B29: 38.19 | C29: 2.85
A30: 24 | B30: 37.81 | C30: 2.89
A31: 25 | B31: 37.41 | C31: 2.94
A32: 26 | B32: 37.02 | C32: 2.99
A33: 27 | B33: 36.61 | C33: 3.04
A34: 28 | B34: 36.2 | C34: 3.09
A35: 29 | B35: 35.78 | C35: 3.13
A36: 30 | B36: 35.36 | C36: 3.18
A37: 31 | B37: 34.93 | C37: 3.23
... A74: 68 | B74: 14.6 | C74: 3.93
A75: 69 | B75: 13.98 | C75: 3.83 | D75: 2.43
A76: 70 | B76: 13.37 | C76: 3.72 | D76: 2.25
A77: 71 | B77: 12.76 | C77: 3.68 | D77: 2.07
A78: 72 | B78: 12.16 | C78: 3.64 | D78: 1.89
A79: 73 | B79: 11.57 | C79: 3.59 | D79: 1.73
A80: 74 | B80: 10.98 | C80: 3.38 | D80: 1.58
A81: 75 | B81: 10.41 | C81: 3.16 | D81: 1.43
A82: 76 | B82: 9.84 | C82: 3.1 | D82: 1.29
A83: 77 | B83: 9.29 | C83: 3.03 | D83: 1.17
A84: 78 | B84: 8.75 | C84: 2.96 | D84: 1.05
A85: 79 | B85: 8.22 | C85: 2.67 | D85: 0.93
A86: 80 | B86: 7.72 | C86: 2.38 | D86: 0.83
... A101: 95 | B101: 2.51 | C101: 0.56 | D101: 0.1

Sheet G1_15 (309)
A1: Government Actuary's Department
A2: =IF(title="> Enter workbook title here","Enter workbook title in Cover sheet",title) -> Police_EW - Consolidated Factor Spreadsheet
A3: =TABLE_FACTOR_TYPE&" - x-"&TABLE_SERIES_NUMBER -> PenCE - x-309
A6: Data Item | B6: Factor Table Information
A7: Client | B7: Police_EW
A8: Section | B8: 2015
A9: Factor Type | B9: PenCE
A10: Description | B10: Pensioner cash equivalent factors for divorce purposes - retirement not on grounds of ill health
A11: Gender | B11: Male
A12: Factor Age/Period Definition | B12: Age last birthday at relevant date
A13: Section Number | B13: 0
A14: Series Number | B14: 309
A15: Table Reference | B15: 0-309
A16: Table Reference in Guidance | B16: Table G1_15
A17: Associated Guidance Note | B17: =INDEX('Factor List'!$L:$L,MATCH(B$15,'Factor List'!$J:$J,0)) -> Police pension schemes (England & Wales): 2015 Scheme; Transfer values and pension sharing on divorce; Factors and guidance, dated 10 December 2020
A18: Date Factors Issued to Client | B18: ="24 May 2023" -> 24 May 2023
A19: Date Factors Implemented (if known)
A20: Factor Status | B20: =INDEX('Factor List'!$O:$O,MATCH(B$15,'Factor List'!$J:$J,0)) -> Issued
B22: =HYPERLINK("#'Factor List'!A1","Back to Factor List") -> Back to Factor List
A25: Age | B25: Pension of £1 per annum | C25: Survivor's pension of £1 per annum | D25: Deduction for GMP of £1 per annum
A26: 55 | B26: 24.12 | C26: 3.3
A27: 56 | B27: 23.53 | C27: 3.32
A28: 57 | B28: 22.94 | C28: 3.35
A29: 58 | B29: 22.33 | C29: 3.37
A30: 59 | B30: 21.72 | C30: 3.38
A31: 60 | B31: 21.11 | C31: 3.39
A32: 61 | B32: 20.48 | C32: 3.41
A33: 62 | B33: 19.86 | C33: 3.43
A34: 63 | B34: 19.22 | C34: 3.45
A35: 64 | B35: 18.59 | C35: 3.33
A36: 65 | B36: 17.95 | C36: 3.21
A37: 66 | B37: 17.3 | C37: 3.22
... A39: 68 | B39: 16.01 | C39: 3.22
A40: 69 | B40: 15.36 | C40: 3.15 | D40: 3.12
A41: 70 | B41: 14.71 | C41: 3.09 | D41: 2.9
A42: 71 | B42: 14.06 | C42: 3.07 | D42: 2.7
A43: 72 | B43: 13.41 | C43: 3.06 | D43: 2.5
A44: 73 | B44: 12.77 | C44: 3.04 | D44: 2.31
A45: 74 | B45: 12.13 | C45: 2.88 | D45: 2.11
A46: 75 | B46: 11.49 | C46: 2.72 | D46: 1.92
A47: 76 | B47: 10.87 | C47: 2.69 | D47: 1.75
A48: 77 | B48: 10.25 | C48: 2.65 | D48: 1.6
A49: 78 | B49: 9.64 | C49: 2.6 | D49: 1.45
A50: 79 | B50: 9.05 | C50: 2.37 | D50: 1.29
A51: 80 | B51: 8.47 | C51: 2.14 | D51: 1.14
... A66: 95 | B66: 2.59 | C66: 0.55 | D66: 0.14

Sheet G2_15 (310)
A1: Government Actuary's Department
A2: =IF(title="> Enter workbook title here","Enter workbook title in Cover sheet",title) -> Police_EW - Consolidated Factor Spreadsheet
A3: =TABLE_FACTOR_TYPE&" - x-"&TABLE_SERIES_NUMBER -> PenCE - x-310
A6: Data Item | B6: Factor Table Information
A7: Client | B7: Police_EW
A8: Section | B8: 2015
A9: Factor Type | B9: PenCE
A10: Description | B10: Pensioner cash equivalent factors for divorce purposes - retirement not on grounds of ill health
A11: Gender | B11: Female
A12: Factor Age/Period Definition | B12: Age last birthday at relevant date
A13: Section Number | B13: 0
A14: Series Number | B14: 310
A15: Table Reference | B15: 0-310
A16: Table Reference in Guidance | B16: Table G2_15
A17: Associated Guidance Note | B17: =INDEX('Factor List'!$L:$L,MATCH(B$15,'Factor List'!$J:$J,0)) -> Police pension schemes (England & Wales): 2015 Scheme; Transfer values and pension sharing on divorce; Factors and guidance, dated 10 December 2020
A18: Date Factors Issued to Client | B18: ="24 May 2023" -> 24 May 2023
A19: Date Factors Implemented (if known)
A20: Factor Status | B20: =INDEX('Factor List'!$O:$O,MATCH(B$15,'Factor List'!$J:$J,0)) -> Issued
B22: =HYPERLINK("#'Factor List'!A1","Back to Factor List") -> Back to Factor List
A25: Age | B25: Pension of £1 per annum | C25: Survivor's pension of £1 per annum | D25: Deduction for GMP of £1 per annum
A26: 55 | B26: 24.12 | C26: 3.3
A27: 56 | B27: 23.53 | C27: 3.32
A28: 57 | B28: 22.94 | C28: 3.35
A29: 58 | B29: 22.33 | C29: 3.37
A30: 59 | B30: 21.72 | C30: 3.38
A31: 60 | B31: 21.11 | C31: 3.39
A32: 61 | B32: 20.48 | C32: 3.41
A33: 62 | B33: 19.86 | C33: 3.43
A34: 63 | B34: 19.22 | C34: 3.45
A35: 64 | B35: 18.59 | C35: 3.33
A36: 65 | B36: 17.95 | C36: 3.21
A37: 66 | B37: 17.3 | C37: 3.22
... A39: 68 | B39: 16.01 | C39: 3.22
A40: 69 | B40: 15.36 | C40: 3.15 | D40: 2.82
A41: 70 | B41: 14.71 | C41: 3.09 | D41: 2.61
A42: 71 | B42: 14.06 | C42: 3.07 | D42: 2.41
A43: 72 | B43: 13.41 | C43: 3.06 | D43: 2.22
A44: 73 | B44: 12.77 | C44: 3.04 | D44: 2.03
A45: 74 | B45: 12.13 | C45: 2.88 | D45: 1.86
A46: 75 | B46: 11.49 | C46: 2.72 | D46: 1.69
A47: 76 | B47: 10.87 | C47: 2.69 | D47: 1.53
A48: 77 | B48: 10.25 | C48: 2.65 | D48: 1.38
A49: 78 | B49: 9.64 | C49: 2.6 | D49: 1.24
A50: 79 | B50: 9.05 | C50: 2.37 | D50: 1.1
A51: 80 | B51: 8.47 | C51: 2.14 | D51: 0.98
... A66: 95 | B66: 2.59 | C66: 0.55 | D66: 0.11

Sheet H1_15 (311)
A1: Government Actuary's Department
A2: =IF(title="> Enter workbook title here","Enter workbook title in Cover sheet",title) -> Police_EW - Consolidated Factor Spreadsheet
A3: =TABLE_FACTOR_TYPE&" - x-"&TABLE_SERIES_NUMBER -> PenCE - x-311
A6: Data Item | B6: Factor Table Information
A7: Client | B7: Police_EW
A8: Section | B8: 2015
A9: Factor Type | B9: PenCE
A10: Description | B10: Pensioner cash equivalent factors for divorce purposes - retirement on grounds of ill health
A11: Gender | B11: Male
A12: Factor Age/Period Definition | B12: Age last birthday at relevant date
A13: Section Number | B13: 0
A14: Series Number | B14: 311
A15: Table Reference | B15: 0-311
A16: Table Reference in Guidance | B16: Table H1_15
A17: Associated Guidance Note | B17: =INDEX('Factor List'!$L:$L,MATCH(B$15,'Factor List'!$J:$J,0)) -> Police pension schemes (England & Wales): 2015 Scheme; Transfer values and pension sharing on divorce; Factors and guidance, dated 10 December 2020
A18: Date Factors Issued to Client | B18: ="24 May 2023" -> 24 May 2023
A19: Date Factors Implemented (if known)
A20: Factor Status | B20: =INDEX('Factor List'!$O:$O,MATCH(B$15,'Factor List'!$J:$J,0)) -> Issued
B22: =HYPERLINK("#'Factor List'!A1","Back to Factor List") -> Back to Factor List
A25: Age | B25: Pension of £1 per annum | C25: Survivor's pension of £1 per annum | D25: Deduction for GMP of £1 per annum
A26: 20 | B26: 39.31 | C26: 2.71
A27: 21 | B27: 38.94 | C27: 2.75
A28: 22 | B28: 38.57 | C28: 2.8
A29: 23 | B29: 38.19 | C29: 2.85
A30: 24 | B30: 37.81 | C30: 2.89
A31: 25 | B31: 37.41 | C31: 2.94
A32: 26 | B32: 37.02 | C32: 2.99
A33: 27 | B33: 36.61 | C33: 3.04
A34: 28 | B34: 36.2 | C34: 3.09
A35: 29 | B35: 35.78 | C35: 3.13
A36: 30 | B36: 35.36 | C36: 3.18
A37: 31 | B37: 34.93 | C37: 3.23
... A74: 68 | B74: 14.6 | C74: 3.93
A75: 69 | B75: 13.98 | C75: 3.83 | D75: 2.87
A76: 70 | B76: 13.37 | C76: 3.72 | D76: 2.66
A77: 71 | B77: 12.76 | C77: 3.68 | D77: 2.47
A78: 72 | B78: 12.16 | C78: 3.64 | D78: 2.29
A79: 73 | B79: 11.57 | C79: 3.59 | D79: 2.12
A80: 74 | B80: 10.98 | C80: 3.38 | D80: 1.93
A81: 75 | B81: 10.41 | C81: 3.16 | D81: 1.76
A82: 76 | B82: 9.84 | C82: 3.1 | D82: 1.61
A83: 77 | B83: 9.29 | C83: 3.03 | D83: 1.47
A84: 78 | B84: 8.75 | C84: 2.96 | D84: 1.33
A85: 79 | B85: 8.22 | C85: 2.67 | D85: 1.19
A86: 80 | B86: 7.72 | C86: 2.38 | D86: 1.05
... A101: 95 | B101: 2.51 | C101: 0.56 | D101: 0.13

Sheet H2_15 (312)
A1: Government Actuary's Department
A2: =IF(title="> Enter workbook title here","Enter workbook title in Cover sheet",title) -> Police_EW - Consolidated Factor Spreadsheet
A3: =TABLE_FACTOR_TYPE&" - x-"&TABLE_SERIES_NUMBER -> PenCE - x-312
A6: Data Item | B6: Factor Table Information
A7: Client | B7: Police_EW
A8: Section | B8: 2015
A9: Factor Type | B9: PenCE
A10: Description | B10: Pensioner cash equivalent factors for divorce purposes - retirement on grounds of ill health
A11: Gender | B11: Female
A12: Factor Age/Period Definition | B12: Age last birthday at relevant date
A13: Section Number | B13: 0
A14: Series Number | B14: 312
A15: Table Reference | B15: 0-312
A16: Table Reference in Guidance | B16: Table H2_15
A17: Associated Guidance Note | B17: =INDEX('Factor List'!$L:$L,MATCH(B$15,'Factor List'!$J:$J,0)) -> Police pension schemes (England & Wales): 2015 Scheme; Transfer values and pension sharing on divorce; Factors and guidance, dated 10 December 2020
A18: Date Factors Issued to Client | B18: ="24 May 2023" -> 24 May 2023
A19: Date Factors Implemented (if known)
A20: Factor Status | B20: =INDEX('Factor List'!$O:$O,MATCH(B$15,'Factor List'!$J:$J,0)) -> Issued
B22: =HYPERLINK("#'Factor List'!A1","Back to Factor List") -> Back to Factor List
A25: Age | B25: Pension of £1 per annum | C25: Survivor's pension of £1 per annum | D25: Deduction for GMP of £1 per annum
A26: 20 | B26: 39.31 | C26: 2.71
A27: 21 | B27: 38.94 | C27: 2.75
A28: 22 | B28: 38.57 | C28: 2.8
A29: 23 | B29: 38.19 | C29: 2.85
A30: 24 | B30: 37.81 | C30: 2.89
A31: 25 | B31: 37.41 | C31: 2.94
A32: 26 | B32: 37.02 | C32: 2.99
A33: 27 | B33: 36.61 | C33: 3.04
A34: 28 | B34: 36.2 | C34: 3.09
A35: 29 | B35: 35.78 | C35: 3.13
A36: 30 | B36: 35.36 | C36: 3.18
A37: 31 | B37: 34.93 | C37: 3.23
... A74: 68 | B74: 14.6 | C74: 3.93
A75: 69 | B75: 13.98 | C75: 3.83 | D75: 2.43
A76: 70 | B76: 13.37 | C76: 3.72 | D76: 2.25
A77: 71 | B77: 12.76 | C77: 3.68 | D77: 2.07
A78: 72 | B78: 12.16 | C78: 3.64 | D78: 1.89
A79: 73 | B79: 11.57 | C79: 3.59 | D79: 1.73
A80: 74 | B80: 10.98 | C80: 3.38 | D80: 1.58
A81: 75 | B81: 10.41 | C81: 3.16 | D81: 1.43
A82: 76 | B82: 9.84 | C82: 3.1 | D82: 1.29
A83: 77 | B83: 9.29 | C83: 3.03 | D83: 1.17
A84: 78 | B84: 8.75 | C84: 2.96 | D84: 1.05
A85: 79 | B85: 8.22 | C85: 2.67 | D85: 0.93
A86: 80 | B86: 7.72 | C86: 2.38 | D86: 0.83
... A101: 95 | B101: 2.51 | C101: 0.56 | D101: 0.1

Sheet K (313)
A1: Government Actuary's Department
A2: =IF(title="> Enter workbook title here","Enter workbook title in Cover sheet",title) -> Police_EW - Consolidated Factor Spreadsheet
A3: =TABLE_FACTOR_TYPE&" - x-"&TABLE_SERIES_NUMBER -> Pension Credit - x-313
A6: Data Item | B6: Factor Table Information
A7: Client | B7: Police_EW
A8: Section | B8: 1987
A9: Factor Type | B9: Pension Credit
A10: Description | B10: Factors for calculating the pension credit
A11: Gender | B11: Male & Female
A12: Factor Age/Period Definition | B12: Age last birthday at relevant date
A13: Section Number | B13: 2
A14: Series Number | B14: 313
A15: Table Reference | B15: 2-313
A16: Table Reference in Guidance | B16: Table K
A17: Associated Guidance Note | B17: =INDEX('Factor List'!$L:$L,MATCH(B$15,'Factor List'!$J:$J,0)) -> Police pension schemes (England & Wales): 1987 Scheme; Transfer values and pension sharing on divorce; Factors and guidance, dated 10 December 2020
A18: Date Factors Issued to Client | B18: ="24 May 2023" -> 24 May 2023
A19: Date Factors Implemented (if known)
A20: Factor Status | B20: =INDEX('Factor List'!$O:$O,MATCH(B$15,'Factor List'!$J:$J,0)) -> Issued
B22: =HYPERLINK("#'Factor List'!A1","Back to Factor List") -> Back to Factor List
A25: Age | B25: Pension of £1 per annum - Males | C25: Pension of £1 per annum - Females
A26: 16 | B26: 11.22 | C26: 11.22
A27: 17 | B27: 11.39 | C27: 11.39
A28: 18 | B28: 11.56 | C28: 11.56
A29: 19 | B29: 11.73 | C29: 11.73
A30: 20 | B30: 11.91 | C30: 11.91
A31: 21 | B31: 12.08 | C31: 12.08
A32: 22 | B32: 12.26 | C32: 12.26
A33: 23 | B33: 12.45 | C33: 12.45
A34: 24 | B34: 12.63 | C34: 12.63
A35: 25 | B35: 12.82 | C35: 12.82
A36: 26 | B36: 13.01 | C36: 13.01
A37: 27 | B37: 13.21 | C37: 13.21
... A105: 95 | B105: 2.62 | C105: 2.62

Sheet K_06 (314)
A1: Government Actuary's Department
A2: =IF(title="> Enter workbook title here","Enter workbook title in Cover sheet",title) -> Police_EW - Consolidated Factor Spreadsheet
A3: =TABLE_FACTOR_TYPE&" - x-"&TABLE_SERIES_NUMBER -> Pension Credit - x-314
A6: Data Item | B6: Factor Table Information
A7: Client | B7: Police_EW
A8: Section | B8: 2006
A9: Factor Type | B9: Pension Credit
A10: Description | B10: Factors for calculating the pension credit
A11: Gender | B11: Male & Female
A12: Factor Age/Period Definition | B12: Age last birthday at relevant date
A13: Section Number | B13: 1
A14: Series Number | B14: 314
A15: Table Reference | B15: 1-314
A16: Table Reference in Guidance | B16: Table K_06
A17: Associated Guidance Note | B17: =INDEX('Factor List'!$L:$L,MATCH(B$15,'Factor List'!$J:$J,0)) -> Police pension schemes (England & Wales): 2006 Scheme; Transfer values and pension sharing on divorce; Factors and guidance, dated 10 December 2020
A18: Date Factors Issued to Client | B18: ="24 May 2023" -> 24 May 2023
A19: Date Factors Implemented (if known)
A20: Factor Status | B20: =INDEX('Factor List'!$O:$O,MATCH(B$15,'Factor List'!$J:$J,0)) -> Issued
B22: =HYPERLINK("#'Factor List'!A1","Back to Factor List") -> Back to Factor List
A25: Age | B25: Pension of £1 per annum - Males | C25: Lump sum of £1- Males | D25: Pension of £1 per annum - Females | E25: Lump sum of £1 - Females
A26: 16 | B26: 8.99 | C26: 0.44 | D26: 8.99 | E26: 0.44
A27: 17 | B27: 9.12 | C27: 0.45 | D27: 9.12 | E27: 0.45
A28: 18 | B28: 9.25 | C28: 0.46 | D28: 9.25 | E28: 0.46
A29: 19 | B29: 9.39 | C29: 0.46 | D29: 9.39 | E29: 0.46
A30: 20 | B30: 9.52 | C30: 0.47 | D30: 9.52 | E30: 0.47
A31: 21 | B31: 9.66 | C31: 0.48 | D31: 9.66 | E31: 0.48
A32: 22 | B32: 9.8 | C32: 0.49 | D32: 9.8 | E32: 0.49
A33: 23 | B33: 9.94 | C33: 0.5 | D33: 9.94 | E33: 0.5
A34: 24 | B34: 10.08 | C34: 0.51 | D34: 10.08 | E34: 0.51
A35: 25 | B35: 10.23 | C35: 0.51 | D35: 10.23 | E35: 0.51
A36: 26 | B36: 10.38 | C36: 0.52 | D36: 10.38 | E36: 0.52
A37: 27 | B37: 10.53 | C37: 0.53 | D37: 10.53 | E37: 0.53
... A104: 94 | B104: 2.84 | C104: 1 | D104: 2.84 | E104: 1

Sheet K_15_65 (315)
A1: Government Actuary's Department
A2: =IF(title="> Enter workbook title here","Enter workbook title in Cover sheet",title) -> Police_EW - Consolidated Factor Spreadsheet
A3: =TABLE_FACTOR_TYPE&" - x-"&TABLE_SERIES_NUMBER -> Pension Credit - x-315
A6: Data Item | B6: Factor Table Information
A7: Client | B7: Police_EW
A8: Section | B8: 2015
A9: Factor Type | B9: Pension Credit
A10: Description | B10: Factors for calculating the pension credit for members with NPA 65
A11: Gender | B11: Male & Female
A12: Factor Age/Period Definition | B12: Age last birthday at relevant date
A13: Section Number | B13: 0
A14: Series Number | B14: 315
A15: Table Reference | B15: 0-315
A16: Table Reference in Guidance | B16: Table K_15_65
A17: Associated Guidance Note | B17: =INDEX('Factor List'!$L:$L,MATCH(B$15,'Factor List'!$J:$J,0)) -> Police pension schemes (England & Wales): 2015 Scheme; Transfer values and pension sharing on divorce; Factors and guidance, dated 10 December 2020
A18: Date Factors Issued to Client | B18: ="24 May 2023" -> 24 May 2023
A19: Date Factors Implemented (if known)
A20: Factor Status | B20: =INDEX('Factor List'!$O:$O,MATCH(B$15,'Factor List'!$J:$J,0)) -> Issued
B22: =HYPERLINK("#'Factor List'!A1","Back to Factor List") -> Back to Factor List
A25: Age | B25: Pension of £1 per annum - Males | C25: Pension of £1 per annum - Females
A26: 16 | B26: 8.99 | C26: 8.99
A27: 17 | B27: 9.12 | C27: 9.12
A28: 18 | B28: 9.25 | C28: 9.25
A29: 19 | B29: 9.39 | C29: 9.39
A30: 20 | B30: 9.52 | C30: 9.52
A31: 21 | B31: 9.66 | C31: 9.66
A32: 22 | B32: 9.8 | C32: 9.8
A33: 23 | B33: 9.94 | C33: 9.94
A34: 24 | B34: 10.08 | C34: 10.08
A35: 25 | B35: 10.23 | C35: 10.23
A36: 26 | B36: 10.38 | C36: 10.38
A37: 27 | B37: 10.53 | C37: 10.53
... A105: 95 | B105: 2.62 | C105: 2.62

Sheet K_15_66 (316)
A1: Government Actuary's Department
A2: =IF(title="> Enter workbook title here","Enter workbook title in Cover sheet",title) -> Police_EW - Consolidated Factor Spreadsheet
A3: =TABLE_FACTOR_TYPE&" - x-"&TABLE_SERIES_NUMBER -> Pension Credit - x-316
A6: Data Item | B6: Factor Table Information
A7: Client | B7: Police_EW
A8: Section | B8: 2015
A9: Factor Type | B9: Pension Credit
A10: Description | B10: Factors for calculating the pension credit for members with NPA 66
A11: Gender | B11: Male & Female
A12: Factor Age/Period Definition | B12: Age last birthday at relevant date
A13: Section Number | B13: 0
A14: Series Number | B14: 316
A15: Table Reference | B15: 0-316
A16: Table Reference in Guidance | B16: Table K_15_66
A17: Associated Guidance Note | B17: =INDEX('Factor List'!$L:$L,MATCH(B$15,'Factor List'!$J:$J,0)) -> Police pension schemes (England & Wales): 2015 Scheme; Transfer values and pension sharing on divorce; Factors and guidance, dated 10 December 2020
A18: Date Factors Issued to Client | B18: ="24 May 2023" -> 24 May 2023
A19: Date Factors Implemented (if known)
A20: Factor Status | B20: =INDEX('Factor List'!$O:$O,MATCH(B$15,'Factor List'!$J:$J,0)) -> Issued
B22: =HYPERLINK("#'Factor List'!A1","Back to Factor List") -> Back to Factor List
A25: Age | B25: Pension of £1 per annum - Males | C25: Pension of £1 per annum - Females
A26: 16 | B26: 8.57 | C26: 8.57
A27: 17 | B27: 8.69 | C27: 8.69
A28: 18 | B28: 8.82 | C28: 8.82
A29: 19 | B29: 8.94 | C29: 8.94
A30: 20 | B30: 9.07 | C30: 9.07
A31: 21 | B31: 9.2 | C31: 9.2
A32: 22 | B32: 9.33 | C32: 9.33
A33: 23 | B33: 9.47 | C33: 9.47
A34: 24 | B34: 9.6 | C34: 9.6
A35: 25 | B35: 9.74 | C35: 9.74
A36: 26 | B36: 9.88 | C36: 9.88
A37: 27 | B37: 10.02 | C37: 10.02
... A105: 95 | B105: 2.62 | C105: 2.62

Sheet K_15_67 (317)
A1: Government Actuary's Department
A2: =IF(title="> Enter workbook title here","Enter workbook title in Cover sheet",title) -> Police_EW - Consolidated Factor Spreadsheet
A3: =TABLE_FACTOR_TYPE&" - x-"&TABLE_SERIES_NUMBER -> Pension Credit - x-317
A6: Data Item | B6: Factor Table Information
A7: Client | B7: Police_EW
A8: Section | B8: 2015
A9: Factor Type | B9: Pension Credit
A10: Description | B10: Factors for calculating the pension credit for members with NPA 67
A11: Gender | B11: Male & Female
A12: Factor Age/Period Definition | B12: Age last birthday at relevant date
A13: Section Number | B13: 0
A14: Series Number | B14: 317
A15: Table Reference | B15: 0-317
A16: Table Reference in Guidance | B16: Table K_15_67
A17: Associated Guidance Note | B17: =INDEX('Factor List'!$L:$L,MATCH(B$15,'Factor List'!$J:$J,0)) -> Police pension schemes (England & Wales): 2015 Scheme; Transfer values and pension sharing on divorce; Factors and guidance, dated 10 December 2020
A18: Date Factors Issued to Client | B18: ="24 May 2023" -> 24 May 2023
A19: Date Factors Implemented (if known)
A20: Factor Status | B20: =INDEX('Factor List'!$O:$O,MATCH(B$15,'Factor List'!$J:$J,0)) -> Issued
B22: =HYPERLINK("#'Factor List'!A1","Back to Factor List") -> Back to Factor List
A25: Age | B25: Pension of £1 per annum - Males | C25: Pension of £1 per annum - Females
A26: 16 | B26: 8.16 | C26: 8.16
A27: 17 | B27: 8.28 | C27: 8.28
A28: 18 | B28: 8.39 | C28: 8.39
A29: 19 | B29: 8.51 | C29: 8.51
A30: 20 | B30: 8.63 | C30: 8.63
A31: 21 | B31: 8.76 | C31: 8.76
A32: 22 | B32: 8.88 | C32: 8.88
A33: 23 | B33: 9.01 | C33: 9.01
A34: 24 | B34: 9.13 | C34: 9.13
A35: 25 | B35: 9.26 | C35: 9.26
A36: 26 | B36: 9.39 | C36: 9.39
A37: 27 | B37: 9.53 | C37: 9.53
... A105: 95 | B105: 2.62 | C105: 2.62

Sheet K_15_68 (318)
A1: Government Actuary's Department
A2: =IF(title="> Enter workbook title here","Enter workbook title in Cover sheet",title) -> Police_EW - Consolidated Factor Spreadsheet
A3: =TABLE_FACTOR_TYPE&" - x-"&TABLE_SERIES_NUMBER -> Pension Credit - x-318
A6: Data Item | B6: Factor Table Information
A7: Client | B7: Police_EW
A8: Section | B8: 2015
A9: Factor Type | B9: Pension Credit
A10: Description | B10: Factors for calculating the pension credit for members with NPA 68
A11: Gender | B11: Male & Female
A12: Factor Age/Period Definition | B12: Age last birthday at relevant date
A13: Section Number | B13: 0
A14: Series Number | B14: 318
A15: Table Reference | B15: 0-318
A16: Table Reference in Guidance | B16: Table K_15_68
A17: Associated Guidance Note | B17: =INDEX('Factor List'!$L:$L,MATCH(B$15,'Factor List'!$J:$J,0)) -> Police pension schemes (England & Wales): 2015 Scheme; Transfer values and pension sharing on divorce; Factors and guidance, dated 10 December 2020
A18: Date Factors Issued to Client | B18: ="24 May 2023" -> 24 May 2023
A19: Date Factors Implemented (if known)
A20: Factor Status | B20: =INDEX('Factor List'!$O:$O,MATCH(B$15,'Factor List'!$J:$J,0)) -> Issued
B22: =HYPERLINK("#'Factor List'!A1","Back to Factor List") -> Back to Factor List
A25: Age | B25: Pension of £1 per annum - Males | C25: Pension of £1 per annum - Females
A26: 16 | B26: 7.76 | C26: 7.76
A27: 17 | B27: 7.86 | C27: 7.86
A28: 18 | B28: 7.97 | C28: 7.97
A29: 19 | B29: 8.09 | C29: 8.09
A30: 20 | B30: 8.2 | C30: 8.2
A31: 21 | B31: 8.32 | C31: 8.32
A32: 22 | B32: 8.43 | C32: 8.43
A33: 23 | B33: 8.55 | C33: 8.55
A34: 24 | B34: 8.67 | C34: 8.67
A35: 25 | B35: 8.79 | C35: 8.79
A36: 26 | B36: 8.92 | C36: 8.92
A37: 27 | B37: 9.04 | C37: 9.04
... A105: 95 | B105: 2.62 | C105: 2.62

Sheet M (319)
A1: Government Actuary's Department
A2: =IF(title="> Enter workbook title here","Enter workbook title in Cover sheet",title) -> Police_EW - Consolidated Factor Spreadsheet
A3: =TABLE_FACTOR_TYPE&" - x-"&TABLE_SERIES_NUMBER -> Pension Credit - x-319
A6: Data Item | B6: Factor Table Information
A7: Client | B7: Police_EW
A8: Section | B8: 1987
A9: Factor Type | B9: Pension Credit
A10: Description | B10: Factors used in the calculation of Adjustment B
A11: Gender | B11: Male & Female
A12: Factor Age/Period Definition | B12: Age last birthday at relevant date
A13: Section Number | B13: 2
A14: Series Number | B14: 319
A15: Table Reference | B15: 2-319
A16: Table Reference in Guidance | B16: Table M
A17: Associated Guidance Note | B17: =INDEX('Factor List'!$L:$L,MATCH(B$15,'Factor List'!$J:$J,0)) -> Police pension schemes (England & Wales): 1987 Scheme; Transfer values and pension sharing on divorce; Factors and guidance, dated 10 December 2020
A18: Date Factors Issued to Client | B18: ="24 May 2023" -> 24 May 2023
A19: Date Factors Implemented (if known)
A20: Factor Status | B20: =INDEX('Factor List'!$O:$O,MATCH(B$15,'Factor List'!$J:$J,0)) -> Issued
B22: =HYPERLINK("#'Factor List'!A1","Back to Factor List") -> Back to Factor List
A25: Age | B25: F(P-A) - Males | C25: F(P-A) - Females
A26: 43 | B26: 20.22 | C26: 20.22
A27: 44 | B27: 20.55 | C27: 20.55
A28: 45 | B28: 20.88 | C28: 20.88
A29: 46 | B29: 21.22 | C29: 21.22
A30: 47 | B30: 21.56 | C30: 21.56
A31: 48 | B31: 21.91 | C31: 21.91
A32: 49 | B32: 22.27 | C32: 22.27
A33: 50 | B33: 22.64 | C33: 22.64
A34: 51 | B34: 23.02 | C34: 23.02
A35: 52 | B35: 23.41 | C35: 23.41
A36: 53 | B36: 23.8 | C36: 23.8
A37: 54 | B37: 24.21 | C37: 24.21

Sheet N (320)
A1: Government Actuary's Department
A2: =IF(title="> Enter workbook title here","Enter workbook title in Cover sheet",title) -> Police_EW - Consolidated Factor Spreadsheet
A3: =TABLE_FACTOR_TYPE&" - x-"&TABLE_SERIES_NUMBER -> Pension Debit - x-320
A6: Data Item | B6: Factor Table Information
A7: Client | B7: Police_EW
A8: Section | B8: 1987
A9: Factor Type | B9: Pension Debit
A10: Description | B10: Adjustment to pension debit on retirement - normal health
A11: Gender | B11: Unisex
A12: Factor Age/Period Definition | B12: Age of the member when benefits come into payment
A13: Section Number | B13: 2
A14: Series Number | B14: 320
A15: Table Reference | B15: 2-320
A16: Table Reference in Guidance | B16: Table N
A17: Associated Guidance Note | B17: =INDEX('Factor List'!$L:$L,MATCH(B$15,'Factor List'!$J:$J,0)) -> Police pension schemes (England & Wales): 1987 Scheme; Transfer values and pension sharing on divorce; Factors and guidance, dated 10 December 2020
A18: Date Factors Issued to Client | B18: ="24 May 2023" -> 24 May 2023
A19: Date Factors Implemented (if known)
A20: Factor Status | B20: =INDEX('Factor List'!$O:$O,MATCH(B$15,'Factor List'!$J:$J,0)) -> Issued
B22: =HYPERLINK("#'Factor List'!A1","Back to Factor List") -> Back to Factor List
A25: Months/Age | B25: 48 | C25: 49 | D25: 50 | E25: 51 | F25: 52 | G25: 53 | H25: 54 | I25: 55 | J25: 56 | K25: 57 | L25: 58 | M25: 59 | N25: 60 | O25: 61 | P25: 62 | Q25: 63 | R25: 64 | S25: 65 | T25: 66 | U25: 67 | V25: 68 | W25: 69 | X25: 70
A26: 0 | B26: 0.63 | C26: 0.65 | D26: 0.671 | E26: 0.694 | F26: 0.718 | G26: 0.745 | H26: 0.774 | I26: 0.805 | J26: 0.839 | K26: 0.875 | L26: 0.913 | M26: 0.955 | N26: 1 | O26: 1.048 | P26: 1.101 | Q26: 1.157 | R26: 1.219 | S26: 1.286 | T26: 1.358 | U26: 1.438 | V26: 1.524 | W26: 1.62 | X26: 1.725
A27: 1 | B27: 0.631 | C27: 0.651 | D27: 0.673 | E27: 0.696 | F27: 0.721 | G27: 0.747 | H27: 0.776 | I27: 0.808 | J27: 0.842 | K27: 0.878 | L27: 0.917 | M27: 0.959 | N27: 1.004 | O27: 1.053 | P27: 1.106 | Q27: 1.163 | R27: 1.224 | S27: 1.292 | T27: 1.365 | U27: 1.445 | V27: 1.532 | W27: 1.628
A28: 2 | B28: 0.633 | C28: 0.653 | D28: 0.675 | E28: 0.698 | F28: 0.723 | G28: 0.75 | H28: 0.779 | I28: 0.81 | J28: 0.845 | K28: 0.881 | L28: 0.92 | M28: 0.963 | N28: 1.008 | O28: 1.057 | P28: 1.11 | Q28: 1.168 | R28: 1.23 | S28: 1.298 | T28: 1.371 | U28: 1.452 | V28: 1.54 | W28: 1.637
A29: 3 | B29: 0.635 | C29: 0.655 | D29: 0.677 | E29: 0.7 | F29: 0.725 | G29: 0.752 | H29: 0.781 | I29: 0.813 | J29: 0.848 | K29: 0.884 | L29: 0.924 | M29: 0.966 | N29: 1.012 | O29: 1.062 | P29: 1.115 | Q29: 1.173 | R29: 1.236 | S29: 1.304 | T29: 1.378 | U29: 1.459 | V29: 1.548 | W29: 1.646
A30: 4 | B30: 0.636 | C30: 0.657 | D30: 0.679 | E30: 0.702 | F30: 0.727 | G30: 0.755 | H30: 0.784 | I30: 0.816 | J30: 0.851 | K30: 0.888 | L30: 0.927 | M30: 0.97 | N30: 1.016 | O30: 1.066 | P30: 1.12 | Q30: 1.178 | R30: 1.241 | S30: 1.31 | T30: 1.385 | U30: 1.467 | V30: 1.556 | W30: 1.655
A31: 5 | B31: 0.638 | C31: 0.659 | D31: 0.68 | E31: 0.704 | F31: 0.729 | G31: 0.757 | H31: 0.787 | I31: 0.819 | J31: 0.854 | K31: 0.891 | L31: 0.931 | M31: 0.974 | N31: 1.02 | O31: 1.07 | P31: 1.124 | Q31: 1.183 | R31: 1.247 | S31: 1.316 | T31: 1.391 | U31: 1.474 | V31: 1.564 | W31: 1.663
A32: 6 | B32: 0.64 | C32: 0.66 | D32: 0.682 | E32: 0.706 | F32: 0.732 | G32: 0.759 | H32: 0.789 | I32: 0.822 | J32: 0.857 | K32: 0.894 | L32: 0.934 | M32: 0.978 | N32: 1.024 | O32: 1.075 | P32: 1.129 | Q32: 1.188 | R32: 1.252 | S32: 1.322 | T32: 1.398 | U32: 1.481 | V32: 1.572 | W32: 1.672
A33: 7 | B33: 0.641 | C33: 0.662 | D33: 0.684 | E33: 0.708 | F33: 0.734 | G33: 0.762 | H33: 0.792 | I33: 0.825 | J33: 0.86 | K33: 0.897 | L33: 0.938 | M33: 0.981 | N33: 1.028 | O33: 1.079 | P33: 1.134 | Q33: 1.193 | R33: 1.258 | S33: 1.328 | T33: 1.405 | U33: 1.488 | V33: 1.58 | W33: 1.681
A34: 8 | B34: 0.643 | C34: 0.664 | D34: 0.686 | E34: 0.71 | F34: 0.736 | G34: 0.764 | H34: 0.794 | I34: 0.827 | J34: 0.863 | K34: 0.9 | L34: 0.941 | M34: 0.985 | N34: 1.032 | O34: 1.083 | P34: 1.139 | Q34: 1.198 | R34: 1.263 | S34: 1.334 | T34: 1.411 | U34: 1.495 | V34: 1.588 | W34: 1.69
A35: 9 | B35: 0.645 | C35: 0.666 | D35: 0.688 | E35: 0.712 | F35: 0.738 | G35: 0.766 | H35: 0.797 | I35: 0.83 | J35: 0.866 | K35: 0.904 | L35: 0.945 | M35: 0.989 | N35: 1.036 | O35: 1.088 | P35: 1.143 | Q35: 1.204 | R35: 1.269 | S35: 1.34 | T35: 1.418 | U35: 1.503 | V35: 1.596 | W35: 1.698
A36: 10 | B36: 0.646 | C36: 0.667 | D36: 0.69 | E36: 0.714 | F36: 0.74 | G36: 0.769 | H36: 0.8 | I36: 0.833 | J36: 0.869 | K36: 0.907 | L36: 0.948 | M36: 0.993 | N36: 1.04 | O36: 1.092 | P36: 1.148 | Q36: 1.209 | R36: 1.274 | S36: 1.346 | T36: 1.424 | U36: 1.51 | V36: 1.604 | W36: 1.707
A37: 11 | B37: 0.648 | C37: 0.669 | D37: 0.692 | E37: 0.716 | F37: 0.743 | G37: 0.771 | H37: 0.802 | I37: 0.836 | J37: 0.872 | K37: 0.91 | L37: 0.952 | M37: 0.996 | N37: 1.044 | O37: 1.096 | P37: 1.153 | Q37: 1.214 | R37: 1.28 | S37: 1.352 | T37: 1.431 | U37: 1.517 | V37: 1.612 | W37: 1.716

Sheet P (321)
A1: Government Actuary's Department
A2: =IF(title="> Enter workbook title here","Enter workbook title in Cover sheet",title) -> Police_EW - Consolidated Factor Spreadsheet
A3: =TABLE_FACTOR_TYPE&" - x-"&TABLE_SERIES_NUMBER -> Pension Debit - x-321
A6: Data Item | B6: Factor Table Information
A7: Client | B7: Police_EW
A8: Section | B8: 1987
A9: Factor Type | B9: Pension Debit
A10: Description | B10: Adjustment to pension debit on retirement - ill health
A11: Gender | B11: Unisex
A12: Factor Age/Period Definition | B12: Age of the member when benefits come into payment
A13: Section Number | B13: 2
A14: Series Number | B14: 321
A15: Table Reference | B15: 2-321
A16: Table Reference in Guidance | B16: Table P
A17: Associated Guidance Note | B17: =INDEX('Factor List'!$L:$L,MATCH(B$15,'Factor List'!$J:$J,0)) -> Police pension schemes (England & Wales): 1987 Scheme; Transfer values and pension sharing on divorce; Factors and guidance, dated 10 December 2020
A18: Date Factors Issued to Client | B18: ="24 May 2023" -> 24 May 2023
A19: Date Factors Implemented (if known)
A20: Factor Status | B20: =INDEX('Factor List'!$O:$O,MATCH(B$15,'Factor List'!$J:$J,0)) -> Issued
B22: =HYPERLINK("#'Factor List'!A1","Back to Factor List") -> Back to Factor List
A25: Months/Age | B25: 25 | C25: 26 | D25: 27 | E25: 28 | F25: 29 | G25: 30 | H25: 31 | I25: 32 | J25: 33 | K25: 34 | L25: 35 | M25: 36 | N25: 37 | O25: 38 | P25: 39 | Q25: 40 | R25: 41 | S25: 42 | T25: 43 | U25: 44 | V25: 45 | W25: 46 | X25: 47 | Y25: 48 | Z25: 49 | AA25: 50 | AB25: 51 | AC25: 52 | AD25: 53 | AE25: 54 | AF25: 55
A26: 0 | B26: 0.307 | C26: 0.315 | D26: 0.323 | E26: 0.331 | F26: 0.34 | G26: 0.348 | H26: 0.358 | I26: 0.367 | J26: 0.377 | K26: 0.388 | L26: 0.399 | M26: 0.41 | N26: 0.422 | O26: 0.435 | P26: 0.448 | Q26: 0.462 | R26: 0.476 | S26: 0.491 | T26: 0.507 | U26: 0.524 | V26: 0.542 | W26: 0.561 | X26: 0.581 | Y26: 0.602 | Z26: 0.624 | AA26: 0.648 | AB26: 0.673 | AC26: 0.7 | AD26: 0.729 | AE26: 0.759 | AF26: 0.792
A27: 1 | B27: 0.308 | C27: 0.315 | D27: 0.323 | E27: 0.332 | F27: 0.34 | G27: 0.349 | H27: 0.359 | I27: 0.368 | J27: 0.378 | K27: 0.389 | L27: 0.4 | M27: 0.411 | N27: 0.423 | O27: 0.436 | P27: 0.449 | Q27: 0.463 | R27: 0.478 | S27: 0.493 | T27: 0.509 | U27: 0.526 | V27: 0.544 | W27: 0.563 | X27: 0.583 | Y27: 0.604 | Z27: 0.626 | AA27: 0.65 | AB27: 0.675 | AC27: 0.702 | AD27: 0.731 | AE27: 0.762
A28: 2 | B28: 0.308 | C28: 0.316 | D28: 0.324 | E28: 0.332 | F28: 0.341 | G28: 0.35 | H28: 0.359 | I28: 0.369 | J28: 0.379 | K28: 0.39 | L28: 0.401 | M28: 0.412 | N28: 0.424 | O28: 0.437 | P28: 0.45 | Q28: 0.464 | R28: 0.479 | S28: 0.494 | T28: 0.51 | U28: 0.527 | V28: 0.545 | W28: 0.564 | X28: 0.584 | Y28: 0.606 | Z28: 0.628 | AA28: 0.652 | AB28: 0.678 | AC28: 0.705 | AD28: 0.734 | AE28: 0.765
A29: 3 | B29: 0.309 | C29: 0.317 | D29: 0.325 | E29: 0.333 | F29: 0.342 | G29: 0.351 | H29: 0.36 | I29: 0.37 | J29: 0.38 | K29: 0.391 | L29: 0.402 | M29: 0.413 | N29: 0.426 | O29: 0.438 | P29: 0.451 | Q29: 0.465 | R29: 0.48 | S29: 0.495 | T29: 0.512 | U29: 0.529 | V29: 0.547 | W29: 0.566 | X29: 0.586 | Y29: 0.607 | Z29: 0.63 | AA29: 0.654 | AB29: 0.68 | AC29: 0.707 | AD29: 0.736 | AE29: 0.768
A30: 4 | B30: 0.31 | C30: 0.317 | D30: 0.325 | E30: 0.334 | F30: 0.343 | G30: 0.352 | H30: 0.361 | I30: 0.371 | J30: 0.381 | K30: 0.392 | L30: 0.403 | M30: 0.414 | N30: 0.427 | O30: 0.439 | P30: 0.453 | Q30: 0.467 | R30: 0.481 | S30: 0.497 | T30: 0.513 | U30: 0.53 | V30: 0.548 | W30: 0.568 | X30: 0.588 | Y30: 0.609 | Z30: 0.632 | AA30: 0.656 | AB30: 0.682 | AC30: 0.71 | AD30: 0.739 | AE30: 0.77
A31: 5 | B31: 0.31 | C31: 0.318 | D31: 0.326 | E31: 0.335 | F31: 0.343 | G31: 0.352 | H31: 0.362 | I31: 0.372 | J31: 0.382 | K31: 0.393 | L31: 0.404 | M31: 0.415 | N31: 0.428 | O31: 0.44 | P31: 0.454 | Q31: 0.468 | R31: 0.483 | S31: 0.498 | T31: 0.515 | U31: 0.532 | V31: 0.55 | W31: 0.569 | X31: 0.59 | Y31: 0.611 | Z31: 0.634 | AA31: 0.658 | AB31: 0.684 | AC31: 0.712 | AD31: 0.741 | AE31: 0.773
A32: 6 | B32: 0.311 | C32: 0.319 | D32: 0.327 | E32: 0.335 | F32: 0.344 | G32: 0.353 | H32: 0.363 | I32: 0.372 | J32: 0.383 | K32: 0.393 | L32: 0.405 | M32: 0.416 | N32: 0.429 | O32: 0.441 | P32: 0.455 | Q32: 0.469 | R32: 0.484 | S32: 0.499 | T32: 0.516 | U32: 0.533 | V32: 0.552 | W32: 0.571 | X32: 0.591 | Y32: 0.613 | Z32: 0.636 | AA32: 0.66 | AB32: 0.687 | AC32: 0.714 | AD32: 0.744 | AE32: 0.776
A33: 7 | B33: 0.312 | C33: 0.319 | D33: 0.328 | E33: 0.336 | F33: 0.345 | G33: 0.354 | H33: 0.363 | I33: 0.373 | J33: 0.384 | K33: 0.394 | L33: 0.406 | M33: 0.417 | N33: 0.43 | O33: 0.443 | P33: 0.456 | Q33: 0.47 | R33: 0.485 | S33: 0.501 | T33: 0.517 | U33: 0.535 | V33: 0.553 | W33: 0.572 | X33: 0.593 | Y33: 0.615 | Z33: 0.638 | AA33: 0.663 | AB33: 0.689 | AC33: 0.717 | AD33: 0.747 | AE33: 0.779
A34: 8 | B34: 0.312 | C34: 0.32 | D34: 0.328 | E34: 0.337 | F34: 0.346 | G34: 0.355 | H34: 0.364 | I34: 0.374 | J34: 0.384 | K34: 0.395 | L34: 0.407 | M34: 0.418 | N34: 0.431 | O34: 0.444 | P34: 0.457 | Q34: 0.471 | R34: 0.486 | S34: 0.502 | T34: 0.519 | U34: 0.536 | V34: 0.555 | W34: 0.574 | X34: 0.595 | Y34: 0.617 | Z34: 0.64 | AA34: 0.665 | AB34: 0.691 | AC34: 0.719 | AD34: 0.749 | AE34: 0.781
A35: 9 | B35: 0.313 | C35: 0.321 | D35: 0.329 | E35: 0.337 | F35: 0.346 | G35: 0.355 | H35: 0.365 | I35: 0.375 | J35: 0.385 | K35: 0.396 | L35: 0.408 | M35: 0.419 | N35: 0.432 | O35: 0.445 | P35: 0.458 | Q35: 0.473 | R35: 0.488 | S35: 0.503 | T35: 0.52 | U35: 0.538 | V35: 0.556 | W35: 0.576 | X35: 0.597 | Y35: 0.619 | Z35: 0.642 | AA35: 0.667 | AB35: 0.693 | AC35: 0.721 | AD35: 0.752 | AE35: 0.784
A36: 10 | B36: 0.314 | C36: 0.321 | D36: 0.33 | E36: 0.338 | F36: 0.347 | G36: 0.356 | H36: 0.366 | I36: 0.376 | J36: 0.386 | K36: 0.397 | L36: 0.408 | M36: 0.42 | N36: 0.433 | O36: 0.446 | P36: 0.46 | Q36: 0.474 | R36: 0.489 | S36: 0.505 | T36: 0.522 | U36: 0.539 | V36: 0.558 | W36: 0.577 | X36: 0.598 | Y36: 0.62 | Z36: 0.644 | AA36: 0.669 | AB36: 0.695 | AC36: 0.724 | AD36: 0.754 | AE36: 0.787
A37: 11 | B37: 0.314 | C37: 0.322 | D37: 0.33 | E37: 0.339 | F37: 0.348 | G37: 0.357 | H37: 0.367 | I37: 0.377 | J37: 0.387 | K37: 0.398 | L37: 0.409 | M37: 0.421 | N37: 0.434 | O37: 0.447 | P37: 0.461 | Q37: 0.475 | R37: 0.49 | S37: 0.506 | T37: 0.523 | U37: 0.541 | V37: 0.559 | W37: 0.579 | X37: 0.6 | Y37: 0.622 | Z37: 0.646 | AA37: 0.671 | AB37: 0.698 | AC37: 0.726 | AD37: 0.757 | AE37: 0.79

Sheet Q1 (322)
A1: Government Actuary's Department
A2: =IF(title="> Enter workbook title here","Enter workbook title in Cover sheet",title) -> Police_EW - Consolidated Factor Spreadsheet
A3: =TABLE_FACTOR_TYPE&" - x-"&TABLE_SERIES_NUMBER -> Pension Debit - x-322
A6: Data Item | B6: Factor Table Information
A7: Client | B7: Police_EW
A8: Section | B8: 1987
A9: Factor Type | B9: Pension Debit
A10: Description | B10: Factors for calculating the pension debit retirement timing factor - normal health
A11: Gender | B11: Unisex
A12: Factor Age/Period Definition | B12: Age (Years/Months)
A13: Section Number | B13: 2
A14: Series Number | B14: 322
A15: Table Reference | B15: 2-322
A16: Table Reference in Guidance | B16: Table Q1
A17: Associated Guidance Note | B17: =INDEX('Factor List'!$L:$L,MATCH(B$15,'Factor List'!$J:$J,0)) -> Police pension schemes (England & Wales): 1987 Scheme; Transfer values and pension sharing on divorce; Factors and guidance, dated 10 December 2020
A18: Date Factors Issued to Client | B18: ="24 May 2023" -> 24 May 2023
A19: Date Factors Implemented (if known)
A20: Factor Status | B20: =INDEX('Factor List'!$O:$O,MATCH(B$15,'Factor List'!$J:$J,0)) -> Issued
B22: =HYPERLINK("#'Factor List'!A1","Back to Factor List") -> Back to Factor List
A25: Months/Age | B25: 48 | C25: 49 | D25: 50 | E25: 51 | F25: 52 | G25: 53 | H25: 54 | I25: 55
A26: 0 | B26: 6.12 | C26: 5.35 | D26: 4.54 | E26: 3.7 | F26: 2.83 | G26: 1.92 | H26: 0.98 | I26: 0
A27: 1 | B27: 6.06 | C27: 5.28 | D27: 4.47 | E27: 3.63 | F27: 2.75 | G27: 1.84 | H27: 0.9
A28: 2 | B28: 5.99 | C28: 5.21 | D28: 4.4 | E28: 3.55 | F28: 2.68 | G28: 1.77 | H28: 0.82
A29: 3 | B29: 5.93 | C29: 5.14 | D29: 4.33 | E29: 3.48 | F29: 2.6 | G29: 1.69 | H29: 0.74
A30: 4 | B30: 5.86 | C30: 5.08 | D30: 4.26 | E30: 3.41 | F30: 2.53 | G30: 1.61 | H30: 0.65
A31: 5 | B31: 5.8 | C31: 5.01 | D31: 4.19 | E31: 3.34 | F31: 2.45 | G31: 1.53 | H31: 0.57
A32: 6 | B32: 5.73 | C32: 4.94 | D32: 4.12 | E32: 3.26 | F32: 2.38 | G32: 1.45 | H32: 0.49
A33: 7 | B33: 5.67 | C33: 4.87 | D33: 4.05 | E33: 3.19 | F33: 2.3 | G33: 1.37 | H33: 0.41
A34: 8 | B34: 5.6 | C34: 4.81 | D34: 3.98 | E34: 3.12 | F34: 2.22 | G34: 1.29 | H34: 0.33
A35: 9 | B35: 5.54 | C35: 4.74 | D35: 3.91 | E35: 3.05 | F35: 2.15 | G35: 1.22 | H35: 0.25
A36: 10 | B36: 5.47 | C36: 4.67 | D36: 3.84 | E36: 2.97 | F36: 2.07 | G36: 1.14 | H36: 0.16
A37: 11 | B37: 5.41 | C37: 4.61 | D37: 3.77 | E37: 2.9 | F37: 2 | G37: 1.06 | H37: 0.08

Sheet Q2 (323)
A1: Government Actuary's Department
A2: =IF(title="> Enter workbook title here","Enter workbook title in Cover sheet",title) -> Police_EW - Consolidated Factor Spreadsheet
A3: =TABLE_FACTOR_TYPE&" - x-"&TABLE_SERIES_NUMBER -> Pension Debit - x-323
A6: Data Item | B6: Factor Table Information
A7: Client | B7: Police_EW
A8: Section | B8: 1987
A9: Factor Type | B9: Pension Debit
A10: Description | B10: Factors for calculating the penson debit retirement timing factor - ill health
A11: Gender | B11: Unisex
A12: Factor Age/Period Definition | B12: Age (Years/Months)
A13: Section Number | B13: 2
A14: Series Number | B14: 323
A15: Table Reference | B15: 2-323
A16: Table Reference in Guidance | B16: Table Q2
A17: Associated Guidance Note | B17: =INDEX('Factor List'!$L:$L,MATCH(B$15,'Factor List'!$J:$J,0)) -> Police pension schemes (England & Wales): 1987 Scheme; Transfer values and pension sharing on divorce; Factors and guidance, dated 10 December 2020
A18: Date Factors Issued to Client | B18: ="24 May 2023" -> 24 May 2023
A19: Date Factors Implemented (if known)
A20: Factor Status | B20: =INDEX('Factor List'!$O:$O,MATCH(B$15,'Factor List'!$J:$J,0)) -> Issued
B22: =HYPERLINK("#'Factor List'!A1","Back to Factor List") -> Back to Factor List
A25: Months/Age | B25: 25 | C25: 26 | D25: 27 | E25: 28 | F25: 29 | G25: 30 | H25: 31 | I25: 32 | J25: 33 | K25: 34 | L25: 35 | M25: 36 | N25: 37 | O25: 38 | P25: 39 | Q25: 40 | R25: 41 | S25: 42 | T25: 43 | U25: 44 | V25: 45 | W25: 46 | X25: 47 | Y25: 48 | Z25: 49 | AA25: 50 | AB25: 51 | AC25: 52 | AD25: 53 | AE25: 54 | AF25: 55
A26: 0 | B26: 18.03 | C26: 17.69 | D26: 17.33 | E26: 16.97 | F26: 16.59 | G26: 16.2 | H26: 15.79 | I26: 15.37 | J26: 14.94 | K26: 14.49 | L26: 14.02 | M26: 13.53 | N26: 13.03 | O26: 12.51 | P26: 11.97 | Q26: 11.41 | R26: 10.83 | S26: 10.23 | T26: 9.61 | U26: 8.96 | V26: 8.29 | W26: 7.59 | X26: 6.87 | Y26: 6.12 | Z26: 5.35 | AA26: 4.54 | AB26: 3.7 | AC26: 2.83 | AD26: 1.92 | AE26: 0.98 | AF26: 0
A27: 1 | B27: 18 | C27: 17.66 | D27: 17.3 | E27: 16.94 | F27: 16.56 | G27: 16.17 | H27: 15.76 | I27: 15.34 | J27: 14.9 | K27: 14.45 | L27: 13.98 | M27: 13.49 | N27: 12.99 | O27: 12.47 | P27: 11.92 | Q27: 11.36 | R27: 10.78 | S27: 10.18 | T27: 9.55 | U27: 8.9 | V27: 8.23 | W27: 7.53 | X27: 6.81 | Y27: 6.06 | Z27: 5.28 | AA27: 4.47 | AB27: 3.63 | AC27: 2.75 | AD27: 1.84 | AE27: 0.9
A28: 2 | B28: 17.97 | C28: 17.63 | D28: 17.27 | E28: 16.91 | F28: 16.53 | G28: 16.13 | H28: 15.72 | I28: 15.3 | J28: 14.86 | K28: 14.41 | L28: 13.94 | M28: 13.45 | N28: 12.94 | O28: 12.42 | P28: 11.88 | Q28: 11.31 | R28: 10.73 | S28: 10.13 | T28: 9.5 | U28: 8.85 | V28: 8.17 | W28: 7.47 | X28: 6.75 | Y28: 5.99 | Z28: 5.21 | AA28: 4.4 | AB28: 3.55 | AC28: 2.68 | AD28: 1.77 | AE28: 0.82
A29: 3 | B29: 17.94 | C29: 17.6 | D29: 17.24 | E29: 16.87 | F29: 16.49 | G29: 16.1 | H29: 15.69 | I29: 15.26 | J29: 14.83 | K29: 14.37 | L29: 13.9 | M29: 13.41 | N29: 12.9 | O29: 12.38 | P29: 11.83 | Q29: 11.27 | R29: 10.68 | S29: 10.07 | T29: 9.44 | U29: 8.79 | V29: 8.12 | W29: 7.41 | X29: 6.68 | Y29: 5.93 | Z29: 5.14 | AA29: 4.33 | AB29: 3.48 | AC29: 2.6 | AD29: 1.69 | AE29: 0.74
A30: 4 | B30: 17.91 | C30: 17.57 | D30: 17.21 | E30: 16.84 | F30: 16.46 | G30: 16.06 | H30: 15.65 | I30: 15.23 | J30: 14.79 | K30: 14.33 | L30: 13.86 | M30: 13.37 | N30: 12.86 | O30: 12.33 | P30: 11.78 | Q30: 11.22 | R30: 10.63 | S30: 10.02 | T30: 9.39 | U30: 8.74 | V30: 8.06 | W30: 7.35 | X30: 6.62 | Y30: 5.86 | Z30: 5.08 | AA30: 4.26 | AB30: 3.41 | AC30: 2.53 | AD30: 1.61 | AE30: 0.65
A31: 5 | B31: 17.88 | C31: 17.54 | D31: 17.18 | E31: 16.81 | F31: 16.43 | G31: 16.03 | H31: 15.62 | I31: 15.19 | J31: 14.75 | K31: 14.29 | L31: 13.82 | M31: 13.32 | N31: 12.81 | O31: 12.29 | P31: 11.74 | Q31: 11.17 | R31: 10.58 | S31: 9.97 | T31: 9.34 | U31: 8.68 | V31: 8 | W31: 7.29 | X31: 6.56 | Y31: 5.8 | Z31: 5.01 | AA31: 4.19 | AB31: 3.34 | AC31: 2.45 | AD31: 1.53 | AE31: 0.57
A32: 6 | B32: 17.86 | C32: 17.51 | D32: 17.15 | E32: 16.78 | F32: 16.4 | G32: 16 | H32: 15.58 | I32: 15.16 | J32: 14.71 | K32: 14.25 | L32: 13.78 | M32: 13.28 | N32: 12.77 | O32: 12.24 | P32: 11.69 | Q32: 11.12 | R32: 10.53 | S32: 9.92 | T32: 9.28 | U32: 8.62 | V32: 7.94 | W32: 7.23 | X32: 6.5 | Y32: 5.73 | Z32: 4.94 | AA32: 4.12 | AB32: 3.26 | AC32: 2.38 | AD32: 1.45 | AE32: 0.49
A33: 7 | B33: 17.83 | C33: 17.48 | D33: 17.12 | E33: 16.75 | F33: 16.36 | G33: 15.96 | H33: 15.55 | I33: 15.12 | J33: 14.67 | K33: 14.21 | L33: 13.74 | M33: 13.24 | N33: 12.73 | O33: 12.2 | P33: 11.64 | Q33: 11.07 | R33: 10.48 | S33: 9.87 | T33: 9.23 | U33: 8.57 | V33: 7.88 | W33: 7.17 | X33: 6.43 | Y33: 5.67 | Z33: 4.87 | AA33: 4.05 | AB33: 3.19 | AC33: 2.3 | AD33: 1.37 | AE33: 0.41
A34: 8 | B34: 17.8 | C34: 17.45 | D34: 17.09 | E34: 16.72 | F34: 16.33 | G34: 15.93 | H34: 15.51 | I34: 15.08 | J34: 14.64 | K34: 14.17 | L34: 13.7 | M34: 13.2 | N34: 12.68 | O34: 12.15 | P34: 11.6 | Q34: 11.02 | R34: 10.43 | S34: 9.81 | T34: 9.17 | U34: 8.51 | V34: 7.83 | W34: 7.11 | X34: 6.37 | Y34: 5.6 | Z34: 4.81 | AA34: 3.98 | AB34: 3.12 | AC34: 2.22 | AD34: 1.29 | AE34: 0.33
A35: 9 | B35: 17.77 | C35: 17.42 | D35: 17.06 | E35: 16.69 | F35: 16.3 | G35: 15.9 | H35: 15.48 | I35: 15.05 | J35: 14.6 | K35: 14.14 | L35: 13.66 | M35: 13.16 | N35: 12.64 | O35: 12.11 | P35: 11.55 | Q35: 10.98 | R35: 10.38 | S35: 9.76 | T35: 9.12 | U35: 8.46 | V35: 7.77 | W35: 7.05 | X35: 6.31 | Y35: 5.54 | Z35: 4.74 | AA35: 3.91 | AB35: 3.05 | AC35: 2.15 | AD35: 1.22 | AE35: 0.25
A36: 10 | B36: 17.74 | C36: 17.39 | D36: 17.03 | E36: 16.65 | F36: 16.26 | G36: 15.86 | H36: 15.44 | I36: 15.01 | J36: 14.56 | K36: 14.1 | L36: 13.61 | M36: 13.12 | N36: 12.6 | O36: 12.06 | P36: 11.5 | Q36: 10.93 | R36: 10.33 | S36: 9.71 | T36: 9.07 | U36: 8.4 | V36: 7.71 | W36: 6.99 | X36: 6.25 | Y36: 5.48 | Z36: 4.67 | AA36: 3.84 | AB36: 2.97 | AC36: 2.07 | AD36: 1.14 | AE36: 0.16
A37: 11 | B37: 17.71 | C37: 17.36 | D37: 17 | E37: 16.62 | F37: 16.23 | G37: 15.83 | H37: 15.41 | I37: 14.97 | J37: 14.52 | K37: 14.06 | L37: 13.57 | M37: 13.07 | N37: 12.55 | O37: 12.02 | P37: 11.46 | Q37: 10.88 | R37: 10.28 | S37: 9.66 | T37: 9.01 | U37: 8.34 | V37: 7.65 | W37: 6.93 | X37: 6.19 | Y37: 5.41 | Z37: 4.61 | AA37: 3.77 | AB37: 2.9 | AC37: 2 | AD37: 1.06 | AE37: 0.08

Sheet R (324)
A1: Government Actuary's Department
A2: =IF(title="> Enter workbook title here","Enter workbook title in Cover sheet",title) -> Police_EW - Consolidated Factor Spreadsheet
A3: =TABLE_FACTOR_TYPE&" - x-"&TABLE_SERIES_NUMBER -> Pension Debit - x-324
A6: Data Item | B6: Factor Table Information
A7: Client | B7: Police_EW
A8: Section | B8: 1987
A9: Factor Type | B9: Pension Debit
A10: Description | B10: Factors for calculating the pension debit retirement timing factor
A11: Gender | B11: Unisex
A12: Factor Age/Period Definition | B12: Age (Years/Months)
A13: Section Number | B13: 2
A14: Series Number | B14: 324
A15: Table Reference | B15: 2-324
A16: Table Reference in Guidance | B16: Table R
A17: Associated Guidance Note | B17: =INDEX('Factor List'!$L:$L,MATCH(B$15,'Factor List'!$J:$J,0)) -> Police pension schemes (England & Wales): 1987 Scheme; Transfer values and pension sharing on divorce; Factors and guidance, dated 10 December 2020
A18: Date Factors Issued to Client | B18: ="24 May 2023" -> 24 May 2023
A19: Date Factors Implemented (if known)
A20: Factor Status | B20: =INDEX('Factor List'!$O:$O,MATCH(B$15,'Factor List'!$J:$J,0)) -> Issued
B22: =HYPERLINK("#'Factor List'!A1","Back to Factor List") -> Back to Factor List
A25: Months/Age | B25: 25 | C25: 26 | D25: 27 | E25: 28 | F25: 29 | G25: 30 | H25: 31 | I25: 32 | J25: 33 | K25: 34 | L25: 35 | M25: 36 | N25: 37 | O25: 38 | P25: 39 | Q25: 40 | R25: 41 | S25: 42 | T25: 43 | U25: 44 | V25: 45 | W25: 46 | X25: 47 | Y25: 48 | Z25: 49 | AA25: 50 | AB25: 51 | AC25: 52 | AD25: 53 | AE25: 54 | AF25: 55 | AG25: 56 | AH25: 57 | AI25: 58 | AJ25: 59 | AK25: 60 | AL25: 61 | AM25: 62 | AN25: 63 | AO25: 64 | AP25: 65
A26: 0 | B26: 1579 | C26: 1521 | D26: 1466 | E26: 1413 | F26: 1361 | G26: 1312 | H26: 1264 | I26: 1218 | J26: 1173 | K26: 1131 | L26: 1089 | M26: 1049 | N26: 1011 | O26: 974 | P26: 938 | Q26: 904 | R26: 871 | S26: 838 | T26: 807 | U26: 778 | V26: 749 | W26: 721 | X26: 694 | Y26: 668 | Z26: 643 | AA26: 619 | AB26: 596 | AC26: 573 | AD26: 552 | AE26: 531 | AF26: 511 | AG26: 491 | AH26: 473 | AI26: 454 | AJ26: 437 | AK26: 420 | AL26: 404 | AM26: 388 | AN26: 372 | AO26: 357 | AP26: 343
A27: 1 | B27: 1574 | C27: 1517 | D27: 1462 | E27: 1408 | F27: 1357 | G27: 1308 | H27: 1260 | I27: 1214 | J27: 1170 | K27: 1127 | L27: 1086 | M27: 1046 | N27: 1008 | O27: 971 | P27: 935 | Q27: 901 | R27: 868 | S27: 836 | T27: 805 | U27: 775 | V27: 746 | W27: 719 | X27: 692 | Y27: 666 | Z27: 641 | AA27: 617 | AB27: 594 | AC27: 572 | AD27: 550 | AE27: 529 | AF27: 509 | AG27: 490 | AH27: 471 | AI27: 453 | AJ27: 435 | AK27: 419 | AL27: 402 | AM27: 386 | AN27: 371 | AO27: 356
A28: 2 | B28: 1569 | C28: 1512 | D28: 1457 | E28: 1404 | F28: 1353 | G28: 1304 | H28: 1256 | I28: 1210 | J28: 1166 | K28: 1124 | L28: 1083 | M28: 1043 | N28: 1005 | O28: 968 | P28: 932 | Q28: 898 | R28: 865 | S28: 833 | T28: 802 | U28: 773 | V28: 744 | W28: 717 | X28: 690 | Y28: 664 | Z28: 639 | AA28: 615 | AB28: 592 | AC28: 570 | AD28: 548 | AE28: 528 | AF28: 508 | AG28: 488 | AH28: 470 | AI28: 451 | AJ28: 434 | AK28: 417 | AL28: 401 | AM28: 385 | AN28: 370 | AO28: 355
A29: 3 | B29: 1564 | C29: 1507 | D29: 1453 | E29: 1400 | F29: 1349 | G29: 1300 | H29: 1252 | I29: 1207 | J29: 1163 | K29: 1120 | L29: 1079 | M29: 1040 | N29: 1002 | O29: 965 | P29: 930 | Q29: 895 | R29: 862 | S29: 831 | T29: 800 | U29: 770 | V29: 742 | W29: 714 | X29: 688 | Y29: 662 | Z29: 637 | AA29: 613 | AB29: 590 | AC29: 568 | AD29: 547 | AE29: 526 | AF29: 506 | AG29: 487 | AH29: 468 | AI29: 450 | AJ29: 433 | AK29: 416 | AL29: 400 | AM29: 384 | AN29: 368 | AO29: 354
A30: 4 | B30: 1559 | C30: 1503 | D30: 1448 | E30: 1396 | F30: 1345 | G30: 1296 | H30: 1249 | I30: 1203 | J30: 1159 | K30: 1117 | L30: 1076 | M30: 1037 | N30: 999 | O30: 962 | P30: 927 | Q30: 893 | R30: 860 | S30: 828 | T30: 798 | U30: 768 | V30: 740 | W30: 712 | X30: 686 | Y30: 660 | Z30: 635 | AA30: 611 | AB30: 588 | AC30: 566 | AD30: 545 | AE30: 524 | AF30: 504 | AG30: 485 | AH30: 467 | AI30: 449 | AJ30: 431 | AK30: 414 | AL30: 398 | AM30: 382 | AN30: 367 | AO30: 352
A31: 5 | B31: 1555 | C31: 1498 | D31: 1444 | E31: 1391 | F31: 1341 | G31: 1292 | H31: 1245 | I31: 1199 | J31: 1156 | K31: 1113 | L31: 1073 | M31: 1033 | N31: 996 | O31: 959 | P31: 924 | Q31: 890 | R31: 857 | S31: 826 | T31: 795 | U31: 766 | V31: 737 | W31: 710 | X31: 683 | Y31: 658 | Z31: 633 | AA31: 609 | AB31: 587 | AC31: 564 | AD31: 543 | AE31: 523 | AF31: 503 | AG31: 484 | AH31: 465 | AI31: 447 | AJ31: 430 | AK31: 413 | AL31: 397 | AM31: 381 | AN31: 366 | AO31: 351
A32: 6 | B32: 1550 | C32: 1494 | D32: 1439 | E32: 1387 | F32: 1337 | G32: 1288 | H32: 1241 | I32: 1196 | J32: 1152 | K32: 1110 | L32: 1069 | M32: 1030 | N32: 992 | O32: 956 | P32: 921 | Q32: 887 | R32: 854 | S32: 823 | T32: 793 | U32: 763 | V32: 735 | W32: 708 | X32: 681 | Y32: 656 | Z32: 631 | AA32: 608 | AB32: 585 | AC32: 563 | AD32: 541 | AE32: 521 | AF32: 501 | AG32: 482 | AH32: 463 | AI32: 446 | AJ32: 428 | AK32: 412 | AL32: 396 | AM32: 380 | AN32: 365 | AO32: 350
A33: 7 | B33: 1545 | C33: 1489 | D33: 1435 | E33: 1383 | F33: 1332 | G33: 1284 | H33: 1237 | I33: 1192 | J33: 1148 | K33: 1106 | L33: 1066 | M33: 1027 | N33: 989 | O33: 953 | P33: 918 | Q33: 884 | R33: 852 | S33: 820 | T33: 790 | U33: 761 | V33: 733 | W33: 705 | X33: 679 | Y33: 654 | Z33: 629 | AA33: 606 | AB33: 583 | AC33: 561 | AD33: 540 | AE33: 519 | AF33: 499 | AG33: 480 | AH33: 462 | AI33: 444 | AJ33: 427 | AK33: 410 | AL33: 394 | AM33: 379 | AN33: 364 | AO33: 349
A34: 8 | B34: 1540 | C34: 1484 | D34: 1430 | E34: 1378 | F34: 1328 | G34: 1280 | H34: 1233 | I34: 1188 | J34: 1145 | K34: 1103 | L34: 1063 | M34: 1024 | N34: 986 | O34: 950 | P34: 915 | Q34: 882 | R34: 849 | S34: 818 | T34: 788 | U34: 758 | V34: 730 | W34: 703 | X34: 677 | Y34: 652 | Z34: 627 | AA34: 604 | AB34: 581 | AC34: 559 | AD34: 538 | AE34: 517 | AF34: 498 | AG34: 479 | AH34: 460 | AI34: 443 | AJ34: 426 | AK34: 409 | AL34: 393 | AM34: 377 | AN34: 362 | AO34: 348
A35: 9 | B35: 1536 | C35: 1480 | D35: 1426 | E35: 1374 | F35: 1324 | G35: 1276 | H35: 1229 | I35: 1185 | J35: 1141 | K35: 1100 | L35: 1059 | M35: 1021 | N35: 983 | O35: 947 | P35: 912 | Q35: 879 | R35: 846 | S35: 815 | T35: 785 | U35: 756 | V35: 728 | W35: 701 | X35: 675 | Y35: 650 | Z35: 625 | AA35: 602 | AB35: 579 | AC35: 557 | AD35: 536 | AE35: 516 | AF35: 496 | AG35: 477 | AH35: 459 | AI35: 441 | AJ35: 424 | AK35: 408 | AL35: 392 | AM35: 376 | AN35: 361 | AO35: 346
A36: 10 | B36: 1531 | C36: 1475 | D36: 1422 | E36: 1370 | F36: 1320 | G36: 1272 | H36: 1226 | I36: 1181 | J36: 1138 | K36: 1096 | L36: 1056 | M36: 1017 | N36: 980 | O36: 944 | P36: 909 | Q36: 876 | R36: 844 | S36: 813 | T36: 783 | U36: 754 | V36: 726 | W36: 699 | X36: 673 | Y36: 647 | Z36: 623 | AA36: 600 | AB36: 577 | AC36: 555 | AD36: 534 | AE36: 514 | AF36: 495 | AG36: 476 | AH36: 457 | AI36: 440 | AJ36: 423 | AK36: 406 | AL36: 390 | AM36: 375 | AN36: 360 | AO36: 345
A37: 11 | B37: 1526 | C37: 1471 | D37: 1417 | E37: 1366 | F37: 1316 | G37: 1268 | H37: 1222 | I37: 1177 | J37: 1134 | K37: 1093 | L37: 1053 | M37: 1014 | N37: 977 | O37: 941 | P37: 907 | Q37: 873 | R37: 841 | S37: 810 | T37: 780 | U37: 751 | V37: 723 | W37: 696 | X37: 670 | Y37: 645 | Z37: 621 | AA37: 598 | AB37: 575 | AC37: 554 | AD37: 533 | AE37: 512 | AF37: 493 | AG37: 474 | AH37: 456 | AI37: 438 | AJ37: 421 | AK37: 405 | AL37: 389 | AM37: 374 | AN37: 359 | AO37: 344

Sheet S1 (325)
A1: Government Actuary's Department
A2: =IF(title="> Enter workbook title here","Enter workbook title in Cover sheet",title) -> Police_EW - Consolidated Factor Spreadsheet
A3: =TABLE_FACTOR_TYPE&" - x-"&TABLE_SERIES_NUMBER -> Pension Debit - x-325
A6: Data Item | B6: Factor Table Information
A7: Client | B7: Police_EW
A8: Section | B8: 1987
A9: Factor Type | B9: Pension Debit
A10: Description | B10: Factors for calculating the pension debit retirement timing factor - normal health
A11: Gender | B11: Unisex
A12: Factor Age/Period Definition | B12: Age (Years/Months)
A13: Section Number | B13: 2
A14: Series Number | B14: 325
A15: Table Reference | B15: 2-325
A16: Table Reference in Guidance | B16: Table S1
A17: Associated Guidance Note | B17: =INDEX('Factor List'!$L:$L,MATCH(B$15,'Factor List'!$J:$J,0)) -> Police pension schemes (England & Wales): 1987 Scheme; Transfer values and pension sharing on divorce; Factors and guidance, dated 10 December 2020
A18: Date Factors Issued to Client | B18: ="24 May 2023" -> 24 May 2023
A19: Date Factors Implemented (if known)
A20: Factor Status | B20: =INDEX('Factor List'!$O:$O,MATCH(B$15,'Factor List'!$J:$J,0)) -> Issued
B22: =HYPERLINK("#'Factor List'!A1","Back to Factor List") -> Back to Factor List
A25: Months/Age | B25: 48 | C25: 49 | D25: 50 | E25: 51 | F25: 52 | G25: 53 | H25: 54 | I25: 55 | J25: 56 | K25: 57 | L25: 58 | M25: 59 | N25: 60 | O25: 61 | P25: 62 | Q25: 63 | R25: 64 | S25: 65
A26: 0 | B26: 21.73 | C26: 22.09 | D26: 22.46 | E26: 22.83 | F26: 23.21 | G26: 23.6 | H26: 24 | I26: 24.42 | J26: 24.84 | K26: 25.27 | L26: 25.72 | M26: 26.17 | N26: 26.63 | O26: 27.11 | P26: 27.6 | Q26: 28.11 | R26: 28.62 | S26: 29.16
A27: 1 | B27: 21.76 | C27: 22.12 | D27: 22.49 | E27: 22.86 | F27: 23.24 | G27: 23.64 | H27: 24.04 | I27: 24.45 | J27: 24.88 | K27: 25.31 | L27: 25.75 | M27: 26.21 | N27: 26.67 | O27: 27.15 | P27: 27.64 | Q27: 28.15 | R27: 28.67
A28: 2 | B28: 21.79 | C28: 22.15 | D28: 22.52 | E28: 22.89 | F28: 23.28 | G28: 23.67 | H28: 24.07 | I28: 24.49 | J28: 24.91 | K28: 25.35 | L28: 25.79 | M28: 26.25 | N28: 26.71 | O28: 27.19 | P28: 27.69 | Q28: 28.19 | R28: 28.71
A29: 3 | B29: 21.82 | C29: 22.18 | D29: 22.55 | E29: 22.92 | F29: 23.31 | G29: 23.7 | H29: 24.11 | I29: 24.52 | J29: 24.95 | K29: 25.38 | L29: 25.83 | M29: 26.29 | N29: 26.75 | O29: 27.23 | P29: 27.73 | Q29: 28.24 | R29: 28.76
A30: 4 | B30: 21.85 | C30: 22.21 | D30: 22.58 | E30: 22.96 | F30: 23.34 | G30: 23.74 | H30: 24.14 | I30: 24.56 | J30: 24.98 | K30: 25.42 | L30: 25.87 | M30: 26.32 | N30: 26.79 | O30: 27.27 | P30: 27.77 | Q30: 28.28 | R30: 28.8
A31: 5 | B31: 21.88 | C31: 22.24 | D31: 22.61 | E31: 22.99 | F31: 23.37 | G31: 23.77 | H31: 24.18 | I31: 24.59 | J31: 25.02 | K31: 25.46 | L31: 25.9 | M31: 26.36 | N31: 26.83 | O31: 27.32 | P31: 27.81 | Q31: 28.32 | R31: 28.85
A32: 6 | B32: 21.91 | C32: 22.27 | D32: 22.64 | E32: 23.02 | F32: 23.41 | G32: 23.8 | H32: 24.21 | I32: 24.63 | J32: 25.06 | K32: 25.49 | L32: 25.94 | M32: 26.4 | N32: 26.87 | O32: 27.36 | P32: 27.85 | Q32: 28.36 | R32: 28.89
A33: 7 | B33: 21.94 | C33: 22.3 | D33: 22.67 | E33: 23.05 | F33: 23.44 | G33: 23.84 | H33: 24.25 | I33: 24.66 | J33: 25.09 | K33: 25.53 | L33: 25.98 | M33: 26.44 | N33: 26.91 | O33: 27.4 | P33: 27.9 | Q33: 28.41 | R33: 28.94
A34: 8 | B34: 21.97 | C34: 22.33 | D34: 22.7 | E34: 23.08 | F34: 23.47 | G34: 23.87 | H34: 24.28 | I34: 24.7 | J34: 25.13 | K34: 25.57 | L34: 26.02 | M34: 26.48 | N34: 26.95 | O34: 27.44 | P34: 27.94 | Q34: 28.45 | R34: 28.98
A35: 9 | B35: 22 | C35: 22.36 | D35: 22.74 | E35: 23.12 | F35: 23.5 | G35: 23.9 | H35: 24.31 | I35: 24.73 | J35: 25.16 | K35: 25.6 | L35: 26.06 | M35: 26.52 | N35: 26.99 | O35: 27.48 | P35: 27.98 | Q35: 28.49 | R35: 29.03
A36: 10 | B36: 22.03 | C36: 22.39 | D36: 22.77 | E36: 23.15 | F36: 23.54 | G36: 23.94 | H36: 24.35 | I36: 24.77 | J36: 25.2 | K36: 25.64 | L36: 26.09 | M36: 26.56 | N36: 27.03 | O36: 27.52 | P36: 28.02 | Q36: 28.54 | R36: 29.07
A37: 11 | B37: 22.06 | C37: 22.42 | D37: 22.8 | E37: 23.18 | F37: 23.57 | G37: 23.97 | H37: 24.38 | I37: 24.8 | J37: 25.24 | K37: 25.68 | L37: 26.13 | M37: 26.6 | N37: 27.07 | O37: 27.56 | P37: 28.06 | Q37: 28.58 | R37: 29.11

Sheet S2 (326)
A1: Government Actuary's Department
A2: =IF(title="> Enter workbook title here","Enter workbook title in Cover sheet",title) -> Police_EW - Consolidated Factor Spreadsheet
A3: =TABLE_FACTOR_TYPE&" - x-"&TABLE_SERIES_NUMBER -> Pension Debit - x-326
A6: Data Item | B6: Factor Table Information
A7: Client | B7: Police_EW
A8: Section | B8: 1987
A9: Factor Type | B9: Pension Debit
A10: Description | B10: Factors for calculating the pension debit retirement timing factor - ill health
A11: Gender | B11: Unisex
A12: Factor Age/Period Definition | B12: Age (Years/Months)
A13: Section Number | B13: 2
A14: Series Number | B14: 326
A15: Table Reference | B15: 2-326
A16: Table Reference in Guidance | B16: Table S2
A17: Associated Guidance Note | B17: =INDEX('Factor List'!$L:$L,MATCH(B$15,'Factor List'!$J:$J,0)) -> Police pension schemes (England & Wales): 1987 Scheme; Transfer values and pension sharing on divorce; Factors and guidance, dated 10 December 2020
A18: Date Factors Issued to Client | B18: ="24 May 2023" -> 24 May 2023
A19: Date Factors Implemented (if known)
A20: Factor Status | B20: =INDEX('Factor List'!$O:$O,MATCH(B$15,'Factor List'!$J:$J,0)) -> Issued
B22: =HYPERLINK("#'Factor List'!A1","Back to Factor List") -> Back to Factor List
A25: Months/Age | B25: 25 | C25: 26 | D25: 27 | E25: 28 | F25: 29 | G25: 30 | H25: 31 | I25: 32 | J25: 33 | K25: 34 | L25: 35 | M25: 36 | N25: 37 | O25: 38 | P25: 39 | Q25: 40 | R25: 41 | S25: 42 | T25: 43 | U25: 44 | V25: 45 | W25: 46 | X25: 47 | Y25: 48 | Z25: 49 | AA25: 50 | AB25: 51 | AC25: 52 | AD25: 53 | AE25: 54 | AF25: 55 | AG25: 56 | AH25: 57 | AI25: 58 | AJ25: 59 | AK25: 60 | AL25: 61 | AM25: 62 | AN25: 63 | AO25: 64 | AP25: 65
A26: 0 | B26: 14.32 | C26: 14.53 | D26: 14.75 | E26: 14.96 | F26: 15.18 | G26: 15.41 | H26: 15.64 | I26: 15.87 | J26: 16.11 | K26: 16.35 | L26: 16.59 | M26: 16.84 | N26: 17.1 | O26: 17.36 | P26: 17.62 | Q26: 17.89 | R26: 18.17 | S26: 18.45 | T26: 18.74 | U26: 19.04 | V26: 19.34 | W26: 19.65 | X26: 19.97 | Y26: 20.29 | Z26: 20.63 | AA26: 20.97 | AB26: 21.33 | AC26: 21.69 | AD26: 22.07 | AE26: 22.46 | AF26: 22.86 | AG26: 23.28 | AH26: 23.7 | AI26: 24.14 | AJ26: 24.6 | AK26: 25.06 | AL26: 25.55 | AM26: 26.04 | AN26: 26.56 | AO26: 27.1 | AP26: 27.65
A27: 1 | B27: 14.34 | C27: 14.55 | D27: 14.76 | E27: 14.98 | F27: 15.2 | G27: 15.43 | H27: 15.66 | I27: 15.89 | J27: 16.13 | K27: 16.37 | L27: 16.61 | M27: 16.87 | N27: 17.12 | O27: 17.38 | P27: 17.65 | Q27: 17.92 | R27: 18.19 | S27: 18.48 | T27: 18.77 | U27: 19.06 | V27: 19.37 | W27: 19.68 | X27: 19.99 | Y27: 20.32 | Z27: 20.66 | AA27: 21 | AB27: 21.36 | AC27: 21.73 | AD27: 22.1 | AE27: 22.49 | AF27: 22.9 | AG27: 23.31 | AH27: 23.74 | AI27: 24.18 | AJ27: 24.64 | AK27: 25.1 | AL27: 25.59 | AM27: 26.09 | AN27: 26.61 | AO27: 27.14
A28: 2 | B28: 14.36 | C28: 14.57 | D28: 14.78 | E28: 15 | F28: 15.22 | G28: 15.45 | H28: 15.68 | I28: 15.91 | J28: 16.15 | K28: 16.39 | L28: 16.64 | M28: 16.89 | N28: 17.14 | O28: 17.4 | P28: 17.67 | Q28: 17.94 | R28: 18.22 | S28: 18.5 | T28: 18.79 | U28: 19.09 | V28: 19.39 | W28: 19.7 | X28: 20.02 | Y28: 20.35 | Z28: 20.69 | AA28: 21.03 | AB28: 21.39 | AC28: 21.76 | AD28: 22.14 | AE28: 22.53 | AF28: 22.93 | AG28: 23.35 | AH28: 23.78 | AI28: 24.22 | AJ28: 24.67 | AK28: 25.14 | AL28: 25.63 | AM28: 26.13 | AN28: 26.65 | AO28: 27.19
A29: 3 | B29: 14.38 | C29: 14.59 | D29: 14.8 | E29: 15.02 | F29: 15.24 | G29: 15.47 | H29: 15.7 | I29: 15.93 | J29: 16.17 | K29: 16.41 | L29: 16.66 | M29: 16.91 | N29: 17.16 | O29: 17.43 | P29: 17.69 | Q29: 17.96 | R29: 18.24 | S29: 18.52 | T29: 18.82 | U29: 19.11 | V29: 19.42 | W29: 19.73 | X29: 20.05 | Y29: 20.38 | Z29: 20.72 | AA29: 21.06 | AB29: 21.42 | AC29: 21.79 | AD29: 22.17 | AE29: 22.56 | AF29: 22.97 | AG29: 23.38 | AH29: 23.81 | AI29: 24.26 | AJ29: 24.71 | AK29: 25.18 | AL29: 25.67 | AM29: 26.17 | AN29: 26.69 | AO29: 27.23
A30: 4 | B30: 14.39 | C30: 14.6 | D30: 14.82 | E30: 15.04 | F30: 15.26 | G30: 15.49 | H30: 15.72 | I30: 15.95 | J30: 16.19 | K30: 16.43 | L30: 16.68 | M30: 16.93 | N30: 17.19 | O30: 17.45 | P30: 17.71 | Q30: 17.99 | R30: 18.26 | S30: 18.55 | T30: 18.84 | U30: 19.14 | V30: 19.44 | W30: 19.76 | X30: 20.08 | Y30: 20.41 | Z30: 20.74 | AA30: 21.09 | AB30: 21.45 | AC30: 21.82 | AD30: 22.2 | AE30: 22.59 | AF30: 23 | AG30: 23.42 | AH30: 23.85 | AI30: 24.29 | AJ30: 24.75 | AK30: 25.22 | AL30: 25.71 | AM30: 26.22 | AN30: 26.74 | AO30: 27.28
A31: 5 | B31: 14.41 | C31: 14.62 | D31: 14.84 | E31: 15.06 | F31: 15.28 | G31: 15.5 | H31: 15.73 | I31: 15.97 | J31: 16.21 | K31: 16.45 | L31: 16.7 | M31: 16.95 | N31: 17.21 | O31: 17.47 | P31: 17.74 | Q31: 18.01 | R31: 18.29 | S31: 18.57 | T31: 18.86 | U31: 19.16 | V31: 19.47 | W31: 19.78 | X31: 20.1 | Y31: 20.43 | Z31: 20.77 | AA31: 21.12 | AB31: 21.48 | AC31: 21.85 | AD31: 22.23 | AE31: 22.63 | AF31: 23.04 | AG31: 23.46 | AH31: 23.89 | AI31: 24.33 | AJ31: 24.79 | AK31: 25.26 | AL31: 25.75 | AM31: 26.26 | AN31: 26.78 | AO31: 27.33
A32: 6 | B32: 14.43 | C32: 14.64 | D32: 14.86 | E32: 15.07 | F32: 15.3 | G32: 15.52 | H32: 15.75 | I32: 15.99 | J32: 16.23 | K32: 16.47 | L32: 16.72 | M32: 16.97 | N32: 17.23 | O32: 17.49 | P32: 17.76 | Q32: 18.03 | R32: 18.31 | S32: 18.6 | T32: 18.89 | U32: 19.19 | V32: 19.49 | W32: 19.81 | X32: 20.13 | Y32: 20.46 | Z32: 20.8 | AA32: 21.15 | AB32: 21.51 | AC32: 21.88 | AD32: 22.27 | AE32: 22.66 | AF32: 23.07 | AG32: 23.49 | AH32: 23.92 | AI32: 24.37 | AJ32: 24.83 | AK32: 25.3 | AL32: 25.8 | AM32: 26.3 | AN32: 26.83 | AO32: 27.37
A33: 7 | B33: 14.45 | C33: 14.66 | D33: 14.87 | E33: 15.09 | F33: 15.32 | G33: 15.54 | H33: 15.77 | I33: 16.01 | J33: 16.25 | K33: 16.49 | L33: 16.74 | M33: 16.99 | N33: 17.25 | O33: 17.51 | P33: 17.78 | Q33: 18.06 | R33: 18.34 | S33: 18.62 | T33: 18.91 | U33: 19.21 | V33: 19.52 | W33: 19.83 | X33: 20.16 | Y33: 20.49 | Z33: 20.83 | AA33: 21.18 | AB33: 21.54 | AC33: 21.91 | AD33: 22.3 | AE33: 22.69 | AF33: 23.1 | AG33: 23.53 | AH33: 23.96 | AI33: 24.41 | AJ33: 24.87 | AK33: 25.35 | AL33: 25.84 | AM33: 26.35 | AN33: 26.87 | AO33: 27.42
A34: 8 | B34: 14.46 | C34: 14.68 | D34: 14.89 | E34: 15.11 | F34: 15.33 | G34: 15.56 | H34: 15.79 | I34: 16.03 | J34: 16.27 | K34: 16.51 | L34: 16.76 | M34: 17.01 | N34: 17.27 | O34: 17.54 | P34: 17.8 | Q34: 18.08 | R34: 18.36 | S34: 18.65 | T34: 18.94 | U34: 19.24 | V34: 19.55 | W34: 19.86 | X34: 20.18 | Y34: 20.52 | Z34: 20.86 | AA34: 21.21 | AB34: 21.57 | AC34: 21.95 | AD34: 22.33 | AE34: 22.73 | AF34: 23.14 | AG34: 23.56 | AH34: 24 | AI34: 24.45 | AJ34: 24.91 | AK34: 25.39 | AL34: 25.88 | AM34: 26.39 | AN34: 26.92 | AO34: 27.46
A35: 9 | B35: 14.48 | C35: 14.69 | D35: 14.91 | E35: 15.13 | F35: 15.35 | G35: 15.58 | H35: 15.81 | I35: 16.05 | J35: 16.29 | K35: 16.53 | L35: 16.78 | M35: 17.04 | N35: 17.29 | O35: 17.56 | P35: 17.83 | Q35: 18.1 | R35: 18.38 | S35: 18.67 | T35: 18.96 | U35: 19.26 | V35: 19.57 | W35: 19.89 | X35: 20.21 | Y35: 20.55 | Z35: 20.89 | AA35: 21.24 | AB35: 21.6 | AC35: 21.98 | AD35: 22.36 | AE35: 22.76 | AF35: 23.17 | AG35: 23.6 | AH35: 24.03 | AI35: 24.48 | AJ35: 24.95 | AK35: 25.43 | AL35: 25.92 | AM35: 26.43 | AN35: 26.96 | AO35: 27.51
A36: 10 | B36: 14.5 | C36: 14.71 | D36: 14.93 | E36: 15.15 | F36: 15.37 | G36: 15.6 | H36: 15.83 | I36: 16.07 | J36: 16.31 | K36: 16.55 | L36: 16.8 | M36: 17.06 | N36: 17.32 | O36: 17.58 | P36: 17.85 | Q36: 18.12 | R36: 18.41 | S36: 18.69 | T36: 18.99 | U36: 19.29 | V36: 19.6 | W36: 19.91 | X36: 20.24 | Y36: 20.57 | Z36: 20.92 | AA36: 21.27 | AB36: 21.63 | AC36: 22.01 | AD36: 22.39 | AE36: 22.8 | AF36: 23.21 | AG36: 23.63 | AH36: 24.07 | AI36: 24.52 | AJ36: 24.99 | AK36: 25.47 | AL36: 25.96 | AM36: 26.47 | AN36: 27.01 | AO36: 27.56
A37: 11 | B37: 14.52 | C37: 14.73 | D37: 14.95 | E37: 15.17 | F37: 15.39 | G37: 15.62 | H37: 15.85 | I37: 16.09 | J37: 16.33 | K37: 16.57 | L37: 16.82 | M37: 17.08 | N37: 17.34 | O37: 17.6 | P37: 17.87 | Q37: 18.15 | R37: 18.43 | S37: 18.72 | T37: 19.01 | U37: 19.31 | V37: 19.62 | W37: 19.94 | X37: 20.27 | Y37: 20.6 | Z37: 20.95 | AA37: 21.3 | AB37: 21.66 | AC37: 22.04 | AD37: 22.43 | AE37: 22.83 | AF37: 23.24 | AG37: 23.67 | AH37: 24.11 | AI37: 24.56 | AJ37: 25.02 | AK37: 25.51 | AL37: 26 | AM37: 26.52 | AN37: 27.05 | AO37: 27.6

Sheet T1 (327)
A1: Government Actuary's Department
A2: =IF(title="> Enter workbook title here","Enter workbook title in Cover sheet",title) -> Police_EW - Consolidated Factor Spreadsheet
A3: =TABLE_FACTOR_TYPE&" - x-"&TABLE_SERIES_NUMBER -> Pension Debit - x-327
A6: Data Item | B6: Factor Table Information
A7: Client | B7: Police_EW
A8: Section | B8: 1987
A9: Factor Type | B9: Pension Debit
A10: Description | B10: Factors for calculating the pension debit retirement timing factor - normal health
A11: Gender | B11: Unisex
A12: Factor Age/Period Definition | B12: Age (Years/Months)
A13: Section Number | B13: 2
A14: Series Number | B14: 327
A15: Table Reference | B15: 2-327
A16: Table Reference in Guidance | B16: Table T1
A17: Associated Guidance Note | B17: =INDEX('Factor List'!$L:$L,MATCH(B$15,'Factor List'!$J:$J,0)) -> Police pension schemes (England & Wales): 1987 Scheme; Transfer values and pension sharing on divorce; Factors and guidance, dated 10 December 2020
A18: Date Factors Issued to Client | B18: ="24 May 2023" -> 24 May 2023
A19: Date Factors Implemented (if known)
A20: Factor Status | B20: =INDEX('Factor List'!$O:$O,MATCH(B$15,'Factor List'!$J:$J,0)) -> Issued
B22: =HYPERLINK("#'Factor List'!A1","Back to Factor List") -> Back to Factor List
A25: Months/Age | B25: 48 | C25: 49 | D25: 50 | E25: 51 | F25: 52 | G25: 53 | H25: 54 | I25: 55 | J25: 56 | K25: 57 | L25: 58 | M25: 59 | N25: 60
A26: 0 | B26: 17.55 | C26: 17.83 | D26: 18.12 | E26: 18.41 | F26: 18.71 | G26: 19.02 | H26: 19.33 | I26: 19.65 | J26: 19.98 | K26: 20.33 | L26: 20.68 | M26: 21.04 | N26: 21.42
A27: 1 | B27: 17.58 | C27: 17.86 | D27: 18.14 | E27: 18.43 | F27: 18.73 | G27: 19.04 | H27: 19.36 | I27: 19.68 | J27: 20.01 | K27: 20.35 | L27: 20.71 | M27: 21.07
A28: 2 | B28: 17.6 | C28: 17.88 | D28: 18.17 | E28: 18.46 | F28: 18.76 | G28: 19.07 | H28: 19.38 | I28: 19.71 | J28: 20.04 | K28: 20.38 | L28: 20.74 | M28: 21.1
A29: 3 | B29: 17.62 | C29: 17.9 | D29: 18.19 | E29: 18.48 | F29: 18.79 | G29: 19.09 | H29: 19.41 | I29: 19.74 | J29: 20.07 | K29: 20.41 | L29: 20.77 | M29: 21.14
A30: 4 | B30: 17.65 | C30: 17.93 | D30: 18.21 | E30: 18.51 | F30: 18.81 | G30: 19.12 | H30: 19.44 | I30: 19.76 | J30: 20.1 | K30: 20.44 | L30: 20.8 | M30: 21.17
A31: 5 | B31: 17.67 | C31: 17.95 | D31: 18.24 | E31: 18.53 | F31: 18.84 | G31: 19.15 | H31: 19.46 | I31: 19.79 | J31: 20.13 | K31: 20.47 | L31: 20.83 | M31: 21.2
A32: 6 | B32: 17.69 | C32: 17.97 | D32: 18.26 | E32: 18.56 | F32: 18.86 | G32: 19.17 | H32: 19.49 | I32: 19.82 | J32: 20.16 | K32: 20.5 | L32: 20.86 | M32: 21.23
A33: 7 | B33: 17.72 | C33: 18 | D33: 18.29 | E33: 18.58 | F33: 18.89 | G33: 19.2 | H33: 19.52 | I33: 19.85 | J33: 20.18 | K33: 20.53 | L33: 20.89 | M33: 21.26
A34: 8 | B34: 17.74 | C34: 18.02 | D34: 18.31 | E34: 18.61 | F34: 18.91 | G34: 19.23 | H34: 19.55 | I34: 19.87 | J34: 20.21 | K34: 20.56 | L34: 20.92 | M34: 21.29
A35: 9 | B35: 17.76 | C35: 18.05 | D35: 18.34 | E35: 18.63 | F35: 18.94 | G35: 19.25 | H35: 19.57 | I35: 19.9 | J35: 20.24 | K35: 20.59 | L35: 20.95 | M35: 21.32
A36: 10 | B36: 17.79 | C36: 18.07 | D36: 18.36 | E36: 18.66 | F36: 18.96 | G36: 19.28 | H36: 19.6 | I36: 19.93 | J36: 20.27 | K36: 20.62 | L36: 20.98 | M36: 21.35
A37: 11 | B37: 17.81 | C37: 18.09 | D37: 18.39 | E37: 18.68 | F37: 18.99 | G37: 19.3 | H37: 19.63 | I37: 19.96 | J37: 20.3 | K37: 20.65 | L37: 21.01 | M37: 21.39

Sheet T2 (328)
A1: Government Actuary's Department
A2: =IF(title="> Enter workbook title here","Enter workbook title in Cover sheet",title) -> Police_EW - Consolidated Factor Spreadsheet
A3: =TABLE_FACTOR_TYPE&" - x-"&TABLE_SERIES_NUMBER -> Pension Debit - x-328
A6: Data Item | B6: Factor Table Information
A7: Client | B7: Police_EW
A8: Section | B8: 1987
A9: Factor Type | B9: Pension Debit
A10: Description | B10: Factors for calculating the pension debit retirement timing factor - ill health
A11: Gender | B11: Unisex
A12: Factor Age/Period Definition | B12: Age (Years/Months)
A13: Section Number | B13: 2
A14: Series Number | B14: 328
A15: Table Reference | B15: 2-328
A16: Table Reference in Guidance | B16: Table T2
A17: Associated Guidance Note | B17: =INDEX('Factor List'!$L:$L,MATCH(B$15,'Factor List'!$J:$J,0)) -> Police pension schemes (England & Wales): 1987 Scheme; Transfer values and pension sharing on divorce; Factors and guidance, dated 10 December 2020
A18: Date Factors Issued to Client | B18: ="24 May 2023" -> 24 May 2023
A19: Date Factors Implemented (if known)
A20: Factor Status | B20: =INDEX('Factor List'!$O:$O,MATCH(B$15,'Factor List'!$J:$J,0)) -> Issued
B22: =HYPERLINK("#'Factor List'!A1","Back to Factor List") -> Back to Factor List
A25: Months/Age | B25: 25 | C25: 26 | D25: 27 | E25: 28 | F25: 29 | G25: 30 | H25: 31 | I25: 32 | J25: 33 | K25: 34 | L25: 35 | M25: 36 | N25: 37 | O25: 38 | P25: 39 | Q25: 40 | R25: 41 | S25: 42 | T25: 43 | U25: 44 | V25: 45 | W25: 46 | X25: 47 | Y25: 48 | Z25: 49 | AA25: 50 | AB25: 51 | AC25: 52 | AD25: 53 | AE25: 54 | AF25: 55 | AG25: 56 | AH25: 57 | AI25: 58 | AJ25: 59 | AK25: 60
A26: 0 | B26: 11.55 | C26: 11.72 | D26: 11.88 | E26: 12.05 | F26: 12.22 | G26: 12.4 | H26: 12.57 | I26: 12.75 | J26: 12.94 | K26: 13.12 | L26: 13.31 | M26: 13.5 | N26: 13.7 | O26: 13.9 | P26: 14.1 | Q26: 14.31 | R26: 14.52 | S26: 14.74 | T26: 14.96 | U26: 15.19 | V26: 15.42 | W26: 15.66 | X26: 15.9 | Y26: 16.15 | Z26: 16.41 | AA26: 16.67 | AB26: 16.94 | AC26: 17.22 | AD26: 17.51 | AE26: 17.81 | AF26: 18.12 | AG26: 18.43 | AH26: 18.76 | AI26: 19.11 | AJ26: 19.47 | AK26: 19.85
A27: 1 | B27: 11.57 | C27: 11.73 | D27: 11.9 | E27: 12.06 | F27: 12.24 | G27: 12.41 | H27: 12.59 | I27: 12.77 | J27: 12.95 | K27: 13.14 | L27: 13.33 | M27: 13.52 | N27: 13.72 | O27: 13.92 | P27: 14.12 | Q27: 14.33 | R27: 14.54 | S27: 14.76 | T27: 14.98 | U27: 15.21 | V27: 15.44 | W27: 15.68 | X27: 15.92 | Y27: 16.17 | Z27: 16.43 | AA27: 16.7 | AB27: 16.97 | AC27: 17.25 | AD27: 17.54 | AE27: 17.83 | AF27: 18.14 | AG27: 18.46 | AH27: 18.79 | AI27: 19.14 | AJ27: 19.5
A28: 2 | B28: 11.58 | C28: 11.74 | D28: 11.91 | E28: 12.08 | F28: 12.25 | G28: 12.42 | H28: 12.6 | I28: 12.78 | J28: 12.97 | K28: 13.15 | L28: 13.34 | M28: 13.54 | N28: 13.73 | O28: 13.93 | P28: 14.14 | Q28: 14.35 | R28: 14.56 | S28: 14.78 | T28: 15 | U28: 15.23 | V28: 15.46 | W28: 15.7 | X28: 15.94 | Y28: 16.2 | Z28: 16.45 | AA28: 16.72 | AB28: 16.99 | AC28: 17.27 | AD28: 17.56 | AE28: 17.86 | AF28: 18.17 | AG28: 18.49 | AH28: 18.82 | AI28: 19.17 | AJ28: 19.53
A29: 3 | B29: 11.59 | C29: 11.76 | D29: 11.92 | E29: 12.09 | F29: 12.26 | G29: 12.44 | H29: 12.62 | I29: 12.8 | J29: 12.98 | K29: 13.17 | L29: 13.36 | M29: 13.55 | N29: 13.75 | O29: 13.95 | P29: 14.16 | Q29: 14.37 | R29: 14.58 | S29: 14.8 | T29: 15.02 | U29: 15.25 | V29: 15.48 | W29: 15.72 | X29: 15.96 | Y29: 16.22 | Z29: 16.47 | AA29: 16.74 | AB29: 17.01 | AC29: 17.3 | AD29: 17.59 | AE29: 17.88 | AF29: 18.19 | AG29: 18.52 | AH29: 18.85 | AI29: 19.2 | AJ29: 19.56
A30: 4 | B30: 11.61 | C30: 11.77 | D30: 11.94 | E30: 12.11 | F30: 12.28 | G30: 12.45 | H30: 12.63 | I30: 12.81 | J30: 13 | K30: 13.18 | L30: 13.38 | M30: 13.57 | N30: 13.77 | O30: 13.97 | P30: 14.17 | Q30: 14.38 | R30: 14.6 | S30: 14.82 | T30: 15.04 | U30: 15.27 | V30: 15.5 | W30: 15.74 | X30: 15.99 | Y30: 16.24 | Z30: 16.5 | AA30: 16.76 | AB30: 17.04 | AC30: 17.32 | AD30: 17.61 | AE30: 17.91 | AF30: 18.22 | AG30: 18.54 | AH30: 18.88 | AI30: 19.23 | AJ30: 19.6
A31: 5 | B31: 11.62 | C31: 11.78 | D31: 11.95 | E31: 12.12 | F31: 12.29 | G31: 12.47 | H31: 12.65 | I31: 12.83 | J31: 13.01 | K31: 13.2 | L31: 13.39 | M31: 13.59 | N31: 13.78 | O31: 13.99 | P31: 14.19 | Q31: 14.4 | R31: 14.61 | S31: 14.83 | T31: 15.06 | U31: 15.29 | V31: 15.52 | W31: 15.76 | X31: 16.01 | Y31: 16.26 | Z31: 16.52 | AA31: 16.79 | AB31: 17.06 | AC31: 17.34 | AD31: 17.63 | AE31: 17.94 | AF31: 18.25 | AG31: 18.57 | AH31: 18.91 | AI31: 19.26 | AJ31: 19.63
A32: 6 | B32: 11.63 | C32: 11.8 | D32: 11.97 | E32: 12.14 | F32: 12.31 | G32: 12.48 | H32: 12.66 | I32: 12.84 | J32: 13.03 | K32: 13.22 | L32: 13.41 | M32: 13.6 | N32: 13.8 | O32: 14 | P32: 14.21 | Q32: 14.42 | R32: 14.63 | S32: 14.85 | T32: 15.08 | U32: 15.31 | V32: 15.54 | W32: 15.78 | X32: 16.03 | Y32: 16.28 | Z32: 16.54 | AA32: 16.81 | AB32: 17.08 | AC32: 17.37 | AD32: 17.66 | AE32: 17.96 | AF32: 18.27 | AG32: 18.6 | AH32: 18.94 | AI32: 19.29 | AJ32: 19.66
A33: 7 | B33: 11.65 | C33: 11.81 | D33: 11.98 | E33: 12.15 | F33: 12.32 | G33: 12.5 | H33: 12.68 | I33: 12.86 | J33: 13.04 | K33: 13.23 | L33: 13.42 | M33: 13.62 | N33: 13.82 | O33: 14.02 | P33: 14.23 | Q33: 14.44 | R33: 14.65 | S33: 14.87 | T33: 15.1 | U33: 15.32 | V33: 15.56 | W33: 15.8 | X33: 16.05 | Y33: 16.3 | Z33: 16.56 | AA33: 16.83 | AB33: 17.11 | AC33: 17.39 | AD33: 17.68 | AE33: 17.99 | AF33: 18.3 | AG33: 18.63 | AH33: 18.97 | AI33: 19.32 | AJ33: 19.69
A34: 8 | B34: 11.66 | C34: 11.83 | D34: 11.99 | E34: 12.16 | F34: 12.34 | G34: 12.51 | H34: 12.69 | I34: 12.87 | J34: 13.06 | K34: 13.25 | L34: 13.44 | M34: 13.64 | N34: 13.83 | O34: 14.04 | P34: 14.24 | Q34: 14.45 | R34: 14.67 | S34: 14.89 | T34: 15.11 | U34: 15.34 | V34: 15.58 | W34: 15.82 | X34: 16.07 | Y34: 16.32 | Z34: 16.58 | AA34: 16.85 | AB34: 17.13 | AC34: 17.41 | AD34: 17.71 | AE34: 18.01 | AF34: 18.33 | AG34: 18.65 | AH34: 18.99 | AI34: 19.35 | AJ34: 19.72
A35: 9 | B35: 11.67 | C35: 11.84 | D35: 12.01 | E35: 12.18 | F35: 12.35 | G35: 12.53 | H35: 12.71 | I35: 12.89 | J35: 13.07 | K35: 13.26 | L35: 13.46 | M35: 13.65 | N35: 13.85 | O35: 14.05 | P35: 14.26 | Q35: 14.47 | R35: 14.69 | S35: 14.91 | T35: 15.13 | U35: 15.36 | V35: 15.6 | W35: 15.84 | X35: 16.09 | Y35: 16.34 | Z35: 16.61 | AA35: 16.88 | AB35: 17.15 | AC35: 17.44 | AD35: 17.73 | AE35: 18.04 | AF35: 18.35 | AG35: 18.68 | AH35: 19.02 | AI35: 19.38 | AJ35: 19.75
A36: 10 | B36: 11.69 | C36: 11.85 | D36: 12.02 | E36: 12.19 | F36: 12.37 | G36: 12.54 | H36: 12.72 | I36: 12.9 | J36: 13.09 | K36: 13.28 | L36: 13.47 | M36: 13.67 | N36: 13.87 | O36: 14.07 | P36: 14.28 | Q36: 14.49 | R36: 14.71 | S36: 14.93 | T36: 15.15 | U36: 15.38 | V36: 15.62 | W36: 15.86 | X36: 16.11 | Y36: 16.37 | Z36: 16.63 | AA36: 16.9 | AB36: 17.18 | AC36: 17.46 | AD36: 17.76 | AE36: 18.06 | AF36: 18.38 | AG36: 18.71 | AH36: 19.05 | AI36: 19.41 | AJ36: 19.78
A37: 11 | B37: 11.7 | C37: 11.87 | D37: 12.04 | E37: 12.21 | F37: 12.38 | G37: 12.56 | H37: 12.74 | I37: 12.92 | J37: 13.11 | K37: 13.3 | L37: 13.49 | M37: 13.68 | N37: 13.88 | O37: 14.09 | P37: 14.3 | Q37: 14.51 | R37: 14.72 | S37: 14.94 | T37: 15.17 | U37: 15.4 | V37: 15.64 | W37: 15.88 | X37: 16.13 | Y37: 16.39 | Z37: 16.65 | AA37: 16.92 | AB37: 17.2 | AC37: 17.49 | AD37: 17.78 | AE37: 18.09 | AF37: 18.41 | AG37: 18.74 | AH37: 19.08 | AI37: 19.44 | AJ37: 19.82

Sheet U1 (329)
A1: Government Actuary's Department
A2: =IF(title="> Enter workbook title here","Enter workbook title in Cover sheet",title) -> Police_EW - Consolidated Factor Spreadsheet
A3: =TABLE_FACTOR_TYPE&" - x-"&TABLE_SERIES_NUMBER -> Pension Debit - x-329
A6: Data Item | B6: Factor Table Information
A7: Client | B7: Police_EW
A8: Section | B8: 1987
A9: Factor Type | B9: Pension Debit
A10: Description | B10: Factors for calculating the pension debit retirement timing factor - normal health
A11: Gender | B11: Unisex
A12: Factor Age/Period Definition | B12: Age (Years/Months)
A13: Section Number | B13: 2
A14: Series Number | B14: 329
A15: Table Reference | B15: 2-329
A16: Table Reference in Guidance | B16: Table U1
A17: Associated Guidance Note | B17: =INDEX('Factor List'!$L:$L,MATCH(B$15,'Factor List'!$J:$J,0)) -> Police pension schemes (England & Wales): 1987 Scheme; Transfer values and pension sharing on divorce; Factors and guidance, dated 10 December 2020
A18: Date Factors Issued to Client | B18: ="24 May 2023" -> 24 May 2023
A19: Date Factors Implemented (if known)
A20: Factor Status | B20: =INDEX('Factor List'!$O:$O,MATCH(B$15,'Factor List'!$J:$J,0)) -> Issued
B22: =HYPERLINK("#'Factor List'!A1","Back to Factor List") -> Back to Factor List
A25: Months/Age | B25: 55 | C25: 56 | D25: 57 | E25: 58 | F25: 59 | G25: 60 | H25: 61 | I25: 62 | J25: 63 | K25: 64 | L25: 65
A26: 0 | B26: 24.42 | C26: 23.83 | D26: 23.24 | E26: 22.64 | F26: 22.03 | G26: 21.42 | H26: 20.8 | I26: 20.17 | J26: 19.54 | K26: 18.91 | L26: 18.27
A27: 1 | B27: 24.37 | C27: 23.78 | D27: 23.19 | E27: 22.59 | F27: 21.98 | G27: 21.37 | H27: 20.75 | I27: 20.12 | J27: 19.49 | K27: 18.85
A28: 2 | B28: 24.32 | C28: 23.73 | D28: 23.14 | E28: 22.54 | F28: 21.93 | G28: 21.31 | H28: 20.69 | I28: 20.07 | J28: 19.43 | K28: 18.8
